Workbook

Sheet Training Dashboard
B2: Training Dashboard
B4: Learning investment, completion & effectiveness · HR Analytics
D5: Department: | E5: All
B8: ⏱️ Training Hours | G8: ✅ Completion Rate | L8: 📝 Average Training Score | V8: 🎓 Employees Requiring Training
B9: =SUMIFS(Training!$K:$K,Training!$D:$D,IF('Training Dashboard'!$E$5="All","*",'Training Dashboard'!$E$5)) -> 3403 | G9: =IFERROR(COUNTIFS(Training!$D:$D,IF('Training Dashboard'!$E$5="All","*",'Training Dashboard'!$E$5),Training!$L:$L,"Completed")/COUNTIFS(Training!$D:$D,IF('Training Dashboard'!$E$5="All","*",'Training Dashboard'!$E$5)),0) -> 0.57425743 | L9: =IFERROR(AVERAGEIFS(Training!$M:$M,Training!$D:$D,IF('Training Dashboard'!$E$5="All","*",'Training Dashboard'!$E$5)),0) -> 79.109375 | V9: =COUNTIFS(Calc_Training!$C$5:$C$74,1,Calc_Training!$B$5:$B$74,IF('Training Dashboard'!$E$5="All","*",'Training Dashboard'!$E$5)) -> 0
B11: total hours, 2025 | G11: completed ÷ enrolled | L11: out of 100, completed courses | V11: at least one flagged skill

Sheet Training
A1: 📚 TRAINING & DEVELOPMENT
A2: Status: Enrolled | In Progress | Completed | Cancelled | Failed
A3: RecordID | B3: EmpID | C3: EmployeeName | D3: Department | E3: TrainingName | F3: Category | G3: Training Accepted | H3: Provider | I3: StartDate | J3: EndDate | K3: DurationHrs | L3: Status | M3: Score | N3: City | O3: Gender | P3: Employee Status | Q3: Employment Type | R3: AcceptedFlag | S3: CompletedFlag | T3: CompletionRateRow | U3: StartYear | V3: StartQuarter | W3: EndYear | X3: EndQuarter | Y3: ScoreBand | Z3: DurationBand
A4: TR-001 | B4: EMP001 | C4: Ahmed Hassan | D4: Engineering | E4: AWS Solutions Architect | F4: Cloud | G4: Yes | H4: AWS Training | I4: 45566 | J4: 45626 | K4: 40 | L4: Completed | M4: 92 | N4: =IFERROR(VLOOKUP($A4,#REF!,13,FALSE),"") | O4: =IFERROR(VLOOKUP($A4,#REF!,10,FALSE),"") | P4: =IFERROR(VLOOKUP($A4,#REF!,7,FALSE),"") | Q4: =IFERROR(VLOOKUP($A4,#REF!,6,FALSE),"") | R4: =IF(G4="Yes",1,0) -> 1 | S4: =IF(L4="Completed",1,0) -> 1 | T4: =IF(L4="Completed",1,0) -> 1 | U4: =YEAR(I4) -> 2024 | V4: ="Q"&ROUNDUP(MONTH(I4)/3,0) -> Q4 | W4: =YEAR(J4) -> 2024 | X4: ="Q"&ROUNDUP(MONTH(J4)/3,0) -> Q4 | Y4: =IF(M4="","",IF(M4>=90,"Excellent",IF(M4>=80,"Very Good",IF(M4>=70,"Good",IF(M4>=60,"Fair","Needs Improvement"))))) -> Excellent | Z4: =IF(K4="","",IF(K4<20,"Under 20 hrs",IF(K4<40,"20-39 hrs",IF(K4<60,"40-59 hrs","60+ hrs")))) -> 40-59 hrs
A5: TR-002 | B5: EMP002 | C5: Sara Mohamed | D5: HR | E5: Strategic HR Leadership | F5: Leadership | G5: Yes | H5: Dale Carnegie | I5: 45550 | J5: 45580 | K5: 24 | L5: Completed | M5: 88 | N5: =IFERROR(VLOOKUP($A5,#REF!,13,FALSE),"") | O5: =IFERROR(VLOOKUP($A5,#REF!,10,FALSE),"") | P5: =IFERROR(VLOOKUP($A5,#REF!,7,FALSE),"") | Q5: =IFERROR(VLOOKUP($A5,#REF!,6,FALSE),"") | R5: =IF(G5="Yes",1,0) -> 1 | S5: =IF(L5="Completed",1,0) -> 1 | T5: =IF(L5="Completed",1,0) -> 1 | U5: =YEAR(I5) -> 2024 | V5: ="Q"&ROUNDUP(MONTH(I5)/3,0) -> Q3 | W5: =YEAR(J5) -> 2024 | X5: ="Q"&ROUNDUP(MONTH(J5)/3,0) -> Q4 | Y5: =IF(M5="","",IF(M5>=90,"Excellent",IF(M5>=80,"Very Good",IF(M5>=70,"Good",IF(M5>=60,"Fair","Needs Improvement"))))) -> Very Good | Z5: =IF(K5="","",IF(K5<20,"Under 20 hrs",IF(K5<40,"20-39 hrs",IF(K5<60,"40-59 hrs","60+ hrs")))) -> 20-39 hrs
A6: TR-003 | B6: EMP003 | C6: Omar Ali | D6: Sales | E6: Advanced Sales Techniques | F6: Sales | G6: Yes | H6: Sales Academy | I6: 45597 | J6: 45626 | K6: 20 | L6: Completed | M6: 76 | N6: =IFERROR(VLOOKUP($A6,#REF!,13,FALSE),"") | O6: =IFERROR(VLOOKUP($A6,#REF!,10,FALSE),"") | P6: =IFERROR(VLOOKUP($A6,#REF!,7,FALSE),"") | Q6: =IFERROR(VLOOKUP($A6,#REF!,6,FALSE),"") | R6: =IF(G6="Yes",1,0) -> 1 | S6: =IF(L6="Completed",1,0) -> 1 | T6: =IF(L6="Completed",1,0) -> 1 | U6: =YEAR(I6) -> 2024 | V6: ="Q"&ROUNDUP(MONTH(I6)/3,0) -> Q4 | W6: =YEAR(J6) -> 2024 | X6: ="Q"&ROUNDUP(MONTH(J6)/3,0) -> Q4 | Y6: =IF(M6="","",IF(M6>=90,"Excellent",IF(M6>=80,"Very Good",IF(M6>=70,"Good",IF(M6>=60,"Fair","Needs Improvement"))))) -> Good | Z6: =IF(K6="","",IF(K6<20,"Under 20 hrs",IF(K6<40,"20-39 hrs",IF(K6<60,"40-59 hrs","60+ hrs")))) -> 20-39 hrs
A7: TR-004 | B7: EMP004 | C7: Nour Ibrahim | D7: Finance | E7: IFRS Accounting Standards | F7: Finance | G7: Yes | H7: ACCA | I7: 45672 | J7: 45731 | K7: 60 | L7: In Progress | N7: =IFERROR(VLOOKUP($A7,#REF!,13,FALSE),"") | O7: =IFERROR(VLOOKUP($A7,#REF!,10,FALSE),"") | P7: =IFERROR(VLOOKUP($A7,#REF!,7,FALSE),"") | Q7: =IFERROR(VLOOKUP($A7,#REF!,6,FALSE),"") | R7: =IF(G7="Yes",1,0) -> 1 | S7: =IF(L7="Completed",1,0) -> 0 | T7: =IF(L7="Completed",1,0) -> 0 | U7: =YEAR(I7) -> 2025 | V7: ="Q"&ROUNDUP(MONTH(I7)/3,0) -> Q1 | W7: =YEAR(J7) -> 2025 | X7: ="Q"&ROUNDUP(MONTH(J7)/3,0) -> Q1 | Y7: =IF(M7="","",IF(M7>=90,"Excellent",IF(M7>=80,"Very Good",IF(M7>=70,"Good",IF(M7>=60,"Fair","Needs Improvement"))))) | Z7: =IF(K7="","",IF(K7<20,"Under 20 hrs",IF(K7<40,"20-39 hrs",IF(K7<60,"40-59 hrs","60+ hrs")))) -> 60+ hrs
A8: TR-005 | B8: EMP007 | C8: Tarek Samir | D8: Engineering | E8: React & Node.js Bootcamp | F8: Dev | G8: Yes | H8: Udemy | I8: 45658 | J8: 45716 | K8: 80 | L8: In Progress | N8: =IFERROR(VLOOKUP($A8,#REF!,13,FALSE),"") | O8: =IFERROR(VLOOKUP($A8,#REF!,10,FALSE),"") | P8: =IFERROR(VLOOKUP($A8,#REF!,7,FALSE),"") | Q8: =IFERROR(VLOOKUP($A8,#REF!,6,FALSE),"") | R8: =IF(G8="Yes",1,0) -> 1 | S8: =IF(L8="Completed",1,0) -> 0 | T8: =IF(L8="Completed",1,0) -> 0 | U8: =YEAR(I8) -> 2025 | V8: ="Q"&ROUNDUP(MONTH(I8)/3,0) -> Q1 | W8: =YEAR(J8) -> 2025 | X8: ="Q"&ROUNDUP(MONTH(J8)/3,0) -> Q1 | Y8: =IF(M8="","",IF(M8>=90,"Excellent",IF(M8>=80,"Very Good",IF(M8>=70,"Good",IF(M8>=60,"Fair","Needs Improvement"))))) | Z8: =IF(K8="","",IF(K8<20,"Under 20 hrs",IF(K8<40,"20-39 hrs",IF(K8<60,"40-59 hrs","60+ hrs")))) -> 60+ hrs
A9: TR-006 | B9: EMP009 | C9: Yasser Nasser | D9: IT | E9: Cybersecurity Fundamentals | F9: IT Security | G9: Yes | H9: Coursera | I9: 45627 | J9: 45657 | K9: 30 | L9: Completed | M9: 95 | N9: =IFERROR(VLOOKUP($A9,#REF!,13,FALSE),"") | O9: =IFERROR(VLOOKUP($A9,#REF!,10,FALSE),"") | P9: =IFERROR(VLOOKUP($A9,#REF!,7,FALSE),"") | Q9: =IFERROR(VLOOKUP($A9,#REF!,6,FALSE),"") | R9: =IF(G9="Yes",1,0) -> 1 | S9: =IF(L9="Completed",1,0) -> 1 | T9: =IF(L9="Completed",1,0) -> 1 | U9: =YEAR(I9) -> 2024 | V9: ="Q"&ROUNDUP(MONTH(I9)/3,0) -> Q4 | W9: =YEAR(J9) -> 2024 | X9: ="Q"&ROUNDUP(MONTH(J9)/3,0) -> Q4 | Y9: =IF(M9="","",IF(M9>=90,"Excellent",IF(M9>=80,"Very Good",IF(M9>=70,"Good",IF(M9>=60,"Fair","Needs Improvement"))))) -> Excellent | Z9: =IF(K9="","",IF(K9<20,"Under 20 hrs",IF(K9<40,"20-39 hrs",IF(K9<60,"40-59 hrs","60+ hrs")))) -> 20-39 hrs
A10: TR-007 | B10: EMP005 | C10: Khaled Youssef | D10: Sales | E10: Sales Leadership Program | F10: Leadership | G10: Yes | H10: HubSpot | I10: 45689 | J10: 45716 | K10: 16 | L10: Enrolled | N10: =IFERROR(VLOOKUP($A10,#REF!,13,FALSE),"") | O10: =IFERROR(VLOOKUP($A10,#REF!,10,FALSE),"") | P10: =IFERROR(VLOOKUP($A10,#REF!,7,FALSE),"") | Q10: =IFERROR(VLOOKUP($A10,#REF!,6,FALSE),"") | R10: =IF(G10="Yes",1,0) -> 1 | S10: =IF(L10="Completed",1,0) -> 0 | T10: =IF(L10="Completed",1,0) -> 0 | U10: =YEAR(I10) -> 2025 | V10: ="Q"&ROUNDUP(MONTH(I10)/3,0) -> Q1 | W10: =YEAR(J10) -> 2025 | X10: ="Q"&ROUNDUP(MONTH(J10)/3,0) -> Q1 | Y10: =IF(M10="","",IF(M10>=90,"Excellent",IF(M10>=80,"Very Good",IF(M10>=70,"Good",IF(M10>=60,"Fair","Needs Improvement"))))) | Z10: =IF(K10="","",IF(K10<20,"Under 20 hrs",IF(K10<40,"20-39 hrs",IF(K10<60,"40-59 hrs","60+ hrs")))) -> Under 20 hrs
A11: TR-008 | B11: EMP006 | C11: Rana Mahmoud | D11: Marketing | E11: Google Analytics 4 | F11: Digital Marketing | G11: Yes | H11: Google | I11: 45667 | J11: 45677 | K11: 12 | L11: Completed | M11: 89 | N11: =IFERROR(VLOOKUP($A11,#REF!,13,FALSE),"") | O11: =IFERROR(VLOOKUP($A11,#REF!,10,FALSE),"") | P11: =IFERROR(VLOOKUP($A11,#REF!,7,FALSE),"") | Q11: =IFERROR(VLOOKUP($A11,#REF!,6,FALSE),"") | R11: =IF(G11="Yes",1,0) -> 1 | S11: =IF(L11="Completed",1,0) -> 1 | T11: =IF(L11="Completed",1,0) -> 1 | U11: =YEAR(I11) -> 2025 | V11: ="Q"&ROUNDUP(MONTH(I11)/3,0) -> Q1 | W11: =YEAR(J11) -> 2025 | X11: ="Q"&ROUNDUP(MONTH(J11)/3,0) -> Q1 | Y11: =IF(M11="","",IF(M11>=90,"Excellent",IF(M11>=80,"Very Good",IF(M11>=70,"Good",IF(M11>=60,"Fair","Needs Improvement"))))) -> Very Good | Z11: =IF(K11="","",IF(K11<20,"Under 20 hrs",IF(K11<40,"20-39 hrs",IF(K11<60,"40-59 hrs","60+ hrs")))) -> Under 20 hrs
A12: TR-009 | B12: EMP013 | C12: Amir Saad | D12: Engineering | E12: React & Node.js Bootcamp | F12: Dev | G12: Yes | H12: Udemy | I12: 45740 | J12: 45812 | K12: 80 | L12: Completed | M12: 89 | N12: =IFERROR(VLOOKUP($A12,#REF!,13,FALSE),"") | O12: =IFERROR(VLOOKUP($A12,#REF!,10,FALSE),"") | P12: =IFERROR(VLOOKUP($A12,#REF!,7,FALSE),"") | Q12: =IFERROR(VLOOKUP($A12,#REF!,6,FALSE),"") | R12: =IF(G12="Yes",1,0) -> 1 | S12: =IF(L12="Completed",1,0) -> 1 | T12: =IF(L12="Completed",1,IF(L12="Failed",0,"")) -> 1 | U12: =YEAR(I12) -> 2025 | V12: ="Q"&ROUNDUP(MONTH(I12)/3,0) -> Q1 | W12: =IF(J12="","",YEAR(J12)) -> 2025 | X12: =IF(J12="","","Q"&ROUNDUP(MONTH(J12)/3,0)) -> Q2 | Y12: =IF(M12="","",IF(M12>=85,"Excellent",IF(M12>=70,"Good",IF(M12>=60,"Fair","Needs Improvement")))) -> Excellent | Z12: =IF(K12<20,"Short",IF(K12<40,"Medium","Long")) -> Long
A13: TR-010 | B13: EMP017 | C13: Manal Adel | D13: Engineering | E13: Python for Data Engineers | F13: Dev | G13: Yes | H13: Coursera | I13: 45756 | J13: 45801 | K13: 50 | L13: Completed | M13: 77 | N13: =IFERROR(VLOOKUP($A13,#REF!,13,FALSE),"") | O13: =IFERROR(VLOOKUP($A13,#REF!,10,FALSE),"") | P13: =IFERROR(VLOOKUP($A13,#REF!,7,FALSE),"") | Q13: =IFERROR(VLOOKUP($A13,#REF!,6,FALSE),"") | R13: =IF(G13="Yes",1,0) -> 1 | S13: =IF(L13="Completed",1,0) -> 1 | T13: =IF(L13="Completed",1,IF(L13="Failed",0,"")) -> 1 | U13: =YEAR(I13) -> 2025 | V13: ="Q"&ROUNDUP(MONTH(I13)/3,0) -> Q2 | W13: =IF(J13="","",YEAR(J13)) -> 2025 | X13: =IF(J13="","","Q"&ROUNDUP(MONTH(J13)/3,0)) -> Q2 | Y13: =IF(M13="","",IF(M13>=85,"Excellent",IF(M13>=70,"Good",IF(M13>=60,"Fair","Needs Improvement")))) -> Good | Z13: =IF(K13<20,"Short",IF(K13<40,"Medium","Long")) -> Long
A14: TR-011 | B14: EMP049 | C14: Maha Kotb | D14: HR | E14: People Management Essentials | F14: Leadership | G14: Yes | H14: LinkedIn Learning | I14: 45965 | J14: 45981 | K14: 18 | L14: Completed | M14: 92 | N14: =IFERROR(VLOOKUP($A14,#REF!,13,FALSE),"") | O14: =IFERROR(VLOOKUP($A14,#REF!,10,FALSE),"") | P14: =IFERROR(VLOOKUP($A14,#REF!,7,FALSE),"") | Q14: =IFERROR(VLOOKUP($A14,#REF!,6,FALSE),"") | R14: =IF(G14="Yes",1,0) -> 1 | S14: =IF(L14="Completed",1,0) -> 1 | T14: =IF(L14="Completed",1,IF(L14="Failed",0,"")) -> 1 | U14: =YEAR(I14) -> 2025 | V14: ="Q"&ROUNDUP(MONTH(I14)/3,0) -> Q4 | W14: =IF(J14="","",YEAR(J14)) -> 2025 | X14: =IF(J14="","","Q"&ROUNDUP(MONTH(J14)/3,0)) -> Q4 | Y14: =IF(M14="","",IF(M14>=85,"Excellent",IF(M14>=70,"Good",IF(M14>=60,"Fair","Needs Improvement")))) -> Excellent | Z14: =IF(K14<20,"Short",IF(K14<40,"Medium","Long")) -> Short
A15: TR-012 | B15: EMP057 | C15: Mariam Younis | D15: Operations | E15: Supply Chain Analytics | F15: Ops Excellence | G15: Yes | H15: Coursera | I15: 45884 | J15: 45912 | K15: 32 | L15: Completed | M15: 71 | N15: =IFERROR(VLOOKUP($A15,#REF!,13,FALSE),"") | O15: =IFERROR(VLOOKUP($A15,#REF!,10,FALSE),"") | P15: =IFERROR(VLOOKUP($A15,#REF!,7,FALSE),"") | Q15: =IFERROR(VLOOKUP($A15,#REF!,6,FALSE),"") | R15: =IF(G15="Yes",1,0) -> 1 | S15: =IF(L15="Completed",1,0) -> 1 | T15: =IF(L15="Completed",1,IF(L15="Failed",0,"")) -> 1 | U15: =YEAR(I15) -> 2025 | V15: ="Q"&ROUNDUP(MONTH(I15)/3,0) -> Q3 | W15: =IF(J15="","",YEAR(J15)) -> 2025 | X15: =IF(J15="","","Q"&ROUNDUP(MONTH(J15)/3,0)) -> Q3 | Y15: =IF(M15="","",IF(M15>=85,"Excellent",IF(M15>=70,"Good",IF(M15>=60,"Fair","Needs Improvement")))) -> Good | Z15: =IF(K15<20,"Short",IF(K15<40,"Medium","Long")) -> Medium
A16: TR-013 | B16: EMP044 | C16: Nourane Shaker | D16: Marketing | E16: Google Analytics 4 | F16: Digital Marketing | G16: Yes | H16: Google | I16: 45701 | J16: 45711 | K16: 12 | L16: Completed | M16: 70 | N16: =IFERROR(VLOOKUP($A16,#REF!,13,FALSE),"") | O16: =IFERROR(VLOOKUP($A16,#REF!,10,FALSE),"") | P16: =IFERROR(VLOOKUP($A16,#REF!,7,FALSE),"") | Q16: =IFERROR(VLOOKUP($A16,#REF!,6,FALSE),"") | R16: =IF(G16="Yes",1,0) -> 1 | S16: =IF(L16="Completed",1,0) -> 1 | T16: =IF(L16="Completed",1,IF(L16="Failed",0,"")) -> 1 | U16: =YEAR(I16) -> 2025 | V16: ="Q"&ROUNDUP(MONTH(I16)/3,0) -> Q1 | W16: =IF(J16="","",YEAR(J16)) -> 2025 | X16: =IF(J16="","","Q"&ROUNDUP(MONTH(J16)/3,0)) -> Q1 | Y16: =IF(M16="","",IF(M16>=85,"Excellent",IF(M16>=70,"Good",IF(M16>=60,"Fair","Needs Improvement")))) -> Good | Z16: =IF(K16<20,"Short",IF(K16<40,"Medium","Long")) -> Short
A17: TR-014 | B17: EMP027 | C17: Mahmoud Ezzat | D17: Sales | E17: Sales Leadership Program | F17: Leadership | G17: Yes | H17: HubSpot | I17: 45789 | J17: 45803 | K17: 16 | L17: Cancelled | N17: =IFERROR(VLOOKUP($A17,#REF!,13,FALSE),"") | O17: =IFERROR(VLOOKUP($A17,#REF!,10,FALSE),"") | P17: =IFERROR(VLOOKUP($A17,#REF!,7,FALSE),"") | Q17: =IFERROR(VLOOKUP($A17,#REF!,6,FALSE),"") | R17: =IF(G17="Yes",1,0) -> 1 | S17: =IF(L17="Completed",1,0) -> 0 | T17: =IF(L17="Completed",1,IF(L17="Failed",0,"")) | U17: =YEAR(I17) -> 2025 | V17: ="Q"&ROUNDUP(MONTH(I17)/3,0) -> Q2 | W17: =IF(J17="","",YEAR(J17)) -> 2025 | X17: =IF(J17="","","Q"&ROUNDUP(MONTH(J17)/3,0)) -> Q2 | Y17: =IF(M17="","",IF(M17>=85,"Excellent",IF(M17>=70,"Good",IF(M17>=60,"Fair","Needs Improvement")))) | Z17: =IF(K17<20,"Short",IF(K17<40,"Medium","Long")) -> Short
A18: TR-015 | B18: EMP010 | C18: Mona Fawzi | D18: Operations | E18: Lean Six Sigma Green Belt | F18: Ops Excellence | G18: Yes | H18: Deloitte Academy | I18: 45933 | J18: 45973 | K18: 45 | L18: In Progress | N18: =IFERROR(VLOOKUP($A18,#REF!,13,FALSE),"") | O18: =IFERROR(VLOOKUP($A18,#REF!,10,FALSE),"") | P18: =IFERROR(VLOOKUP($A18,#REF!,7,FALSE),"") | Q18: =IFERROR(VLOOKUP($A18,#REF!,6,FALSE),"") | R18: =IF(G18="Yes",1,0) -> 1 | S18: =IF(L18="Completed",1,0) -> 0 | T18: =IF(L18="Completed",1,IF(L18="Failed",0,"")) | U18: =YEAR(I18) -> 2025 | V18: ="Q"&ROUNDUP(MONTH(I18)/3,0) -> Q4 | W18: =IF(J18="","",YEAR(J18)) -> 2025 | X18: =IF(J18="","","Q"&ROUNDUP(MONTH(J18)/3,0)) -> Q4 | Y18: =IF(M18="","",IF(M18>=85,"Excellent",IF(M18>=70,"Good",IF(M18>=60,"Fair","Needs Improvement")))) | Z18: =IF(K18<20,"Short",IF(K18<40,"Medium","Long")) -> Long
A19: TR-016 | B19: EMP004 | C19: Nour Ibrahim | D19: Finance | E19: Cost Accounting Deep Dive | F19: Finance | G19: Yes | H19: Coursera | I19: 45992 | J19: 46017 | K19: 28 | L19: Failed | M19: 31 | N19: =IFERROR(VLOOKUP($A19,#REF!,13,FALSE),"") | O19: =IFERROR(VLOOKUP($A19,#REF!,10,FALSE),"") | P19: =IFERROR(VLOOKUP($A19,#REF!,7,FALSE),"") | Q19: =IFERROR(VLOOKUP($A19,#REF!,6,FALSE),"") | R19: =IF(G19="Yes",1,0) -> 1 | S19: =IF(L19="Completed",1,0) -> 0 | T19: =IF(L19="Completed",1,IF(L19="Failed",0,"")) -> 0 | U19: =YEAR(I19) -> 2025 | V19: ="Q"&ROUNDUP(MONTH(I19)/3,0) -> Q4 | W19: =IF(J19="","",YEAR(J19)) -> 2025 | X19: =IF(J19="","","Q"&ROUNDUP(MONTH(J19)/3,0)) -> Q4 | Y19: =IF(M19="","",IF(M19>=85,"Excellent",IF(M19>=70,"Good",IF(M19>=60,"Fair","Needs Improvement")))) -> Needs Improvement | Z19: =IF(K19<20,"Short",IF(K19<40,"Medium","Long")) -> Medium
A20: TR-017 | B20: EMP018 | C20: Passant Attia | D20: Engineering | E20: React & Node.js Bootcamp | F20: Dev | G20: Yes | H20: Udemy | I20: 45821 | J20: 45893 | K20: 80 | L20: Completed | M20: 79 | N20: =IFERROR(VLOOKUP($A20,#REF!,13,FALSE),"") | O20: =IFERROR(VLOOKUP($A20,#REF!,10,FALSE),"") | P20: =IFERROR(VLOOKUP($A20,#REF!,7,FALSE),"") | Q20: =IFERROR(VLOOKUP($A20,#REF!,6,FALSE),"") | R20: =IF(G20="Yes",1,0) -> 1 | S20: =IF(L20="Completed",1,0) -> 1 | T20: =IF(L20="Completed",1,IF(L20="Failed",0,"")) -> 1 | U20: =YEAR(I20) -> 2025 | V20: ="Q"&ROUNDUP(MONTH(I20)/3,0) -> Q2 | W20: =IF(J20="","",YEAR(J20)) -> 2025 | X20: =IF(J20="","","Q"&ROUNDUP(MONTH(J20)/3,0)) -> Q3 | Y20: =IF(M20="","",IF(M20>=85,"Excellent",IF(M20>=70,"Good",IF(M20>=60,"Fair","Needs Improvement")))) -> Good | Z20: =IF(K20<20,"Short",IF(K20<40,"Medium","Long")) -> Long
A21: TR-018 | B21: EMP052 | C21: Nourane Ezzat | D21: HR | E21: People Management Essentials | F21: Leadership | G21: Yes | H21: LinkedIn Learning | I21: 45693 | J21: 45709 | K21: 18 | L21: Completed | M21: 68 | N21: =IFERROR(VLOOKUP($A21,#REF!,13,FALSE),"") | O21: =IFERROR(VLOOKUP($A21,#REF!,10,FALSE),"") | P21: =IFERROR(VLOOKUP($A21,#REF!,7,FALSE),"") | Q21: =IFERROR(VLOOKUP($A21,#REF!,6,FALSE),"") | R21: =IF(G21="Yes",1,0) -> 1 | S21: =IF(L21="Completed",1,0) -> 1 | T21: =IF(L21="Completed",1,IF(L21="Failed",0,"")) -> 1 | U21: =YEAR(I21) -> 2025 | V21: ="Q"&ROUNDUP(MONTH(I21)/3,0) -> Q1 | W21: =IF(J21="","",YEAR(J21)) -> 2025 | X21: =IF(J21="","","Q"&ROUNDUP(MONTH(J21)/3,0)) -> Q1 | Y21: =IF(M21="","",IF(M21>=85,"Excellent",IF(M21>=70,"Good",IF(M21>=60,"Fair","Needs Improvement")))) -> Fair | Z21: =IF(K21<20,"Short",IF(K21<40,"Medium","Long")) -> Short
A22: TR-019 | B22: EMP053 | C22: Islam Saad | D22: HR | E22: Payroll Compliance Workshop | F22: HR Ops | G22: Yes | H22: Deloitte Academy | I22: 45757 | J22: 45771 | K22: 16 | L22: Completed | M22: 84 | N22: =IFERROR(VLOOKUP($A22,#REF!,13,FALSE),"") | O22: =IFERROR(VLOOKUP($A22,#REF!,10,FALSE),"") | P22: =IFERROR(VLOOKUP($A22,#REF!,7,FALSE),"") | Q22: =IFERROR(VLOOKUP($A22,#REF!,6,FALSE),"") | R22: =IF(G22="Yes",1,0) -> 1 | S22: =IF(L22="Completed",1,0) -> 1 | T22: =IF(L22="Completed",1,IF(L22="Failed",0,"")) -> 1 | U22: =YEAR(I22) -> 2025 | V22: ="Q"&ROUNDUP(MONTH(I22)/3,0) -> Q2 | W22: =IF(J22="","",YEAR(J22)) -> 2025 | X22: =IF(J22="","","Q"&ROUNDUP(MONTH(J22)/3,0)) -> Q2 | Y22: =IF(M22="","",IF(M22>=85,"Excellent",IF(M22>=70,"Good",IF(M22>=60,"Fair","Needs Improvement")))) -> Good | Z22: =IF(K22<20,"Short",IF(K22<40,"Medium","Long")) -> Short
A23: TR-020 | B23: EMP020 | C23: Fady Ezzat | D23: Engineering | E23: React & Node.js Bootcamp | F23: Dev | G23: Yes | H23: Udemy | I23: 45868 | J23: 45940 | K23: 80 | L23: Completed | M23: 69 | N23: =IFERROR(VLOOKUP($A23,#REF!,13,FALSE),"") | O23: =IFERROR(VLOOKUP($A23,#REF!,10,FALSE),"") | P23: =IFERROR(VLOOKUP($A23,#REF!,7,FALSE),"") | Q23: =IFERROR(VLOOKUP($A23,#REF!,6,FALSE),"") | R23: =IF(G23="Yes",1,0) -> 1 | S23: =IF(L23="Completed",1,0) -> 1 | T23: =IF(L23="Completed",1,IF(L23="Failed",0,"")) -> 1 | U23: =YEAR(I23) -> 2025 | V23: ="Q"&ROUNDUP(MONTH(I23)/3,0) -> Q3 | W23: =IF(J23="","",YEAR(J23)) -> 2025 | X23: =IF(J23="","","Q"&ROUNDUP(MONTH(J23)/3,0)) -> Q4 | Y23: =IF(M23="","",IF(M23>=85,"Excellent",IF(M23>=70,"Good",IF(M23>=60,"Fair","Needs Improvement")))) -> Fair | Z23: =IF(K23<20,"Short",IF(K23<40,"Medium","Long")) -> Long
A24: TR-021 | B24: EMP008 | C24: Hana Wael | D24: Finance | E24: Financial Modeling in Excel | F24: Finance | G24: Yes | H24: Udemy | I24: 45797 | J24: 45828 | K24: 35 | L24: Completed | M24: 81 | N24: =IFERROR(VLOOKUP($A24,#REF!,13,FALSE),"") | O24: =IFERROR(VLOOKUP($A24,#REF!,10,FALSE),"") | P24: =IFERROR(VLOOKUP($A24,#REF!,7,FALSE),"") | Q24: =IFERROR(VLOOKUP($A24,#REF!,6,FALSE),"") | R24: =IF(G24="Yes",1,0) -> 1 | S24: =IF(L24="Completed",1,0) -> 1 | T24: =IF(L24="Completed",1,IF(L24="Failed",0,"")) -> 1 | U24: =YEAR(I24) -> 2025 | V24: ="Q"&ROUNDUP(MONTH(I24)/3,0) -> Q2 | W24: =IF(J24="","",YEAR(J24)) -> 2025 | X24: =IF(J24="","","Q"&ROUNDUP(MONTH(J24)/3,0)) -> Q2 | Y24: =IF(M24="","",IF(M24>=85,"Excellent",IF(M24>=70,"Good",IF(M24>=60,"Fair","Needs Improvement")))) -> Good | Z24: =IF(K24<20,"Short",IF(K24<40,"Medium","Long")) -> Medium
A25: TR-022 | B25: EMP021 | C25: Hesham Rizk | D25: Sales | E25: Sales Leadership Program | F25: Leadership | G25: Yes | H25: HubSpot | I25: 45965 | J25: 45979 | K25: 16 | L25: In Progress | N25: =IFERROR(VLOOKUP($A25,#REF!,13,FALSE),"") | O25: =IFERROR(VLOOKUP($A25,#REF!,10,FALSE),"") | P25: =IFERROR(VLOOKUP($A25,#REF!,7,FALSE),"") | Q25: =IFERROR(VLOOKUP($A25,#REF!,6,FALSE),"") | R25: =IF(G25="Yes",1,0) -> 1 | S25: =IF(L25="Completed",1,0) -> 0 | T25: =IF(L25="Completed",1,IF(L25="Failed",0,"")) | U25: =YEAR(I25) -> 2025 | V25: ="Q"&ROUNDUP(MONTH(I25)/3,0) -> Q4 | W25: =IF(J25="","",YEAR(J25)) -> 2025 | X25: =IF(J25="","","Q"&ROUNDUP(MONTH(J25)/3,0)) -> Q4 | Y25: =IF(M25="","",IF(M25>=85,"Excellent",IF(M25>=70,"Good",IF(M25>=60,"Fair","Needs Improvement")))) | Z25: =IF(K25<20,"Short",IF(K25<40,"Medium","Long")) -> Short
A26: TR-023 | B26: EMP018 | C26: Passant Attia | D26: Engineering | E26: Python for Data Engineers | F26: Dev | G26: Yes | H26: Coursera | I26: 45867 | J26: 45912 | K26: 50 | L26: Completed | M26: 75 | N26: =IFERROR(VLOOKUP($A26,#REF!,13,FALSE),"") | O26: =IFERROR(VLOOKUP($A26,#REF!,10,FALSE),"") | P26: =IFERROR(VLOOKUP($A26,#REF!,7,FALSE),"") | Q26: =IFERROR(VLOOKUP($A26,#REF!,6,FALSE),"") | R26: =IF(G26="Yes",1,0) -> 1 | S26: =IF(L26="Completed",1,0) -> 1 | T26: =IF(L26="Completed",1,IF(L26="Failed",0,"")) -> 1 | U26: =YEAR(I26) -> 2025 | V26: ="Q"&ROUNDUP(MONTH(I26)/3,0) -> Q3 | W26: =IF(J26="","",YEAR(J26)) -> 2025 | X26: =IF(J26="","","Q"&ROUNDUP(MONTH(J26)/3,0)) -> Q3 | Y26: =IF(M26="","",IF(M26>=85,"Excellent",IF(M26>=70,"Good",IF(M26>=60,"Fair","Needs Improvement")))) -> Good | Z26: =IF(K26<20,"Short",IF(K26<40,"Medium","Long")) -> Long
A27: TR-024 | B27: EMP047 | C27: Radwa Farouk | D27: Marketing | E27: SEO Fundamentals | F27: Digital Marketing | G27: Yes | H27: Coursera | I27: 46011 | J27: 46027 | K27: 18 | L27: Cancelled | N27: =IFERROR(VLOOKUP($A27,#REF!,13,FALSE),"") | O27: =IFERROR(VLOOKUP($A27,#REF!,10,FALSE),"") | P27: =IFERROR(VLOOKUP($A27,#REF!,7,FALSE),"") | Q27: =IFERROR(VLOOKUP($A27,#REF!,6,FALSE),"") | R27: =IF(G27="Yes",1,0) -> 1 | S27: =IF(L27="Completed",1,0) -> 0 | T27: =IF(L27="Completed",1,IF(L27="Failed",0,"")) | U27: =YEAR(I27) -> 2025 | V27: ="Q"&ROUNDUP(MONTH(I27)/3,0) -> Q4 | W27: =IF(J27="","",YEAR(J27)) -> 2026 | X27: =IF(J27="","","Q"&ROUNDUP(MONTH(J27)/3,0)) -> Q1 | Y27: =IF(M27="","",IF(M27>=85,"Excellent",IF(M27>=70,"Good",IF(M27>=60,"Fair","Needs Improvement")))) | Z27: =IF(K27<20,"Short",IF(K27<40,"Medium","Long")) -> Short
A28: TR-025 | B28: EMP004 | C28: Nour Ibrahim | D28: Finance | E28: Cost Accounting Deep Dive | F28: Finance | G28: Yes | H28: Coursera | I28: 45993 | J28: 46018 | K28: 28 | L28: Completed | M28: 82 | N28: =IFERROR(VLOOKUP($A28,#REF!,13,FALSE),"") | O28: =IFERROR(VLOOKUP($A28,#REF!,10,FALSE),"") | P28: =IFERROR(VLOOKUP($A28,#REF!,7,FALSE),"") | Q28: =IFERROR(VLOOKUP($A28,#REF!,6,FALSE),"") | R28: =IF(G28="Yes",1,0) -> 1 | S28: =IF(L28="Completed",1,0) -> 1 | T28: =IF(L28="Completed",1,IF(L28="Failed",0,"")) -> 1 | U28: =YEAR(I28) -> 2025 | V28: ="Q"&ROUNDUP(MONTH(I28)/3,0) -> Q4 | W28: =IF(J28="","",YEAR(J28)) -> 2025 | X28: =IF(J28="","","Q"&ROUNDUP(MONTH(J28)/3,0)) -> Q4 | Y28: =IF(M28="","",IF(M28>=85,"Excellent",IF(M28>=70,"Good",IF(M28>=60,"Fair","Needs Improvement")))) -> Good | Z28: =IF(K28<20,"Short",IF(K28<40,"Medium","Long")) -> Medium
A29: TR-026 | B29: EMP057 | C29: Mariam Younis | D29: Operations | E29: Supply Chain Analytics | F29: Ops Excellence | G29: Yes | H29: Coursera | I29: 46003 | J29: 46031 | K29: 32 | L29: Completed | M29: 76 | N29: =IFERROR(VLOOKUP($A29,#REF!,13,FALSE),"") | O29: =IFERROR(VLOOKUP($A29,#REF!,10,FALSE),"") | P29: =IFERROR(VLOOKUP($A29,#REF!,7,FALSE),"") | Q29: =IFERROR(VLOOKUP($A29,#REF!,6,FALSE),"") | R29: =IF(G29="Yes",1,0) -> 1 | S29: =IF(L29="Completed",1,0) -> 1 | T29: =IF(L29="Completed",1,IF(L29="Failed",0,"")) -> 1 | U29: =YEAR(I29) -> 2025 | V29: ="Q"&ROUNDUP(MONTH(I29)/3,0) -> Q4 | W29: =IF(J29="","",YEAR(J29)) -> 2026 | X29: =IF(J29="","","Q"&ROUNDUP(MONTH(J29)/3,0)) -> Q1 | Y29: =IF(M29="","",IF(M29>=85,"Excellent",IF(M29>=70,"Good",IF(M29>=60,"Fair","Needs Improvement")))) -> Good | Z29: =IF(K29<20,"Short",IF(K29<40,"Medium","Long")) -> Medium
A30: TR-027 | B30: EMP025 | C30: Bassem Badawy | D30: Sales | E30: Negotiation Mastery | F30: Sales | G30: Yes | H30: HubSpot | I30: 45753 | J30: 45767 | K30: 16 | L30: In Progress | N30: =IFERROR(VLOOKUP($A30,#REF!,13,FALSE),"") | O30: =IFERROR(VLOOKUP($A30,#REF!,10,FALSE),"") | P30: =IFERROR(VLOOKUP($A30,#REF!,7,FALSE),"") | Q30: =IFERROR(VLOOKUP($A30,#REF!,6,FALSE),"") | R30: =IF(G30="Yes",1,0) -> 1 | S30: =IF(L30="Completed",1,0) -> 0 | T30: =IF(L30="Completed",1,IF(L30="Failed",0,"")) | U30: =YEAR(I30) -> 2025 | V30: ="Q"&ROUNDUP(MONTH(I30)/3,0) -> Q2 | W30: =IF(J30="","",YEAR(J30)) -> 2025 | X30: =IF(J30="","","Q"&ROUNDUP(MONTH(J30)/3,0)) -> Q2 | Y30: =IF(M30="","",IF(M30>=85,"Excellent",IF(M30>=70,"Good",IF(M30>=60,"Fair","Needs Improvement")))) | Z30: =IF(K30<20,"Short",IF(K30<40,"Medium","Long")) -> Short
A31: TR-028 | B31: EMP014 | C31: Sayed Mansour | D31: Engineering | E31: React & Node.js Bootcamp | F31: Dev | G31: Yes | H31: Udemy | I31: 45761 | J31: 45833 | K31: 80 | L31: Completed | M31: 73 | N31: =IFERROR(VLOOKUP($A31,#REF!,13,FALSE),"") | O31: =IFERROR(VLOOKUP($A31,#REF!,10,FALSE),"") | P31: =IFERROR(VLOOKUP($A31,#REF!,7,FALSE),"") | Q31: =IFERROR(VLOOKUP($A31,#REF!,6,FALSE),"") | R31: =IF(G31="Yes",1,0) -> 1 | S31: =IF(L31="Completed",1,0) -> 1 | T31: =IF(L31="Completed",1,IF(L31="Failed",0,"")) -> 1 | U31: =YEAR(I31) -> 2025 | V31: ="Q"&ROUNDUP(MONTH(I31)/3,0) -> Q2 | W31: =IF(J31="","",YEAR(J31)) -> 2025 | X31: =IF(J31="","","Q"&ROUNDUP(MONTH(J31)/3,0)) -> Q2 | Y31: =IF(M31="","",IF(M31>=85,"Excellent",IF(M31>=70,"Good",IF(M31>=60,"Fair","Needs Improvement")))) -> Good | Z31: =IF(K31<20,"Short",IF(K31<40,"Medium","Long")) -> Long
A32: TR-029 | B32: EMP022 | C32: Osama Anwar | D32: Sales | E32: Advanced Sales Techniques | F32: Sales | G32: Yes | H32: Sales Academy | I32: 45947 | J32: 45965 | K32: 20 | L32: Completed | M32: 97 | N32: =IFERROR(VLOOKUP($A32,#REF!,13,FALSE),"") | O32: =IFERROR(VLOOKUP($A32,#REF!,10,FALSE),"") | P32: =IFERROR(VLOOKUP($A32,#REF!,7,FALSE),"") | Q32: =IFERROR(VLOOKUP($A32,#REF!,6,FALSE),"") | R32: =IF(G32="Yes",1,0) -> 1 | S32: =IF(L32="Completed",1,0) -> 1 | T32: =IF(L32="Completed",1,IF(L32="Failed",0,"")) -> 1 | U32: =YEAR(I32) -> 2025 | V32: ="Q"&ROUNDUP(MONTH(I32)/3,0) -> Q4 | W32: =IF(J32="","",YEAR(J32)) -> 2025 | X32: =IF(J32="","","Q"&ROUNDUP(MONTH(J32)/3,0)) -> Q4 | Y32: =IF(M32="","",IF(M32>=85,"Excellent",IF(M32>=70,"Good",IF(M32>=60,"Fair","Needs Improvement")))) -> Excellent | Z32: =IF(K32<20,"Short",IF(K32<40,"Medium","Long")) -> Medium
A33: TR-030 | B33: EMP009 | C33: Yasser Nasser | D33: IT | E33: Network Security Essentials | F33: IT Security | G33: Yes | H33: Udemy | I33: 46019 | J33: 46042 | K33: 26 | L33: Completed | M33: 79 | N33: =IFERROR(VLOOKUP($A33,#REF!,13,FALSE),"") | O33: =IFERROR(VLOOKUP($A33,#REF!,10,FALSE),"") | P33: =IFERROR(VLOOKUP($A33,#REF!,7,FALSE),"") | Q33: =IFERROR(VLOOKUP($A33,#REF!,6,FALSE),"") | R33: =IF(G33="Yes",1,0) -> 1 | S33: =IF(L33="Completed",1,0) -> 1 | T33: =IF(L33="Completed",1,IF(L33="Failed",0,"")) -> 1 | U33: =YEAR(I33) -> 2025 | V33: ="Q"&ROUNDUP(MONTH(I33)/3,0) -> Q4 | W33: =IF(J33="","",YEAR(J33)) -> 2026 | X33: =IF(J33="","","Q"&ROUNDUP(MONTH(J33)/3,0)) -> Q1 | Y33: =IF(M33="","",IF(M33>=85,"Excellent",IF(M33>=70,"Good",IF(M33>=60,"Fair","Needs Improvement")))) -> Good | Z33: =IF(K33<20,"Short",IF(K33<40,"Medium","Long")) -> Medium
A34: TR-031 | B34: EMP001 | C34: Ahmed Hassan | D34: Engineering | E34: AWS Solutions Architect | F34: Cloud | G34: Yes | H34: AWS Training | I34: 45717 | J34: 45753 | K34: 40 | L34: In Progress | N34: =IFERROR(VLOOKUP($A34,#REF!,13,FALSE),"") | O34: =IFERROR(VLOOKUP($A34,#REF!,10,FALSE),"") | P34: =IFERROR(VLOOKUP($A34,#REF!,7,FALSE),"") | Q34: =IFERROR(VLOOKUP($A34,#REF!,6,FALSE),"") | R34: =IF(G34="Yes",1,0) -> 1 | S34: =IF(L34="Completed",1,0) -> 0 | T34: =IF(L34="Completed",1,IF(L34="Failed",0,"")) | U34: =YEAR(I34) -> 2025 | V34: ="Q"&ROUNDUP(MONTH(I34)/3,0) -> Q1 | W34: =IF(J34="","",YEAR(J34)) -> 2025 | X34: =IF(J34="","","Q"&ROUNDUP(MONTH(J34)/3,0)) -> Q2 | Y34: =IF(M34="","",IF(M34>=85,"Excellent",IF(M34>=70,"Good",IF(M34>=60,"Fair","Needs Improvement")))) | Z34: =IF(K34<20,"Short",IF(K34<40,"Medium","Long")) -> Long
A35: TR-032 | B35: EMP043 | C35: Anas Mostafa | D35: IT | E35: Cybersecurity Fundamentals | F35: IT Security | G35: Yes | H35: Coursera | I35: 45846 | J35: 45873 | K35: 30 | L35: Cancelled | N35: =IFERROR(VLOOKUP($A35,#REF!,13,FALSE),"") | O35: =IFERROR(VLOOKUP($A35,#REF!,10,FALSE),"") | P35: =IFERROR(VLOOKUP($A35,#REF!,7,FALSE),"") | Q35: =IFERROR(VLOOKUP($A35,#REF!,6,FALSE),"") | R35: =IF(G35="Yes",1,0) -> 1 | S35: =IF(L35="Completed",1,0) -> 0 | T35: =IF(L35="Completed",1,IF(L35="Failed",0,"")) | U35: =YEAR(I35) -> 2025 | V35: ="Q"&ROUNDUP(MONTH(I35)/3,0) -> Q3 | W35: =IF(J35="","",YEAR(J35)) -> 2025 | X35: =IF(J35="","","Q"&ROUNDUP(MONTH(J35)/3,0)) -> Q3 | Y35: =IF(M35="","",IF(M35>=85,"Excellent",IF(M35>=70,"Good",IF(M35>=60,"Fair","Needs Improvement")))) | Z35: =IF(K35<20,"Short",IF(K35<40,"Medium","Long")) -> Medium
A36: TR-033 | B36: EMP011 | C36: Mohamed Helmy | D36: Engineering | E36: SQL Server Mastery | F36: Data | G36: Yes | H36: LinkedIn Learning | I36: 45886 | J36: 45913 | K36: 30 | L36: Enrolled | N36: =IFERROR(VLOOKUP($A36,#REF!,13,FALSE),"") | O36: =IFERROR(VLOOKUP($A36,#REF!,10,FALSE),"") | P36: =IFERROR(VLOOKUP($A36,#REF!,7,FALSE),"") | Q36: =IFERROR(VLOOKUP($A36,#REF!,6,FALSE),"") | R36: =IF(G36="Yes",1,0) -> 1 | S36: =IF(L36="Completed",1,0) -> 0 | T36: =IF(L36="Completed",1,IF(L36="Failed",0,"")) | U36: =YEAR(I36) -> 2025 | V36: ="Q"&ROUNDUP(MONTH(I36)/3,0) -> Q3 | W36: =IF(J36="","",YEAR(J36)) -> 2025 | X36: =IF(J36="","","Q"&ROUNDUP(MONTH(J36)/3,0)) -> Q3 | Y36: =IF(M36="","",IF(M36>=85,"Excellent",IF(M36>=70,"Good",IF(M36>=60,"Fair","Needs Improvement")))) | Z36: =IF(K36<20,"Short",IF(K36<40,"Medium","Long")) -> Medium
A37: TR-034 | B37: EMP056 | C37: Rania Rizk | D37: Operations | E37: Lean Six Sigma Green Belt | F37: Ops Excellence | G37: Yes | H37: Deloitte Academy | I37: 45734 | J37: 45774 | K37: 45 | L37: Completed | M37: 68 | N37: =IFERROR(VLOOKUP($A37,#REF!,13,FALSE),"") | O37: =IFERROR(VLOOKUP($A37,#REF!,10,FALSE),"") | P37: =IFERROR(VLOOKUP($A37,#REF!,7,FALSE),"") | Q37: =IFERROR(VLOOKUP($A37,#REF!,6,FALSE),"") | R37: =IF(G37="Yes",1,0) -> 1 | S37: =IF(L37="Completed",1,0) -> 1 | T37: =IF(L37="Completed",1,IF(L37="Failed",0,"")) -> 1 | U37: =YEAR(I37) -> 2025 | V37: ="Q"&ROUNDUP(MONTH(I37)/3,0) -> Q1 | W37: =IF(J37="","",YEAR(J37)) -> 2025 | X37: =IF(J37="","","Q"&ROUNDUP(MONTH(J37)/3,0)) -> Q2 | Y37: =IF(M37="","",IF(M37>=85,"Excellent",IF(M37>=70,"Good",IF(M37>=60,"Fair","Needs Improvement")))) -> Fair | Z37: =IF(K37<20,"Short",IF(K37<40,"Medium","Long")) -> Long
A38: TR-035 | B38: EMP043 | C38: Anas Mostafa | D38: IT | E38: Network Security Essentials | F38: IT Security | G38: Yes | H38: Udemy | I38: 46006 | J38: 46029 | K38: 26 | L38: Enrolled | N38: =IFERROR(VLOOKUP($A38,#REF!,13,FALSE),"") | O38: =IFERROR(VLOOKUP($A38,#REF!,10,FALSE),"") | P38: =IFERROR(VLOOKUP($A38,#REF!,7,FALSE),"") | Q38: =IFERROR(VLOOKUP($A38,#REF!,6,FALSE),"") | R38: =IF(G38="Yes",1,0) -> 1 | S38: =IF(L38="Completed",1,0) -> 0 | T38: =IF(L38="Completed",1,IF(L38="Failed",0,"")) | U38: =YEAR(I38) -> 2025 | V38: ="Q"&ROUNDUP(MONTH(I38)/3,0) -> Q4 | W38: =IF(J38="","",YEAR(J38)) -> 2026 | X38: =IF(J38="","","Q"&ROUNDUP(MONTH(J38)/3,0)) -> Q1 | Y38: =IF(M38="","",IF(M38>=85,"Excellent",IF(M38>=70,"Good",IF(M38>=60,"Fair","Needs Improvement")))) | Z38: =IF(K38<20,"Short",IF(K38<40,"Medium","Long")) -> Medium
A39: TR-036 | B39: EMP031 | C39: Medhat Anwar | D39: Finance | E39: IFRS Accounting Standards | F39: Finance | G39: Yes | H39: ACCA | I39: 45873 | J39: 45927 | K39: 60 | L39: Completed | M39: 81 | N39: =IFERROR(VLOOKUP($A39,#REF!,13,FALSE),"") | O39: =IFERROR(VLOOKUP($A39,#REF!,10,FALSE),"") | P39: =IFERROR(VLOOKUP($A39,#REF!,7,FALSE),"") | Q39: =IFERROR(VLOOKUP($A39,#REF!,6,FALSE),"") | R39: =IF(G39="Yes",1,0) -> 1 | S39: =IF(L39="Completed",1,0) -> 1 | T39: =IF(L39="Completed",1,IF(L39="Failed",0,"")) -> 1 | U39: =YEAR(I39) -> 2025 | V39: ="Q"&ROUNDUP(MONTH(I39)/3,0) -> Q3 | W39: =IF(J39="","",YEAR(J39)) -> 2025 | X39: =IF(J39="","","Q"&ROUNDUP(MONTH(J39)/3,0)) -> Q3 | Y39: =IF(M39="","",IF(M39>=85,"Excellent",IF(M39>=70,"Good",IF(M39>=60,"Fair","Needs Improvement")))) -> Good | Z39: =IF(K39<20,"Short",IF(K39<40,"Medium","Long")) -> Long
A40: TR-037 | B40: EMP044 | C40: Nourane Shaker | D40: Marketing | E40: Content Strategy Workshop | F40: Digital Marketing | G40: Yes | H40: LinkedIn Learning | I40: 45754 | J40: 45766 | K40: 14 | L40: In Progress | N40: =IFERROR(VLOOKUP($A40,#REF!,13,FALSE),"") | O40: =IFERROR(VLOOKUP($A40,#REF!,10,FALSE),"") | P40: =IFERROR(VLOOKUP($A40,#REF!,7,FALSE),"") | Q40: =IFERROR(VLOOKUP($A40,#REF!,6,FALSE),"") | R40: =IF(G40="Yes",1,0) -> 1 | S40: =IF(L40="Completed",1,0) -> 0 | T40: =IF(L40="Completed",1,IF(L40="Failed",0,"")) | U40: =YEAR(I40) -> 2025 | V40: ="Q"&ROUNDUP(MONTH(I40)/3,0) -> Q2 | W40: =IF(J40="","",YEAR(J40)) -> 2025 | X40: =IF(J40="","","Q"&ROUNDUP(MONTH(J40)/3,0)) -> Q2 | Y40: =IF(M40="","",IF(M40>=85,"Excellent",IF(M40>=70,"Good",IF(M40>=60,"Fair","Needs Improvement")))) | Z40: =IF(K40<20,"Short",IF(K40<40,"Medium","Long")) -> Short
A41: TR-038 | B41: EMP054 | C41: Ehab Fouad | D41: Operations | E41: Lean Six Sigma Green Belt | F41: Ops Excellence | G41: Yes | H41: Deloitte Academy | I41: 45847 | J41: 45887 | K41: 45 | L41: Completed | M41: 85 | N41: =IFERROR(VLOOKUP($A41,#REF!,13,FALSE),"") | O41: =IFERROR(VLOOKUP($A41,#REF!,10,FALSE),"") | P41: =IFERROR(VLOOKUP($A41,#REF!,7,FALSE),"") | Q41: =IFERROR(VLOOKUP($A41,#REF!,6,FALSE),"") | R41: =IF(G41="Yes",1,0) -> 1 | S41: =IF(L41="Completed",1,0) -> 1 | T41: =IF(L41="Completed",1,IF(L41="Failed",0,"")) -> 1 | U41: =YEAR(I41) -> 2025 | V41: ="Q"&ROUNDUP(MONTH(I41)/3,0) -> Q3 | W41: =IF(J41="","",YEAR(J41)) -> 2025 | X41: =IF(J41="","","Q"&ROUNDUP(MONTH(J41)/3,0)) -> Q3 | Y41: =IF(M41="","",IF(M41>=85,"Excellent",IF(M41>=70,"Good",IF(M41>=60,"Fair","Needs Improvement")))) -> Excellent | Z41: =IF(K41<20,"Short",IF(K41<40,"Medium","Long")) -> Long
A42: TR-039 | B42: EMP034 | C42: Amir Adel | D42: Finance | E42: IFRS Accounting Standards | F42: Finance | G42: Yes | H42: ACCA | I42: 45702 | J42: 45756 | K42: 60 | L42: Completed | M42: 87 | N42: =IFERROR(VLOOKUP($A42,#REF!,13,FALSE),"") | O42: =IFERROR(VLOOKUP($A42,#REF!,10,FALSE),"") | P42: =IFERROR(VLOOKUP($A42,#REF!,7,FALSE),"") | Q42: =IFERROR(VLOOKUP($A42,#REF!,6,FALSE),"") | R42: =IF(G42="Yes",1,0) -> 1 | S42: =IF(L42="Completed",1,0) -> 1 | T42: =IF(L42="Completed",1,IF(L42="Failed",0,"")) -> 1 | U42: =YEAR(I42) -> 2025 | V42: ="Q"&ROUNDUP(MONTH(I42)/3,0) -> Q1 | W42: =IF(J42="","",YEAR(J42)) -> 2025 | X42: =IF(J42="","","Q"&ROUNDUP(MONTH(J42)/3,0)) -> Q2 | Y42: =IF(M42="","",IF(M42>=85,"Excellent",IF(M42>=70,"Good",IF(M42>=60,"Fair","Needs Improvement")))) -> Excellent | Z42: =IF(K42<20,"Short",IF(K42<40,"Medium","Long")) -> Long
A43: TR-040 | B43: EMP010 | C43: Mona Fawzi | D43: Operations | E43: Lean Six Sigma Green Belt | F43: Ops Excellence | G43: Yes | H43: Deloitte Academy | I43: 45877 | J43: 45917 | K43: 45 | L43: In Progress | N43: =IFERROR(VLOOKUP($A43,#REF!,13,FALSE),"") | O43: =IFERROR(VLOOKUP($A43,#REF!,10,FALSE),"") | P43: =IFERROR(VLOOKUP($A43,#REF!,7,FALSE),"") | Q43: =IFERROR(VLOOKUP($A43,#REF!,6,FALSE),"") | R43: =IF(G43="Yes",1,0) -> 1 | S43: =IF(L43="Completed",1,0) -> 0 | T43: =IF(L43="Completed",1,IF(L43="Failed",0,"")) | U43: =YEAR(I43) -> 2025 | V43: ="Q"&ROUNDUP(MONTH(I43)/3,0) -> Q3 | W43: =IF(J43="","",YEAR(J43)) -> 2025 | X43: =IF(J43="","","Q"&ROUNDUP(MONTH(J43)/3,0)) -> Q3 | Y43: =IF(M43="","",IF(M43>=85,"Excellent",IF(M43>=70,"Good",IF(M43>=60,"Fair","Needs Improvement")))) | Z43: =IF(K43<20,"Short",IF(K43<40,"Medium","Long")) -> Long
A44: TR-041 | B44: EMP014 | C44: Sayed Mansour | D44: Engineering | E44: SQL Server Mastery | F44: Data | G44: Yes | H44: LinkedIn Learning | I44: 45899 | J44: 45926 | K44: 30 | L44: Completed | M44: 92 | N44: =IFERROR(VLOOKUP($A44,#REF!,13,FALSE),"") | O44: =IFERROR(VLOOKUP($A44,#REF!,10,FALSE),"") | P44: =IFERROR(VLOOKUP($A44,#REF!,7,FALSE),"") | Q44: =IFERROR(VLOOKUP($A44,#REF!,6,FALSE),"") | R44: =IF(G44="Yes",1,0) -> 1 | S44: =IF(L44="Completed",1,0) -> 1 | T44: =IF(L44="Completed",1,IF(L44="Failed",0,"")) -> 1 | U44: =YEAR(I44) -> 2025 | V44: ="Q"&ROUNDUP(MONTH(I44)/3,0) -> Q3 | W44: =IF(J44="","",YEAR(J44)) -> 2025 | X44: =IF(J44="","","Q"&ROUNDUP(MONTH(J44)/3,0)) -> Q3 | Y44: =IF(M44="","",IF(M44>=85,"Excellent",IF(M44>=70,"Good",IF(M44>=60,"Fair","Needs Improvement")))) -> Excellent | Z44: =IF(K44<20,"Short",IF(K44<40,"Medium","Long")) -> Medium
A45: TR-042 | B45: EMP049 | C45: Maha Kotb | D45: HR | E45: Payroll Compliance Workshop | F45: HR Ops | G45: Yes | H45: Deloitte Academy | I45: 45863 | J45: 45877 | K45: 16 | L45: Failed | M45: 34 | N45: =IFERROR(VLOOKUP($A45,#REF!,13,FALSE),"") | O45: =IFERROR(VLOOKUP($A45,#REF!,10,FALSE),"") | P45: =IFERROR(VLOOKUP($A45,#REF!,7,FALSE),"") | Q45: =IFERROR(VLOOKUP($A45,#REF!,6,FALSE),"") | R45: =IF(G45="Yes",1,0) -> 1 | S45: =IF(L45="Completed",1,0) -> 0 | T45: =IF(L45="Completed",1,IF(L45="Failed",0,"")) -> 0 | U45: =YEAR(I45) -> 2025 | V45: ="Q"&ROUNDUP(MONTH(I45)/3,0) -> Q3 | W45: =IF(J45="","",YEAR(J45)) -> 2025 | X45: =IF(J45="","","Q"&ROUNDUP(MONTH(J45)/3,0)) -> Q3 | Y45: =IF(M45="","",IF(M45>=85,"Excellent",IF(M45>=70,"Good",IF(M45>=60,"Fair","Needs Improvement")))) -> Needs Improvement | Z45: =IF(K45<20,"Short",IF(K45<40,"Medium","Long")) -> Short
A46: TR-043 | B46: EMP026 | C46: Rasha Fouad | D46: Sales | E46: Advanced Sales Techniques | F46: Sales | G46: Yes | H46: Sales Academy | I46: 45964 | J46: 45982 | K46: 20 | L46: Completed | M46: 94 | N46: =IFERROR(VLOOKUP($A46,#REF!,13,FALSE),"") | O46: =IFERROR(VLOOKUP($A46,#REF!,10,FALSE),"") | P46: =IFERROR(VLOOKUP($A46,#REF!,7,FALSE),"") | Q46: =IFERROR(VLOOKUP($A46,#REF!,6,FALSE),"") | R46: =IF(G46="Yes",1,0) -> 1 | S46: =IF(L46="Completed",1,0) -> 1 | T46: =IF(L46="Completed",1,IF(L46="Failed",0,"")) -> 1 | U46: =YEAR(I46) -> 2025 | V46: ="Q"&ROUNDUP(MONTH(I46)/3,0) -> Q4 | W46: =IF(J46="","",YEAR(J46)) -> 2025 | X46: =IF(J46="","","Q"&ROUNDUP(MONTH(J46)/3,0)) -> Q4 | Y46: =IF(M46="","",IF(M46>=85,"Excellent",IF(M46>=70,"Good",IF(M46>=60,"Fair","Needs Improvement")))) -> Excellent | Z46: =IF(K46<20,"Short",IF(K46<40,"Medium","Long")) -> Medium
A47: TR-044 | B47: EMP052 | C47: Nourane Ezzat | D47: HR | E47: People Management Essentials | F47: Leadership | G47: Yes | H47: LinkedIn Learning | I47: 45950 | J47: 45966 | K47: 18 | L47: Completed | M47: 88 | N47: =IFERROR(VLOOKUP($A47,#REF!,13,FALSE),"") | O47: =IFERROR(VLOOKUP($A47,#REF!,10,FALSE),"") | P47: =IFERROR(VLOOKUP($A47,#REF!,7,FALSE),"") | Q47: =IFERROR(VLOOKUP($A47,#REF!,6,FALSE),"") | R47: =IF(G47="Yes",1,0) -> 1 | S47: =IF(L47="Completed",1,0) -> 1 | T47: =IF(L47="Completed",1,IF(L47="Failed",0,"")) -> 1 | U47: =YEAR(I47) -> 2025 | V47: ="Q"&ROUNDUP(MONTH(I47)/3,0) -> Q4 | W47: =IF(J47="","",YEAR(J47)) -> 2025 | X47: =IF(J47="","","Q"&ROUNDUP(MONTH(J47)/3,0)) -> Q4 | Y47: =IF(M47="","",IF(M47>=85,"Excellent",IF(M47>=70,"Good",IF(M47>=60,"Fair","Needs Improvement")))) -> Excellent | Z47: =IF(K47<20,"Short",IF(K47<40,"Medium","Long")) -> Short
A48: TR-045 | B48: EMP019 | C48: Ziad Shaker | D48: Engineering | E48: Python for Data Engineers | F48: Dev | G48: Yes | H48: Coursera | I48: 46014 | J48: 46059 | K48: 50 | L48: Completed | M48: 100 | N48: =IFERROR(VLOOKUP($A48,#REF!,13,FALSE),"") | O48: =IFERROR(VLOOKUP($A48,#REF!,10,FALSE),"") | P48: =IFERROR(VLOOKUP($A48,#REF!,7,FALSE),"") | Q48: =IFERROR(VLOOKUP($A48,#REF!,6,FALSE),"") | R48: =IF(G48="Yes",1,0) -> 1 | S48: =IF(L48="Completed",1,0) -> 1 | T48: =IF(L48="Completed",1,IF(L48="Failed",0,"")) -> 1 | U48: =YEAR(I48) -> 2025 | V48: ="Q"&ROUNDUP(MONTH(I48)/3,0) -> Q4 | W48: =IF(J48="","",YEAR(J48)) -> 2026 | X48: =IF(J48="","","Q"&ROUNDUP(MONTH(J48)/3,0)) -> Q1 | Y48: =IF(M48="","",IF(M48>=85,"Excellent",IF(M48>=70,"Good",IF(M48>=60,"Fair","Needs Improvement")))) -> Excellent | Z48: =IF(K48<20,"Short",IF(K48<40,"Medium","Long")) -> Long
A49: TR-046 | B49: EMP033 | C49: Waleed Gomaa | D49: Finance | E49: IFRS Accounting Standards | F49: Finance | G49: Yes | H49: ACCA | I49: 46004 | J49: 46058 | K49: 60 | L49: Completed | M49: 76 | N49: =IFERROR(VLOOKUP($A49,#REF!,13,FALSE),"") | O49: =IFERROR(VLOOKUP($A49,#REF!,10,FALSE),"") | P49: =IFERROR(VLOOKUP($A49,#REF!,7,FALSE),"") | Q49: =IFERROR(VLOOKUP($A49,#REF!,6,FALSE),"") | R49: =IF(G49="Yes",1,0) -> 1 | S49: =IF(L49="Completed",1,0) -> 1 | T49: =IF(L49="Completed",1,IF(L49="Failed",0,"")) -> 1 | U49: =YEAR(I49) -> 2025 | V49: ="Q"&ROUNDUP(MONTH(I49)/3,0) -> Q4 | W49: =IF(J49="","",YEAR(J49)) -> 2026 | X49: =IF(J49="","","Q"&ROUNDUP(MONTH(J49)/3,0)) -> Q1 | Y49: =IF(M49="","",IF(M49>=85,"Excellent",IF(M49>=70,"Good",IF(M49>=60,"Fair","Needs Improvement")))) -> Good | Z49: =IF(K49<20,"Short",IF(K49<40,"Medium","Long")) -> Long
A50: TR-047 | B50: EMP012 | C50: Verina Mostafa | D50: Engineering | E50: SQL Server Mastery | F50: Data | G50: Yes | H50: LinkedIn Learning | I50: 45851 | J50: 45878 | K50: 30 | L50: In Progress | N50: =IFERROR(VLOOKUP($A50,#REF!,13,FALSE),"") | O50: =IFERROR(VLOOKUP($A50,#REF!,10,FALSE),"") | P50: =IFERROR(VLOOKUP($A50,#REF!,7,FALSE),"") | Q50: =IFERROR(VLOOKUP($A50,#REF!,6,FALSE),"") | R50: =IF(G50="Yes",1,0) -> 1 | S50: =IF(L50="Completed",1,0) -> 0 | T50: =IF(L50="Completed",1,IF(L50="Failed",0,"")) | U50: =YEAR(I50) -> 2025 | V50: ="Q"&ROUNDUP(MONTH(I50)/3,0) -> Q3 | W50: =IF(J50="","",YEAR(J50)) -> 2025 | X50: =IF(J50="","","Q"&ROUNDUP(MONTH(J50)/3,0)) -> Q3 | Y50: =IF(M50="","",IF(M50>=85,"Excellent",IF(M50>=70,"Good",IF(M50>=60,"Fair","Needs Improvement")))) | Z50: =IF(K50<20,"Short",IF(K50<40,"Medium","Long")) -> Medium
A51: TR-048 | B51: EMP010 | C51: Mona Fawzi | D51: Operations | E51: Supply Chain Analytics | F51: Ops Excellence | G51: Yes | H51: Coursera | I51: 45974 | J51: 46002 | K51: 32 | L51: Completed | M51: 81 | N51: =IFERROR(VLOOKUP($A51,#REF!,13,FALSE),"") | O51: =IFERROR(VLOOKUP($A51,#REF!,10,FALSE),"") | P51: =IFERROR(VLOOKUP($A51,#REF!,7,FALSE),"") | Q51: =IFERROR(VLOOKUP($A51,#REF!,6,FALSE),"") | R51: =IF(G51="Yes",1,0) -> 1 | S51: =IF(L51="Completed",1,0) -> 1 | T51: =IF(L51="Completed",1,IF(L51="Failed",0,"")) -> 1 | U51: =YEAR(I51) -> 2025 | V51: ="Q"&ROUNDUP(MONTH(I51)/3,0) -> Q4 | W51: =IF(J51="","",YEAR(J51)) -> 2025 | X51: =IF(J51="","","Q"&ROUNDUP(MONTH(J51)/3,0)) -> Q4 | Y51: =IF(M51="","",IF(M51>=85,"Excellent",IF(M51>=70,"Good",IF(M51>=60,"Fair","Needs Improvement")))) -> Good | Z51: =IF(K51<20,"Short",IF(K51<40,"Medium","Long")) -> Medium
A52: TR-049 | B52: EMP027 | C52: Mahmoud Ezzat | D52: Sales | E52: Negotiation Mastery | F52: Sales | G52: Yes | H52: HubSpot | I52: 46011 | J52: 46025 | K52: 16 | L52: In Progress | N52: =IFERROR(VLOOKUP($A52,#REF!,13,FALSE),"") | O52: =IFERROR(VLOOKUP($A52,#REF!,10,FALSE),"") | P52: =IFERROR(VLOOKUP($A52,#REF!,7,FALSE),"") | Q52: =IFERROR(VLOOKUP($A52,#REF!,6,FALSE),"") | R52: =IF(G52="Yes",1,0) -> 1 | S52: =IF(L52="Completed",1,0) -> 0 | T52: =IF(L52="Completed",1,IF(L52="Failed",0,"")) | U52: =YEAR(I52) -> 2025 | V52: ="Q"&ROUNDUP(MONTH(I52)/3,0) -> Q4 | W52: =IF(J52="","",YEAR(J52)) -> 2026 | X52: =IF(J52="","","Q"&ROUNDUP(MONTH(J52)/3,0)) -> Q1 | Y52: =IF(M52="","",IF(M52>=85,"Excellent",IF(M52>=70,"Good",IF(M52>=60,"Fair","Needs Improvement")))) | Z52: =IF(K52<20,"Short",IF(K52<40,"Medium","Long")) -> Short
A53: TR-050 | B53: EMP002 | C53: Sara Mohamed | D53: HR | E53: Strategic HR Leadership | F53: Leadership | G53: Yes | H53: Dale Carnegie | I53: 45841 | J53: 45862 | K53: 24 | L53: Enrolled | N53: =IFERROR(VLOOKUP($A53,#REF!,13,FALSE),"") | O53: =IFERROR(VLOOKUP($A53,#REF!,10,FALSE),"") | P53: =IFERROR(VLOOKUP($A53,#REF!,7,FALSE),"") | Q53: =IFERROR(VLOOKUP($A53,#REF!,6,FALSE),"") | R53: =IF(G53="Yes",1,0) -> 1 | S53: =IF(L53="Completed",1,0) -> 0 | T53: =IF(L53="Completed",1,IF(L53="Failed",0,"")) | U53: =YEAR(I53) -> 2025 | V53: ="Q"&ROUNDUP(MONTH(I53)/3,0) -> Q3 | W53: =IF(J53="","",YEAR(J53)) -> 2025 | X53: =IF(J53="","","Q"&ROUNDUP(MONTH(J53)/3,0)) -> Q3 | Y53: =IF(M53="","",IF(M53>=85,"Excellent",IF(M53>=70,"Good",IF(M53>=60,"Fair","Needs Improvement")))) | Z53: =IF(K53<20,"Short",IF(K53<40,"Medium","Long")) -> Medium
A54: TR-051 | B54: EMP021 | C54: Hesham Rizk | D54: Sales | E54: Sales Leadership Program | F54: Leadership | G54: Yes | H54: HubSpot | I54: 45666 | J54: 45680 | K54: 16 | L54: Completed | M54: 74 | N54: =IFERROR(VLOOKUP($A54,#REF!,13,FALSE),"") | O54: =IFERROR(VLOOKUP($A54,#REF!,10,FALSE),"") | P54: =IFERROR(VLOOKUP($A54,#REF!,7,FALSE),"") | Q54: =IFERROR(VLOOKUP($A54,#REF!,6,FALSE),"") | R54: =IF(G54="Yes",1,0) -> 1 | S54: =IF(L54="Completed",1,0) -> 1 | T54: =IF(L54="Completed",1,IF(L54="Failed",0,"")) -> 1 | U54: =YEAR(I54) -> 2025 | V54: ="Q"&ROUNDUP(MONTH(I54)/3,0) -> Q1 | W54: =IF(J54="","",YEAR(J54)) -> 2025 | X54: =IF(J54="","","Q"&ROUNDUP(MONTH(J54)/3,0)) -> Q1 | Y54: =IF(M54="","",IF(M54>=85,"Excellent",IF(M54>=70,"Good",IF(M54>=60,"Fair","Needs Improvement")))) -> Good | Z54: =IF(K54<20,"Short",IF(K54<40,"Medium","Long")) -> Short
A55: TR-052 | B55: EMP015 | C55: Nourhan Fathy | D55: Engineering | E55: SQL Server Mastery | F55: Data | G55: Yes | H55: LinkedIn Learning | I55: 45736 | J55: 45763 | K55: 30 | L55: Completed | M55: 89 | N55: =IFERROR(VLOOKUP($A55,#REF!,13,FALSE),"") | O55: =IFERROR(VLOOKUP($A55,#REF!,10,FALSE),"") | P55: =IFERROR(VLOOKUP($A55,#REF!,7,FALSE),"") | Q55: =IFERROR(VLOOKUP($A55,#REF!,6,FALSE),"") | R55: =IF(G55="Yes",1,0) -> 1 | S55: =IF(L55="Completed",1,0) -> 1 | T55: =IF(L55="Completed",1,IF(L55="Failed",0,"")) -> 1 | U55: =YEAR(I55) -> 2025 | V55: ="Q"&ROUNDUP(MONTH(I55)/3,0) -> Q1 | W55: =IF(J55="","",YEAR(J55)) -> 2025 | X55: =IF(J55="","","Q"&ROUNDUP(MONTH(J55)/3,0)) -> Q2 | Y55: =IF(M55="","",IF(M55>=85,"Excellent",IF(M55>=70,"Good",IF(M55>=60,"Fair","Needs Improvement")))) -> Excellent | Z55: =IF(K55<20,"Short",IF(K55<40,"Medium","Long")) -> Medium
A56: TR-053 | B56: EMP048 | C56: Ramy Amin | D56: Marketing | E56: SEO Fundamentals | F56: Digital Marketing | G56: Yes | H56: Coursera | I56: 45921 | J56: 45937 | K56: 18 | L56: Enrolled | N56: =IFERROR(VLOOKUP($A56,#REF!,13,FALSE),"") | O56: =IFERROR(VLOOKUP($A56,#REF!,10,FALSE),"") | P56: =IFERROR(VLOOKUP($A56,#REF!,7,FALSE),"") | Q56: =IFERROR(VLOOKUP($A56,#REF!,6,FALSE),"") | R56: =IF(G56="Yes",1,0) -> 1 | S56: =IF(L56="Completed",1,0) -> 0 | T56: =IF(L56="Completed",1,IF(L56="Failed",0,"")) | U56: =YEAR(I56) -> 2025 | V56: ="Q"&ROUNDUP(MONTH(I56)/3,0) -> Q3 | W56: =IF(J56="","",YEAR(J56)) -> 2025 | X56: =IF(J56="","","Q"&ROUNDUP(MONTH(J56)/3,0)) -> Q4 | Y56: =IF(M56="","",IF(M56>=85,"Excellent",IF(M56>=70,"Good",IF(M56>=60,"Fair","Needs Improvement")))) | Z56: =IF(K56<20,"Short",IF(K56<40,"Medium","Long")) -> Short
A57: TR-054 | B57: EMP043 | C57: Anas Mostafa | D57: IT | E57: Azure Administrator | F57: Cloud | G57: Yes | H57: Microsoft Learn | I57: 45880 | J57: 45920 | K57: 45 | L57: Failed | M57: 36 | N57: =IFERROR(VLOOKUP($A57,#REF!,13,FALSE),"") | O57: =IFERROR(VLOOKUP($A57,#REF!,10,FALSE),"") | P57: =IFERROR(VLOOKUP($A57,#REF!,7,FALSE),"") | Q57: =IFERROR(VLOOKUP($A57,#REF!,6,FALSE),"") | R57: =IF(G57="Yes",1,0) -> 1 | S57: =IF(L57="Completed",1,0) -> 0 | T57: =IF(L57="Completed",1,IF(L57="Failed",0,"")) -> 0 | U57: =YEAR(I57) -> 2025 | V57: ="Q"&ROUNDUP(MONTH(I57)/3,0) -> Q3 | W57: =IF(J57="","",YEAR(J57)) -> 2025 | X57: =IF(J57="","","Q"&ROUNDUP(MONTH(J57)/3,0)) -> Q3 | Y57: =IF(M57="","",IF(M57>=85,"Excellent",IF(M57>=70,"Good",IF(M57>=60,"Fair","Needs Improvement")))) -> Needs Improvement | Z57: =IF(K57<20,"Short",IF(K57<40,"Medium","Long")) -> Long
A58: TR-055 | B58: EMP056 | C58: Rania Rizk | D58: Operations | E58: Supply Chain Analytics | F58: Ops Excellence | G58: Yes | H58: Coursera | I58: 45935 | J58: 45963 | K58: 32 | L58: Completed | M58: 71 | N58: =IFERROR(VLOOKUP($A58,#REF!,13,FALSE),"") | O58: =IFERROR(VLOOKUP($A58,#REF!,10,FALSE),"") | P58: =IFERROR(VLOOKUP($A58,#REF!,7,FALSE),"") | Q58: =IFERROR(VLOOKUP($A58,#REF!,6,FALSE),"") | R58: =IF(G58="Yes",1,0) -> 1 | S58: =IF(L58="Completed",1,0) -> 1 | T58: =IF(L58="Completed",1,IF(L58="Failed",0,"")) -> 1 | U58: =YEAR(I58) -> 2025 | V58: ="Q"&ROUNDUP(MONTH(I58)/3,0) -> Q4 | W58: =IF(J58="","",YEAR(J58)) -> 2025 | X58: =IF(J58="","","Q"&ROUNDUP(MONTH(J58)/3,0)) -> Q4 | Y58: =IF(M58="","",IF(M58>=85,"Excellent",IF(M58>=70,"Good",IF(M58>=60,"Fair","Needs Improvement")))) -> Good | Z58: =IF(K58<20,"Short",IF(K58<40,"Medium","Long")) -> Medium
A59: TR-056 | B59: EMP007 | C59: Tarek Samir | D59: Engineering | E59: Advanced Git & DevOps | F59: Dev | G59: Yes | H59: Udemy | I59: 45837 | J59: 45855 | K59: 20 | L59: In Progress | N59: =IFERROR(VLOOKUP($A59,#REF!,13,FALSE),"") | O59: =IFERROR(VLOOKUP($A59,#REF!,10,FALSE),"") | P59: =IFERROR(VLOOKUP($A59,#REF!,7,FALSE),"") | Q59: =IFERROR(VLOOKUP($A59,#REF!,6,FALSE),"") | R59: =IF(G59="Yes",1,0) -> 1 | S59: =IF(L59="Completed",1,0) -> 0 | T59: =IF(L59="Completed",1,IF(L59="Failed",0,"")) | U59: =YEAR(I59) -> 2025 | V59: ="Q"&ROUNDUP(MONTH(I59)/3,0) -> Q2 | W59: =IF(J59="","",YEAR(J59)) -> 2025 | X59: =IF(J59="","","Q"&ROUNDUP(MONTH(J59)/3,0)) -> Q3 | Y59: =IF(M59="","",IF(M59>=85,"Excellent",IF(M59>=70,"Good",IF(M59>=60,"Fair","Needs Improvement")))) | Z59: =IF(K59<20,"Short",IF(K59<40,"Medium","Long")) -> Medium
A60: TR-057 | B60: EMP038 | C60: Medhat Farid | D60: IT | E60: Cybersecurity Fundamentals | F60: IT Security | G60: Yes | H60: Coursera | I60: 46008 | J60: 46035 | K60: 30 | L60: Completed | M60: 100 | N60: =IFERROR(VLOOKUP($A60,#REF!,13,FALSE),"") | O60: =IFERROR(VLOOKUP($A60,#REF!,10,FALSE),"") | P60: =IFERROR(VLOOKUP($A60,#REF!,7,FALSE),"") | Q60: =IFERROR(VLOOKUP($A60,#REF!,6,FALSE),"") | R60: =IF(G60="Yes",1,0) -> 1 | S60: =IF(L60="Completed",1,0) -> 1 | T60: =IF(L60="Completed",1,IF(L60="Failed",0,"")) -> 1 | U60: =YEAR(I60) -> 2025 | V60: ="Q"&ROUNDUP(MONTH(I60)/3,0) -> Q4 | W60: =IF(J60="","",YEAR(J60)) -> 2026 | X60: =IF(J60="","","Q"&ROUNDUP(MONTH(J60)/3,0)) -> Q1 | Y60: =IF(M60="","",IF(M60>=85,"Excellent",IF(M60>=70,"Good",IF(M60>=60,"Fair","Needs Improvement")))) -> Excellent | Z60: =IF(K60<20,"Short",IF(K60<40,"Medium","Long")) -> Medium
A61: TR-058 | B61: EMP013 | C61: Amir Saad | D61: Engineering | E61: Python for Data Engineers | F61: Dev | G61: Yes | H61: Coursera | I61: 46006 | J61: 46051 | K61: 50 | L61: Enrolled | N61: =IFERROR(VLOOKUP($A61,#REF!,13,FALSE),"") | O61: =IFERROR(VLOOKUP($A61,#REF!,10,FALSE),"") | P61: =IFERROR(VLOOKUP($A61,#REF!,7,FALSE),"") | Q61: =IFERROR(VLOOKUP($A61,#REF!,6,FALSE),"") | R61: =IF(G61="Yes",1,0) -> 1 | S61: =IF(L61="Completed",1,0) -> 0 | T61: =IF(L61="Completed",1,IF(L61="Failed",0,"")) | U61: =YEAR(I61) -> 2025 | V61: ="Q"&ROUNDUP(MONTH(I61)/3,0) -> Q4 | W61: =IF(J61="","",YEAR(J61)) -> 2026 | X61: =IF(J61="","","Q"&ROUNDUP(MONTH(J61)/3,0)) -> Q1 | Y61: =IF(M61="","",IF(M61>=85,"Excellent",IF(M61>=70,"Good",IF(M61>=60,"Fair","Needs Improvement")))) | Z61: =IF(K61<20,"Short",IF(K61<40,"Medium","Long")) -> Long
A62: TR-059 | B62: EMP056 | C62: Rania Rizk | D62: Operations | E62: Supply Chain Analytics | F62: Ops Excellence | G62: Yes | H62: Coursera | I62: 45906 | J62: 45934 | K62: 32 | L62: Enrolled | N62: =IFERROR(VLOOKUP($A62,#REF!,13,FALSE),"") | O62: =IFERROR(VLOOKUP($A62,#REF!,10,FALSE),"") | P62: =IFERROR(VLOOKUP($A62,#REF!,7,FALSE),"") | Q62: =IFERROR(VLOOKUP($A62,#REF!,6,FALSE),"") | R62: =IF(G62="Yes",1,0) -> 1 | S62: =IF(L62="Completed",1,0) -> 0 | T62: =IF(L62="Completed",1,IF(L62="Failed",0,"")) | U62: =YEAR(I62) -> 2025 | V62: ="Q"&ROUNDUP(MONTH(I62)/3,0) -> Q3 | W62: =IF(J62="","",YEAR(J62)) -> 2025 | X62: =IF(J62="","","Q"&ROUNDUP(MONTH(J62)/3,0)) -> Q4 | Y62: =IF(M62="","",IF(M62>=85,"Excellent",IF(M62>=70,"Good",IF(M62>=60,"Fair","Needs Improvement")))) | Z62: =IF(K62<20,"Short",IF(K62<40,"Medium","Long")) -> Medium
A63: TR-060 | B63: EMP011 | C63: Mohamed Helmy | D63: Engineering | E63: Azure Fundamentals | F63: Cloud | G63: Yes | H63: Microsoft Learn | I63: 45753 | J63: 45774 | K63: 24 | L63: Failed | M63: 33 | N63: =IFERROR(VLOOKUP($A63,#REF!,13,FALSE),"") | O63: =IFERROR(VLOOKUP($A63,#REF!,10,FALSE),"") | P63: =IFERROR(VLOOKUP($A63,#REF!,7,FALSE),"") | Q63: =IFERROR(VLOOKUP($A63,#REF!,6,FALSE),"") | R63: =IF(G63="Yes",1,0) -> 1 | S63: =IF(L63="Completed",1,0) -> 0 | T63: =IF(L63="Completed",1,IF(L63="Failed",0,"")) -> 0 | U63: =YEAR(I63) -> 2025 | V63: ="Q"&ROUNDUP(MONTH(I63)/3,0) -> Q2 | W63: =IF(J63="","",YEAR(J63)) -> 2025 | X63: =IF(J63="","","Q"&ROUNDUP(MONTH(J63)/3,0)) -> Q2 | Y63: =IF(M63="","",IF(M63>=85,"Excellent",IF(M63>=70,"Good",IF(M63>=60,"Fair","Needs Improvement")))) -> Needs Improvement | Z63: =IF(K63<20,"Short",IF(K63<40,"Medium","Long")) -> Medium
A64: TR-061 | B64: EMP033 | C64: Waleed Gomaa | D64: Finance | E64: Cost Accounting Deep Dive | F64: Finance | G64: Yes | H64: Coursera | I64: 45855 | J64: 45880 | K64: 28 | L64: Completed | M64: 83 | N64: =IFERROR(VLOOKUP($A64,#REF!,13,FALSE),"") | O64: =IFERROR(VLOOKUP($A64,#REF!,10,FALSE),"") | P64: =IFERROR(VLOOKUP($A64,#REF!,7,FALSE),"") | Q64: =IFERROR(VLOOKUP($A64,#REF!,6,FALSE),"") | R64: =IF(G64="Yes",1,0) -> 1 | S64: =IF(L64="Completed",1,0) -> 1 | T64: =IF(L64="Completed",1,IF(L64="Failed",0,"")) -> 1 | U64: =YEAR(I64) -> 2025 | V64: ="Q"&ROUNDUP(MONTH(I64)/3,0) -> Q3 | W64: =IF(J64="","",YEAR(J64)) -> 2025 | X64: =IF(J64="","","Q"&ROUNDUP(MONTH(J64)/3,0)) -> Q3 | Y64: =IF(M64="","",IF(M64>=85,"Excellent",IF(M64>=70,"Good",IF(M64>=60,"Fair","Needs Improvement")))) -> Good | Z64: =IF(K64<20,"Short",IF(K64<40,"Medium","Long")) -> Medium
A65: TR-062 | B65: EMP018 | C65: Passant Attia | D65: Engineering | E65: Advanced Git & DevOps | F65: Dev | G65: Yes | H65: Udemy | I65: 45869 | J65: 45887 | K65: 20 | L65: In Progress | N65: =IFERROR(VLOOKUP($A65,#REF!,13,FALSE),"") | O65: =IFERROR(VLOOKUP($A65,#REF!,10,FALSE),"") | P65: =IFERROR(VLOOKUP($A65,#REF!,7,FALSE),"") | Q65: =IFERROR(VLOOKUP($A65,#REF!,6,FALSE),"") | R65: =IF(G65="Yes",1,0) -> 1 | S65: =IF(L65="Completed",1,0) -> 0 | T65: =IF(L65="Completed",1,IF(L65="Failed",0,"")) | U65: =YEAR(I65) -> 2025 | V65: ="Q"&ROUNDUP(MONTH(I65)/3,0) -> Q3 | W65: =IF(J65="","",YEAR(J65)) -> 2025 | X65: =IF(J65="","","Q"&ROUNDUP(MONTH(J65)/3,0)) -> Q3 | Y65: =IF(M65="","",IF(M65>=85,"Excellent",IF(M65>=70,"Good",IF(M65>=60,"Fair","Needs Improvement")))) | Z65: =IF(K65<20,"Short",IF(K65<40,"Medium","Long")) -> Medium
A66: TR-063 | B66: EMP024 | C66: Hossam Fathy | D66: Sales | E66: Sales Leadership Program | F66: Leadership | G66: Yes | H66: HubSpot | I66: 45994 | J66: 46008 | K66: 16 | L66: Completed | M66: 94 | N66: =IFERROR(VLOOKUP($A66,#REF!,13,FALSE),"") | O66: =IFERROR(VLOOKUP($A66,#REF!,10,FALSE),"") | P66: =IFERROR(VLOOKUP($A66,#REF!,7,FALSE),"") | Q66: =IFERROR(VLOOKUP($A66,#REF!,6,FALSE),"") | R66: =IF(G66="Yes",1,0) -> 1 | S66: =IF(L66="Completed",1,0) -> 1 | T66: =IF(L66="Completed",1,IF(L66="Failed",0,"")) -> 1 | U66: =YEAR(I66) -> 2025 | V66: ="Q"&ROUNDUP(MONTH(I66)/3,0) -> Q4 | W66: =IF(J66="","",YEAR(J66)) -> 2025 | X66: =IF(J66="","","Q"&ROUNDUP(MONTH(J66)/3,0)) -> Q4 | Y66: =IF(M66="","",IF(M66>=85,"Excellent",IF(M66>=70,"Good",IF(M66>=60,"Fair","Needs Improvement")))) -> Excellent | Z66: =IF(K66<20,"Short",IF(K66<40,"Medium","Long")) -> Short
A67: TR-064 | B67: EMP057 | C67: Mariam Younis | D67: Operations | E67: Lean Six Sigma Green Belt | F67: Ops Excellence | G67: Yes | H67: Deloitte Academy | I67: 45853 | J67: 45893 | K67: 45 | L67: Completed | M67: 77 | N67: =IFERROR(VLOOKUP($A67,#REF!,13,FALSE),"") | O67: =IFERROR(VLOOKUP($A67,#REF!,10,FALSE),"") | P67: =IFERROR(VLOOKUP($A67,#REF!,7,FALSE),"") | Q67: =IFERROR(VLOOKUP($A67,#REF!,6,FALSE),"") | R67: =IF(G67="Yes",1,0) -> 1 | S67: =IF(L67="Completed",1,0) -> 1 | T67: =IF(L67="Completed",1,IF(L67="Failed",0,"")) -> 1 | U67: =YEAR(I67) -> 2025 | V67: ="Q"&ROUNDUP(MONTH(I67)/3,0) -> Q3 | W67: =IF(J67="","",YEAR(J67)) -> 2025 | X67: =IF(J67="","","Q"&ROUNDUP(MONTH(J67)/3,0)) -> Q3 | Y67: =IF(M67="","",IF(M67>=85,"Excellent",IF(M67>=70,"Good",IF(M67>=60,"Fair","Needs Improvement")))) -> Good | Z67: =IF(K67<20,"Short",IF(K67<40,"Medium","Long")) -> Long
A68: TR-065 | B68: EMP035 | C68: Ashraf Hafez | D68: Finance | E68: IFRS Accounting Standards | F68: Finance | G68: Yes | H68: ACCA | I68: 45859 | J68: 45913 | K68: 60 | L68: Completed | M68: 94 | N68: =IFERROR(VLOOKUP($A68,#REF!,13,FALSE),"") | O68: =IFERROR(VLOOKUP($A68,#REF!,10,FALSE),"") | P68: =IFERROR(VLOOKUP($A68,#REF!,7,FALSE),"") | Q68: =IFERROR(VLOOKUP($A68,#REF!,6,FALSE),"") | R68: =IF(G68="Yes",1,0) -> 1 | S68: =IF(L68="Completed",1,0) -> 1 | T68: =IF(L68="Completed",1,IF(L68="Failed",0,"")) -> 1 | U68: =YEAR(I68) -> 2025 | V68: ="Q"&ROUNDUP(MONTH(I68)/3,0) -> Q3 | W68: =IF(J68="","",YEAR(J68)) -> 2025 | X68: =IF(J68="","","Q"&ROUNDUP(MONTH(J68)/3,0)) -> Q3 | Y68: =IF(M68="","",IF(M68>=85,"Excellent",IF(M68>=70,"Good",IF(M68>=60,"Fair","Needs Improvement")))) -> Excellent | Z68: =IF(K68<20,"Short",IF(K68<40,"Medium","Long")) -> Long
A69: TR-066 | B69: EMP039 | C69: Marwa Rizk | D69: IT | E69: Network Security Essentials | F69: IT Security | G69: Yes | H69: Udemy | I69: 45821 | J69: 45844 | K69: 26 | L69: In Progress | N69: =IFERROR(VLOOKUP($A69,#REF!,13,FALSE),"") | O69: =IFERROR(VLOOKUP($A69,#REF!,10,FALSE),"") | P69: =IFERROR(VLOOKUP($A69,#REF!,7,FALSE),"") | Q69: =IFERROR(VLOOKUP($A69,#REF!,6,FALSE),"") | R69: =IF(G69="Yes",1,0) -> 1 | S69: =IF(L69="Completed",1,0) -> 0 | T69: =IF(L69="Completed",1,IF(L69="Failed",0,"")) | U69: =YEAR(I69) -> 2025 | V69: ="Q"&ROUNDUP(MONTH(I69)/3,0) -> Q2 | W69: =IF(J69="","",YEAR(J69)) -> 2025 | X69: =IF(J69="","","Q"&ROUNDUP(MONTH(J69)/3,0)) -> Q3 | Y69: =IF(M69="","",IF(M69>=85,"Excellent",IF(M69>=70,"Good",IF(M69>=60,"Fair","Needs Improvement")))) | Z69: =IF(K69<20,"Short",IF(K69<40,"Medium","Long")) -> Medium
A70: TR-067 | B70: EMP010 | C70: Mona Fawzi | D70: Operations | E70: Supply Chain Analytics | F70: Ops Excellence | G70: Yes | H70: Coursera | I70: 46009 | J70: 46037 | K70: 32 | L70: Completed | M70: 83 | N70: =IFERROR(VLOOKUP($A70,#REF!,13,FALSE),"") | O70: =IFERROR(VLOOKUP($A70,#REF!,10,FALSE),"") | P70: =IFERROR(VLOOKUP($A70,#REF!,7,FALSE),"") | Q70: =IFERROR(VLOOKUP($A70,#REF!,6,FALSE),"") | R70: =IF(G70="Yes",1,0) -> 1 | S70: =IF(L70="Completed",1,0) -> 1 | T70: =IF(L70="Completed",1,IF(L70="Failed",0,"")) -> 1 | U70: =YEAR(I70) -> 2025 | V70: ="Q"&ROUNDUP(MONTH(I70)/3,0) -> Q4 | W70: =IF(J70="","",YEAR(J70)) -> 2026 | X70: =IF(J70="","","Q"&ROUNDUP(MONTH(J70)/3,0)) -> Q1 | Y70: =IF(M70="","",IF(M70>=85,"Excellent",IF(M70>=70,"Good",IF(M70>=60,"Fair","Needs Improvement")))) -> Good | Z70: =IF(K70<20,"Short",IF(K70<40,"Medium","Long")) -> Medium
A71: TR-068 | B71: EMP041 | C71: Medhat Gaber | D71: IT | E71: Cybersecurity Fundamentals | F71: IT Security | G71: Yes | H71: Coursera | I71: 45833 | J71: 45860 | K71: 30 | L71: In Progress | N71: =IFERROR(VLOOKUP($A71,#REF!,13,FALSE),"") | O71: =IFERROR(VLOOKUP($A71,#REF!,10,FALSE),"") | P71: =IFERROR(VLOOKUP($A71,#REF!,7,FALSE),"") | Q71: =IFERROR(VLOOKUP($A71,#REF!,6,FALSE),"") | R71: =IF(G71="Yes",1,0) -> 1 | S71: =IF(L71="Completed",1,0) -> 0 | T71: =IF(L71="Completed",1,IF(L71="Failed",0,"")) | U71: =YEAR(I71) -> 2025 | V71: ="Q"&ROUNDUP(MONTH(I71)/3,0) -> Q2 | W71: =IF(J71="","",YEAR(J71)) -> 2025 | X71: =IF(J71="","","Q"&ROUNDUP(MONTH(J71)/3,0)) -> Q3 | Y71: =IF(M71="","",IF(M71>=85,"Excellent",IF(M71>=70,"Good",IF(M71>=60,"Fair","Needs Improvement")))) | Z71: =IF(K71<20,"Short",IF(K71<40,"Medium","Long")) -> Medium
A72: TR-069 | B72: EMP040 | C72: Doaa Zaki | D72: IT | E72: Azure Administrator | F72: Cloud | G72: Yes | H72: Microsoft Learn | I72: 45789 | J72: 45829 | K72: 45 | L72: Completed | M72: 94 | N72: =IFERROR(VLOOKUP($A72,#REF!,13,FALSE),"") | O72: =IFERROR(VLOOKUP($A72,#REF!,10,FALSE),"") | P72: =IFERROR(VLOOKUP($A72,#REF!,7,FALSE),"") | Q72: =IFERROR(VLOOKUP($A72,#REF!,6,FALSE),"") | R72: =IF(G72="Yes",1,0) -> 1 | S72: =IF(L72="Completed",1,0) -> 1 | T72: =IF(L72="Completed",1,IF(L72="Failed",0,"")) -> 1 | U72: =YEAR(I72) -> 2025 | V72: ="Q"&ROUNDUP(MONTH(I72)/3,0) -> Q2 | W72: =IF(J72="","",YEAR(J72)) -> 2025 | X72: =IF(J72="","","Q"&ROUNDUP(MONTH(J72)/3,0)) -> Q2 | Y72: =IF(M72="","",IF(M72>=85,"Excellent",IF(M72>=70,"Good",IF(M72>=60,"Fair","Needs Improvement")))) -> Excellent | Z72: =IF(K72<20,"Short",IF(K72<40,"Medium","Long")) -> Long
A73: TR-070 | B73: EMP009 | C73: Yasser Nasser | D73: IT | E73: Network Security Essentials | F73: IT Security | G73: Yes | H73: Udemy | I73: 45819 | J73: 45842 | K73: 26 | L73: Enrolled | N73: =IFERROR(VLOOKUP($A73,#REF!,13,FALSE),"") | O73: =IFERROR(VLOOKUP($A73,#REF!,10,FALSE),"") | P73: =IFERROR(VLOOKUP($A73,#REF!,7,FALSE),"") | Q73: =IFERROR(VLOOKUP($A73,#REF!,6,FALSE),"") | R73: =IF(G73="Yes",1,0) -> 1 | S73: =IF(L73="Completed",1,0) -> 0 | T73: =IF(L73="Completed",1,IF(L73="Failed",0,"")) | U73: =YEAR(I73) -> 2025 | V73: ="Q"&ROUNDUP(MONTH(I73)/3,0) -> Q2 | W73: =IF(J73="","",YEAR(J73)) -> 2025 | X73: =IF(J73="","","Q"&ROUNDUP(MONTH(J73)/3,0)) -> Q3 | Y73: =IF(M73="","",IF(M73>=85,"Excellent",IF(M73>=70,"Good",IF(M73>=60,"Fair","Needs Improvement")))) | Z73: =IF(K73<20,"Short",IF(K73<40,"Medium","Long")) -> Medium
A74: TR-071 | B74: EMP032 | C74: Karim Abdelrahman | D74: Finance | E74: Financial Modeling in Excel | F74: Finance | G74: Yes | H74: Udemy | I74: 45662 | J74: 45693 | K74: 35 | L74: Completed | M74: 74 | N74: =IFERROR(VLOOKUP($A74,#REF!,13,FALSE),"") | O74: =IFERROR(VLOOKUP($A74,#REF!,10,FALSE),"") | P74: =IFERROR(VLOOKUP($A74,#REF!,7,FALSE),"") | Q74: =IFERROR(VLOOKUP($A74,#REF!,6,FALSE),"") | R74: =IF(G74="Yes",1,0) -> 1 | S74: =IF(L74="Completed",1,0) -> 1 | T74: =IF(L74="Completed",1,IF(L74="Failed",0,"")) -> 1 | U74: =YEAR(I74) -> 2025 | V74: ="Q"&ROUNDUP(MONTH(I74)/3,0) -> Q1 | W74: =IF(J74="","",YEAR(J74)) -> 2025 | X74: =IF(J74="","","Q"&ROUNDUP(MONTH(J74)/3,0)) -> Q1 | Y74: =IF(M74="","",IF(M74>=85,"Excellent",IF(M74>=70,"Good",IF(M74>=60,"Fair","Needs Improvement")))) -> Good | Z74: =IF(K74<20,"Short",IF(K74<40,"Medium","Long")) -> Medium
A75: TR-072 | B75: EMP040 | C75: Doaa Zaki | D75: IT | E75: Cybersecurity Fundamentals | F75: IT Security | G75: Yes | H75: Coursera | I75: 45736 | J75: 45763 | K75: 30 | L75: Completed | M75: 92 | N75: =IFERROR(VLOOKUP($A75,#REF!,13,FALSE),"") | O75: =IFERROR(VLOOKUP($A75,#REF!,10,FALSE),"") | P75: =IFERROR(VLOOKUP($A75,#REF!,7,FALSE),"") | Q75: =IFERROR(VLOOKUP($A75,#REF!,6,FALSE),"") | R75: =IF(G75="Yes",1,0) -> 1 | S75: =IF(L75="Completed",1,0) -> 1 | T75: =IF(L75="Completed",1,IF(L75="Failed",0,"")) -> 1 | U75: =YEAR(I75) -> 2025 | V75: ="Q"&ROUNDUP(MONTH(I75)/3,0) -> Q1 | W75: =IF(J75="","",YEAR(J75)) -> 2025 | X75: =IF(J75="","","Q"&ROUNDUP(MONTH(J75)/3,0)) -> Q2 | Y75: =IF(M75="","",IF(M75>=85,"Excellent",IF(M75>=70,"Good",IF(M75>=60,"Fair","Needs Improvement")))) -> Excellent | Z75: =IF(K75<20,"Short",IF(K75<40,"Medium","Long")) -> Medium
A76: TR-073 | B76: EMP049 | C76: Maha Kotb | D76: HR | E76: Payroll Compliance Workshop | F76: HR Ops | G76: Yes | H76: Deloitte Academy | I76: 45924 | J76: 45938 | K76: 16 | L76: Failed | M76: 37 | N76: =IFERROR(VLOOKUP($A76,#REF!,13,FALSE),"") | O76: =IFERROR(VLOOKUP($A76,#REF!,10,FALSE),"") | P76: =IFERROR(VLOOKUP($A76,#REF!,7,FALSE),"") | Q76: =IFERROR(VLOOKUP($A76,#REF!,6,FALSE),"") | R76: =IF(G76="Yes",1,0) -> 1 | S76: =IF(L76="Completed",1,0) -> 0 | T76: =IF(L76="Completed",1,IF(L76="Failed",0,"")) -> 0 | U76: =YEAR(I76) -> 2025 | V76: ="Q"&ROUNDUP(MONTH(I76)/3,0) -> Q3 | W76: =IF(J76="","",YEAR(J76)) -> 2025 | X76: =IF(J76="","","Q"&ROUNDUP(MONTH(J76)/3,0)) -> Q4 | Y76: =IF(M76="","",IF(M76>=85,"Excellent",IF(M76>=70,"Good",IF(M76>=60,"Fair","Needs Improvement")))) -> Needs Improvement | Z76: =IF(K76<20,"Short",IF(K76<40,"Medium","Long")) -> Short
A77: TR-074 | B77: EMP051 | C77: Ramy Fathy | D77: HR | E77: Payroll Compliance Workshop | F77: HR Ops | G77: Yes | H77: Deloitte Academy | I77: 45862 | J77: 45876 | K77: 16 | L77: In Progress | N77: =IFERROR(VLOOKUP($A77,#REF!,13,FALSE),"") | O77: =IFERROR(VLOOKUP($A77,#REF!,10,FALSE),"") | P77: =IFERROR(VLOOKUP($A77,#REF!,7,FALSE),"") | Q77: =IFERROR(VLOOKUP($A77,#REF!,6,FALSE),"") | R77: =IF(G77="Yes",1,0) -> 1 | S77: =IF(L77="Completed",1,0) -> 0 | T77: =IF(L77="Completed",1,IF(L77="Failed",0,"")) | U77: =YEAR(I77) -> 2025 | V77: ="Q"&ROUNDUP(MONTH(I77)/3,0) -> Q3 | W77: =IF(J77="","",YEAR(J77)) -> 2025 | X77: =IF(J77="","","Q"&ROUNDUP(MONTH(J77)/3,0)) -> Q3 | Y77: =IF(M77="","",IF(M77>=85,"Excellent",IF(M77>=70,"Good",IF(M77>=60,"Fair","Needs Improvement")))) | Z77: =IF(K77<20,"Short",IF(K77<40,"Medium","Long")) -> Short
A78: TR-075 | B78: EMP031 | C78: Medhat Anwar | D78: Finance | E78: Cost Accounting Deep Dive | F78: Finance | G78: Yes | H78: Coursera | I78: 45688 | J78: 45713 | K78: 28 | L78: In Progress | N78: =IFERROR(VLOOKUP($A78,#REF!,13,FALSE),"") | O78: =IFERROR(VLOOKUP($A78,#REF!,10,FALSE),"") | P78: =IFERROR(VLOOKUP($A78,#REF!,7,FALSE),"") | Q78: =IFERROR(VLOOKUP($A78,#REF!,6,FALSE),"") | R78: =IF(G78="Yes",1,0) -> 1 | S78: =IF(L78="Completed",1,0) -> 0 | T78: =IF(L78="Completed",1,IF(L78="Failed",0,"")) | U78: =YEAR(I78) -> 2025 | V78: ="Q"&ROUNDUP(MONTH(I78)/3,0) -> Q1 | W78: =IF(J78="","",YEAR(J78)) -> 2025 | X78: =IF(J78="","","Q"&ROUNDUP(MONTH(J78)/3,0)) -> Q1 | Y78: =IF(M78="","",IF(M78>=85,"Excellent",IF(M78>=70,"Good",IF(M78>=60,"Fair","Needs Improvement")))) | Z78: =IF(K78<20,"Short",IF(K78<40,"Medium","Long")) -> Medium
A79: TR-076 | B79: EMP047 | C79: Radwa Farouk | D79: Marketing | E79: SEO Fundamentals | F79: Digital Marketing | G79: Yes | H79: Coursera | I79: 45944 | J79: 45960 | K79: 18 | L79: Cancelled | N79: =IFERROR(VLOOKUP($A79,#REF!,13,FALSE),"") | O79: =IFERROR(VLOOKUP($A79,#REF!,10,FALSE),"") | P79: =IFERROR(VLOOKUP($A79,#REF!,7,FALSE),"") | Q79: =IFERROR(VLOOKUP($A79,#REF!,6,FALSE),"") | R79: =IF(G79="Yes",1,0) -> 1 | S79: =IF(L79="Completed",1,0) -> 0 | T79: =IF(L79="Completed",1,IF(L79="Failed",0,"")) | U79: =YEAR(I79) -> 2025 | V79: ="Q"&ROUNDUP(MONTH(I79)/3,0) -> Q4 | W79: =IF(J79="","",YEAR(J79)) -> 2025 | X79: =IF(J79="","","Q"&ROUNDUP(MONTH(J79)/3,0)) -> Q4 | Y79: =IF(M79="","",IF(M79>=85,"Excellent",IF(M79>=70,"Good",IF(M79>=60,"Fair","Needs Improvement")))) | Z79: =IF(K79<20,"Short",IF(K79<40,"Medium","Long")) -> Short
A80: TR-077 | B80: EMP015 | C80: Nourhan Fathy | D80: Engineering | E80: Python for Data Engineers | F80: Dev | G80: Yes | H80: Coursera | I80: 45688 | J80: 45733 | K80: 50 | L80: Completed | M80: 92 | N80: =IFERROR(VLOOKUP($A80,#REF!,13,FALSE),"") | O80: =IFERROR(VLOOKUP($A80,#REF!,10,FALSE),"") | P80: =IFERROR(VLOOKUP($A80,#REF!,7,FALSE),"") | Q80: =IFERROR(VLOOKUP($A80,#REF!,6,FALSE),"") | R80: =IF(G80="Yes",1,0) -> 1 | S80: =IF(L80="Completed",1,0) -> 1 | T80: =IF(L80="Completed",1,IF(L80="Failed",0,"")) -> 1 | U80: =YEAR(I80) -> 2025 | V80: ="Q"&ROUNDUP(MONTH(I80)/3,0) -> Q1 | W80: =IF(J80="","",YEAR(J80)) -> 2025 | X80: =IF(J80="","","Q"&ROUNDUP(MONTH(J80)/3,0)) -> Q1 | Y80: =IF(M80="","",IF(M80>=85,"Excellent",IF(M80>=70,"Good",IF(M80>=60,"Fair","Needs Improvement")))) -> Excellent | Z80: =IF(K80<20,"Short",IF(K80<40,"Medium","Long")) -> Long
A81: TR-078 | B81: EMP040 | C81: Doaa Zaki | D81: IT | E81: Cybersecurity Fundamentals | F81: IT Security | G81: Yes | H81: Coursera | I81: 45734 | J81: 45761 | K81: 30 | L81: Completed | M81: 98 | N81: =IFERROR(VLOOKUP($A81,#REF!,13,FALSE),"") | O81: =IFERROR(VLOOKUP($A81,#REF!,10,FALSE),"") | P81: =IFERROR(VLOOKUP($A81,#REF!,7,FALSE),"") | Q81: =IFERROR(VLOOKUP($A81,#REF!,6,FALSE),"") | R81: =IF(G81="Yes",1,0) -> 1 | S81: =IF(L81="Completed",1,0) -> 1 | T81: =IF(L81="Completed",1,IF(L81="Failed",0,"")) -> 1 | U81: =YEAR(I81) -> 2025 | V81: ="Q"&ROUNDUP(MONTH(I81)/3,0) -> Q1 | W81: =IF(J81="","",YEAR(J81)) -> 2025 | X81: =IF(J81="","","Q"&ROUNDUP(MONTH(J81)/3,0)) -> Q2 | Y81: =IF(M81="","",IF(M81>=85,"Excellent",IF(M81>=70,"Good",IF(M81>=60,"Fair","Needs Improvement")))) -> Excellent | Z81: =IF(K81<20,"Short",IF(K81<40,"Medium","Long")) -> Medium
A82: TR-079 | B82: EMP015 | C82: Nourhan Fathy | D82: Engineering | E82: AWS Solutions Architect | F82: Cloud | G82: Yes | H82: AWS Training | I82: 45671 | J82: 45707 | K82: 40 | L82: Completed | M82: 87 | N82: =IFERROR(VLOOKUP($A82,#REF!,13,FALSE),"") | O82: =IFERROR(VLOOKUP($A82,#REF!,10,FALSE),"") | P82: =IFERROR(VLOOKUP($A82,#REF!,7,FALSE),"") | Q82: =IFERROR(VLOOKUP($A82,#REF!,6,FALSE),"") | R82: =IF(G82="Yes",1,0) -> 1 | S82: =IF(L82="Completed",1,0) -> 1 | T82: =IF(L82="Completed",1,IF(L82="Failed",0,"")) -> 1 | U82: =YEAR(I82) -> 2025 | V82: ="Q"&ROUNDUP(MONTH(I82)/3,0) -> Q1 | W82: =IF(J82="","",YEAR(J82)) -> 2025 | X82: =IF(J82="","","Q"&ROUNDUP(MONTH(J82)/3,0)) -> Q1 | Y82: =IF(M82="","",IF(M82>=85,"Excellent",IF(M82>=70,"Good",IF(M82>=60,"Fair","Needs Improvement")))) -> Excellent | Z82: =IF(K82<20,"Short",IF(K82<40,"Medium","Long")) -> Long
A83: TR-080 | B83: EMP004 | C83: Nour Ibrahim | D83: Finance | E83: IFRS Accounting Standards | F83: Finance | G83: Yes | H83: ACCA | I83: 45832 | J83: 45886 | K83: 60 | L83: Completed | M83: 62 | N83: =IFERROR(VLOOKUP($A83,#REF!,13,FALSE),"") | O83: =IFERROR(VLOOKUP($A83,#REF!,10,FALSE),"") | P83: =IFERROR(VLOOKUP($A83,#REF!,7,FALSE),"") | Q83: =IFERROR(VLOOKUP($A83,#REF!,6,FALSE),"") | R83: =IF(G83="Yes",1,0) -> 1 | S83: =IF(L83="Completed",1,0) -> 1 | T83: =IF(L83="Completed",1,IF(L83="Failed",0,"")) -> 1 | U83: =YEAR(I83) -> 2025 | V83: ="Q"&ROUNDUP(MONTH(I83)/3,0) -> Q2 | W83: =IF(J83="","",YEAR(J83)) -> 2025 | X83: =IF(J83="","","Q"&ROUNDUP(MONTH(J83)/3,0)) -> Q3 | Y83: =IF(M83="","",IF(M83>=85,"Excellent",IF(M83>=70,"Good",IF(M83>=60,"Fair","Needs Improvement")))) -> Fair | Z83: =IF(K83<20,"Short",IF(K83<40,"Medium","Long")) -> Long
A84: TR-081 | B84: EMP051 | C84: Ramy Fathy | D84: HR | E84: People Management Essentials | F84: Leadership | G84: Yes | H84: LinkedIn Learning | I84: 45986 | J84: 46002 | K84: 18 | L84: In Progress | N84: =IFERROR(VLOOKUP($A84,#REF!,13,FALSE),"") | O84: =IFERROR(VLOOKUP($A84,#REF!,10,FALSE),"") | P84: =IFERROR(VLOOKUP($A84,#REF!,7,FALSE),"") | Q84: =IFERROR(VLOOKUP($A84,#REF!,6,FALSE),"") | R84: =IF(G84="Yes",1,0) -> 1 | S84: =IF(L84="Completed",1,0) -> 0 | T84: =IF(L84="Completed",1,IF(L84="Failed",0,"")) | U84: =YEAR(I84) -> 2025 | V84: ="Q"&ROUNDUP(MONTH(I84)/3,0) -> Q4 | W84: =IF(J84="","",YEAR(J84)) -> 2025 | X84: =IF(J84="","","Q"&ROUNDUP(MONTH(J84)/3,0)) -> Q4 | Y84: =IF(M84="","",IF(M84>=85,"Excellent",IF(M84>=70,"Good",IF(M84>=60,"Fair","Needs Improvement")))) | Z84: =IF(K84<20,"Short",IF(K84<40,"Medium","Long")) -> Short
A85: TR-082 | B85: EMP039 | C85: Marwa Rizk | D85: IT | E85: Azure Administrator | F85: Cloud | G85: Yes | H85: Microsoft Learn | I85: 45911 | J85: 45951 | K85: 45 | L85: Completed | M85: 85 | N85: =IFERROR(VLOOKUP($A85,#REF!,13,FALSE),"") | O85: =IFERROR(VLOOKUP($A85,#REF!,10,FALSE),"") | P85: =IFERROR(VLOOKUP($A85,#REF!,7,FALSE),"") | Q85: =IFERROR(VLOOKUP($A85,#REF!,6,FALSE),"") | R85: =IF(G85="Yes",1,0) -> 1 | S85: =IF(L85="Completed",1,0) -> 1 | T85: =IF(L85="Completed",1,IF(L85="Failed",0,"")) -> 1 | U85: =YEAR(I85) -> 2025 | V85: ="Q"&ROUNDUP(MONTH(I85)/3,0) -> Q3 | W85: =IF(J85="","",YEAR(J85)) -> 2025 | X85: =IF(J85="","","Q"&ROUNDUP(MONTH(J85)/3,0)) -> Q4 | Y85: =IF(M85="","",IF(M85>=85,"Excellent",IF(M85>=70,"Good",IF(M85>=60,"Fair","Needs Improvement")))) -> Excellent | Z85: =IF(K85<20,"Short",IF(K85<40,"Medium","Long")) -> Long
A86: TR-083 | B86: EMP030 | C86: Islam Fahmy | D86: Finance | E86: Cost Accounting Deep Dive | F86: Finance | G86: Yes | H86: Coursera | I86: 45670 | J86: 45695 | K86: 28 | L86: In Progress | N86: =IFERROR(VLOOKUP($A86,#REF!,13,FALSE),"") | O86: =IFERROR(VLOOKUP($A86,#REF!,10,FALSE),"") | P86: =IFERROR(VLOOKUP($A86,#REF!,7,FALSE),"") | Q86: =IFERROR(VLOOKUP($A86,#REF!,6,FALSE),"") | R86: =IF(G86="Yes",1,0) -> 1 | S86: =IF(L86="Completed",1,0) -> 0 | T86: =IF(L86="Completed",1,IF(L86="Failed",0,"")) | U86: =YEAR(I86) -> 2025 | V86: ="Q"&ROUNDUP(MONTH(I86)/3,0) -> Q1 | W86: =IF(J86="","",YEAR(J86)) -> 2025 | X86: =IF(J86="","","Q"&ROUNDUP(MONTH(J86)/3,0)) -> Q1 | Y86: =IF(M86="","",IF(M86>=85,"Excellent",IF(M86>=70,"Good",IF(M86>=60,"Fair","Needs Improvement")))) | Z86: =IF(K86<20,"Short",IF(K86<40,"Medium","Long")) -> Medium
A87: TR-084 | B87: EMP057 | C87: Mariam Younis | D87: Operations | E87: Supply Chain Analytics | F87: Ops Excellence | G87: Yes | H87: Coursera | I87: 45726 | J87: 45754 | K87: 32 | L87: Cancelled | N87: =IFERROR(VLOOKUP($A87,#REF!,13,FALSE),"") | O87: =IFERROR(VLOOKUP($A87,#REF!,10,FALSE),"") | P87: =IFERROR(VLOOKUP($A87,#REF!,7,FALSE),"") | Q87: =IFERROR(VLOOKUP($A87,#REF!,6,FALSE),"") | R87: =IF(G87="Yes",1,0) -> 1 | S87: =IF(L87="Completed",1,0) -> 0 | T87: =IF(L87="Completed",1,IF(L87="Failed",0,"")) | U87: =YEAR(I87) -> 2025 | V87: ="Q"&ROUNDUP(MONTH(I87)/3,0) -> Q1 | W87: =IF(J87="","",YEAR(J87)) -> 2025 | X87: =IF(J87="","","Q"&ROUNDUP(MONTH(J87)/3,0)) -> Q2 | Y87: =IF(M87="","",IF(M87>=85,"Excellent",IF(M87>=70,"Good",IF(M87>=60,"Fair","Needs Improvement")))) | Z87: =IF(K87<20,"Short",IF(K87<40,"Medium","Long")) -> Medium
A88: TR-085 | B88: EMP036 | C88: Ashraf Riad | D88: Finance | E88: Financial Modeling in Excel | F88: Finance | G88: Yes | H88: Udemy | I88: 45676 | J88: 45707 | K88: 35 | L88: Enrolled | N88: =IFERROR(VLOOKUP($A88,#REF!,13,FALSE),"") | O88: =IFERROR(VLOOKUP($A88,#REF!,10,FALSE),"") | P88: =IFERROR(VLOOKUP($A88,#REF!,7,FALSE),"") | Q88: =IFERROR(VLOOKUP($A88,#REF!,6,FALSE),"") | R88: =IF(G88="Yes",1,0) -> 1 | S88: =IF(L88="Completed",1,0) -> 0 | T88: =IF(L88="Completed",1,IF(L88="Failed",0,"")) | U88: =YEAR(I88) -> 2025 | V88: ="Q"&ROUNDUP(MONTH(I88)/3,0) -> Q1 | W88: =IF(J88="","",YEAR(J88)) -> 2025 | X88: =IF(J88="","","Q"&ROUNDUP(MONTH(J88)/3,0)) -> Q1 | Y88: =IF(M88="","",IF(M88>=85,"Excellent",IF(M88>=70,"Good",IF(M88>=60,"Fair","Needs Improvement")))) | Z88: =IF(K88<20,"Short",IF(K88<40,"Medium","Long")) -> Medium
A89: TR-086 | B89: EMP022 | C89: Osama Anwar | D89: Sales | E89: Advanced Sales Techniques | F89: Sales | G89: Yes | H89: Sales Academy | I89: 45904 | J89: 45922 | K89: 20 | L89: Completed | M89: 98 | N89: =IFERROR(VLOOKUP($A89,#REF!,13,FALSE),"") | O89: =IFERROR(VLOOKUP($A89,#REF!,10,FALSE),"") | P89: =IFERROR(VLOOKUP($A89,#REF!,7,FALSE),"") | Q89: =IFERROR(VLOOKUP($A89,#REF!,6,FALSE),"") | R89: =IF(G89="Yes",1,0) -> 1 | S89: =IF(L89="Completed",1,0) -> 1 | T89: =IF(L89="Completed",1,IF(L89="Failed",0,"")) -> 1 | U89: =YEAR(I89) -> 2025 | V89: ="Q"&ROUNDUP(MONTH(I89)/3,0) -> Q3 | W89: =IF(J89="","",YEAR(J89)) -> 2025 | X89: =IF(J89="","","Q"&ROUNDUP(MONTH(J89)/3,0)) -> Q3 | Y89: =IF(M89="","",IF(M89>=85,"Excellent",IF(M89>=70,"Good",IF(M89>=60,"Fair","Needs Improvement")))) -> Excellent | Z89: =IF(K89<20,"Short",IF(K89<40,"Medium","Long")) -> Medium
A90: TR-087 | B90: EMP014 | C90: Sayed Mansour | D90: Engineering | E90: AWS Solutions Architect | F90: Cloud | G90: Yes | H90: AWS Training | I90: 45969 | J90: 46005 | K90: 40 | L90: Completed | M90: 72 | N90: =IFERROR(VLOOKUP($A90,#REF!,13,FALSE),"") | O90: =IFERROR(VLOOKUP($A90,#REF!,10,FALSE),"") | P90: =IFERROR(VLOOKUP($A90,#REF!,7,FALSE),"") | Q90: =IFERROR(VLOOKUP($A90,#REF!,6,FALSE),"") | R90: =IF(G90="Yes",1,0) -> 1 | S90: =IF(L90="Completed",1,0) -> 1 | T90: =IF(L90="Completed",1,IF(L90="Failed",0,"")) -> 1 | U90: =YEAR(I90) -> 2025 | V90: ="Q"&ROUNDUP(MONTH(I90)/3,0) -> Q4 | W90: =IF(J90="","",YEAR(J90)) -> 2025 | X90: =IF(J90="","","Q"&ROUNDUP(MONTH(J90)/3,0)) -> Q4 | Y90: =IF(M90="","",IF(M90>=85,"Excellent",IF(M90>=70,"Good",IF(M90>=60,"Fair","Needs Improvement")))) -> Good | Z90: =IF(K90<20,"Short",IF(K90<40,"Medium","Long")) -> Long
A91: TR-088 | B91: EMP024 | C91: Hossam Fathy | D91: Sales | E91: Sales Leadership Program | F91: Leadership | G91: Yes | H91: HubSpot | I91: 45762 | J91: 45776 | K91: 16 | L91: Failed | M91: 34 | N91: =IFERROR(VLOOKUP($A91,#REF!,13,FALSE),"") | O91: =IFERROR(VLOOKUP($A91,#REF!,10,FALSE),"") | P91: =IFERROR(VLOOKUP($A91,#REF!,7,FALSE),"") | Q91: =IFERROR(VLOOKUP($A91,#REF!,6,FALSE),"") | R91: =IF(G91="Yes",1,0) -> 1 | S91: =IF(L91="Completed",1,0) -> 0 | T91: =IF(L91="Completed",1,IF(L91="Failed",0,"")) -> 0 | U91: =YEAR(I91) -> 2025 | V91: ="Q"&ROUNDUP(MONTH(I91)/3,0) -> Q2 | W91: =IF(J91="","",YEAR(J91)) -> 2025 | X91: =IF(J91="","","Q"&ROUNDUP(MONTH(J91)/3,0)) -> Q2 | Y91: =IF(M91="","",IF(M91>=85,"Excellent",IF(M91>=70,"Good",IF(M91>=60,"Fair","Needs Improvement")))) -> Needs Improvement | Z91: =IF(K91<20,"Short",IF(K91<40,"Medium","Long")) -> Short
A92: TR-089 | B92: EMP036 | C92: Ashraf Riad | D92: Finance | E92: Cost Accounting Deep Dive | F92: Finance | G92: Yes | H92: Coursera | I92: 45722 | J92: 45747 | K92: 28 | L92: Completed | M92: 92 | N92: =IFERROR(VLOOKUP($A92,#REF!,13,FALSE),"") | O92: =IFERROR(VLOOKUP($A92,#REF!,10,FALSE),"") | P92: =IFERROR(VLOOKUP($A92,#REF!,7,FALSE),"") | Q92: =IFERROR(VLOOKUP($A92,#REF!,6,FALSE),"") | R92: =IF(G92="Yes",1,0) -> 1 | S92: =IF(L92="Completed",1,0) -> 1 | T92: =IF(L92="Completed",1,IF(L92="Failed",0,"")) -> 1 | U92: =YEAR(I92) -> 2025 | V92: ="Q"&ROUNDUP(MONTH(I92)/3,0) -> Q1 | W92: =IF(J92="","",YEAR(J92)) -> 2025 | X92: =IF(J92="","","Q"&ROUNDUP(MONTH(J92)/3,0)) -> Q1 | Y92: =IF(M92="","",IF(M92>=85,"Excellent",IF(M92>=70,"Good",IF(M92>=60,"Fair","Needs Improvement")))) -> Excellent | Z92: =IF(K92<20,"Short",IF(K92<40,"Medium","Long")) -> Medium
A93: TR-090 | B93: EMP031 | C93: Medhat Anwar | D93: Finance | E93: IFRS Accounting Standards | F93: Finance | G93: Yes | H93: ACCA | I93: 45939 | J93: 45993 | K93: 60 | L93: Completed | M93: 80 | N93: =IFERROR(VLOOKUP($A93,#REF!,13,FALSE),"") | O93: =IFERROR(VLOOKUP($A93,#REF!,10,FALSE),"") | P93: =IFERROR(VLOOKUP($A93,#REF!,7,FALSE),"") | Q93: =IFERROR(VLOOKUP($A93,#REF!,6,FALSE),"") | R93: =IF(G93="Yes",1,0) -> 1 | S93: =IF(L93="Completed",1,0) -> 1 | T93: =IF(L93="Completed",1,IF(L93="Failed",0,"")) -> 1 | U93: =YEAR(I93) -> 2025 | V93: ="Q"&ROUNDUP(MONTH(I93)/3,0) -> Q4 | W93: =IF(J93="","",YEAR(J93)) -> 2025 | X93: =IF(J93="","","Q"&ROUNDUP(MONTH(J93)/3,0)) -> Q4 | Y93: =IF(M93="","",IF(M93>=85,"Excellent",IF(M93>=70,"Good",IF(M93>=60,"Fair","Needs Improvement")))) -> Good | Z93: =IF(K93<20,"Short",IF(K93<40,"Medium","Long")) -> Long
A94: TR-091 | B94: EMP058 | C94: Alia Farid | D94: Operations | E94: Supply Chain Analytics | F94: Ops Excellence | G94: Yes | H94: Coursera | I94: 45716 | J94: 45744 | K94: 32 | L94: In Progress | N94: =IFERROR(VLOOKUP($A94,#REF!,13,FALSE),"") | O94: =IFERROR(VLOOKUP($A94,#REF!,10,FALSE),"") | P94: =IFERROR(VLOOKUP($A94,#REF!,7,FALSE),"") | Q94: =IFERROR(VLOOKUP($A94,#REF!,6,FALSE),"") | R94: =IF(G94="Yes",1,0) -> 1 | S94: =IF(L94="Completed",1,0) -> 0 | T94: =IF(L94="Completed",1,IF(L94="Failed",0,"")) | U94: =YEAR(I94) -> 2025 | V94: ="Q"&ROUNDUP(MONTH(I94)/3,0) -> Q1 | W94: =IF(J94="","",YEAR(J94)) -> 2025 | X94: =IF(J94="","","Q"&ROUNDUP(MONTH(J94)/3,0)) -> Q1 | Y94: =IF(M94="","",IF(M94>=85,"Excellent",IF(M94>=70,"Good",IF(M94>=60,"Fair","Needs Improvement")))) | Z94: =IF(K94<20,"Short",IF(K94<40,"Medium","Long")) -> Medium
A95: TR-092 | B95: EMP044 | C95: Nourane Shaker | D95: Marketing | E95: Google Analytics 4 | F95: Digital Marketing | G95: Yes | H95: Google | I95: 45665 | J95: 45675 | K95: 12 | L95: Completed | M95: 79 | N95: =IFERROR(VLOOKUP($A95,#REF!,13,FALSE),"") | O95: =IFERROR(VLOOKUP($A95,#REF!,10,FALSE),"") | P95: =IFERROR(VLOOKUP($A95,#REF!,7,FALSE),"") | Q95: =IFERROR(VLOOKUP($A95,#REF!,6,FALSE),"") | R95: =IF(G95="Yes",1,0) -> 1 | S95: =IF(L95="Completed",1,0) -> 1 | T95: =IF(L95="Completed",1,IF(L95="Failed",0,"")) -> 1 | U95: =YEAR(I95) -> 2025 | V95: ="Q"&ROUNDUP(MONTH(I95)/3,0) -> Q1 | W95: =IF(J95="","",YEAR(J95)) -> 2025 | X95: =IF(J95="","","Q"&ROUNDUP(MONTH(J95)/3,0)) -> Q1 | Y95: =IF(M95="","",IF(M95>=85,"Excellent",IF(M95>=70,"Good",IF(M95>=60,"Fair","Needs Improvement")))) -> Good | Z95: =IF(K95<20,"Short",IF(K95<40,"Medium","Long")) -> Short
A96: TR-093 | B96: EMP028 | C96: Adham Mansour | D96: Sales | E96: Sales Leadership Program | F96: Leadership | G96: Yes | H96: HubSpot | I96: 45967 | J96: 45981 | K96: 16 | L96: In Progress | N96: =IFERROR(VLOOKUP($A96,#REF!,13,FALSE),"") | O96: =IFERROR(VLOOKUP($A96,#REF!,10,FALSE),"") | P96: =IFERROR(VLOOKUP($A96,#REF!,7,FALSE),"") | Q96: =IFERROR(VLOOKUP($A96,#REF!,6,FALSE),"") | R96: =IF(G96="Yes",1,0) -> 1 | S96: =IF(L96="Completed",1,0) -> 0 | T96: =IF(L96="Completed",1,IF(L96="Failed",0,"")) | U96: =YEAR(I96) -> 2025 | V96: ="Q"&ROUNDUP(MONTH(I96)/3,0) -> Q4 | W96: =IF(J96="","",YEAR(J96)) -> 2025 | X96: =IF(J96="","","Q"&ROUNDUP(MONTH(J96)/3,0)) -> Q4 | Y96: =IF(M96="","",IF(M96>=85,"Excellent",IF(M96>=70,"Good",IF(M96>=60,"Fair","Needs Improvement")))) | Z96: =IF(K96<20,"Short",IF(K96<40,"Medium","Long")) -> Short
A97: TR-094 | B97: EMP041 | C97: Medhat Gaber | D97: IT | E97: Cybersecurity Fundamentals | F97: IT Security | G97: Yes | H97: Coursera | I97: 45772 | J97: 45799 | K97: 30 | L97: Completed | M97: 81 | N97: =IFERROR(VLOOKUP($A97,#REF!,13,FALSE),"") | O97: =IFERROR(VLOOKUP($A97,#REF!,10,FALSE),"") | P97: =IFERROR(VLOOKUP($A97,#REF!,7,FALSE),"") | Q97: =IFERROR(VLOOKUP($A97,#REF!,6,FALSE),"") | R97: =IF(G97="Yes",1,0) -> 1 | S97: =IF(L97="Completed",1,0) -> 1 | T97: =IF(L97="Completed",1,IF(L97="Failed",0,"")) -> 1 | U97: =YEAR(I97) -> 2025 | V97: ="Q"&ROUNDUP(MONTH(I97)/3,0) -> Q2 | W97: =IF(J97="","",YEAR(J97)) -> 2025 | X97: =IF(J97="","","Q"&ROUNDUP(MONTH(J97)/3,0)) -> Q2 | Y97: =IF(M97="","",IF(M97>=85,"Excellent",IF(M97>=70,"Good",IF(M97>=60,"Fair","Needs Improvement")))) -> Good | Z97: =IF(K97<20,"Short",IF(K97<40,"Medium","Long")) -> Medium
A98: TR-095 | B98: EMP018 | C98: Passant Attia | D98: Engineering | E98: React & Node.js Bootcamp | F98: Dev | G98: Yes | H98: Udemy | I98: 46021 | J98: 46093 | K98: 80 | L98: In Progress | N98: =IFERROR(VLOOKUP($A98,#REF!,13,FALSE),"") | O98: =IFERROR(VLOOKUP($A98,#REF!,10,FALSE),"") | P98: =IFERROR(VLOOKUP($A98,#REF!,7,FALSE),"") | Q98: =IFERROR(VLOOKUP($A98,#REF!,6,FALSE),"") | R98: =IF(G98="Yes",1,0) -> 1 | S98: =IF(L98="Completed",1,0) -> 0 | T98: =IF(L98="Completed",1,IF(L98="Failed",0,"")) | U98: =YEAR(I98) -> 2025 | V98: ="Q"&ROUNDUP(MONTH(I98)/3,0) -> Q4 | W98: =IF(J98="","",YEAR(J98)) -> 2026 | X98: =IF(J98="","","Q"&ROUNDUP(MONTH(J98)/3,0)) -> Q1 | Y98: =IF(M98="","",IF(M98>=85,"Excellent",IF(M98>=70,"Good",IF(M98>=60,"Fair","Needs Improvement")))) | Z98: =IF(K98<20,"Short",IF(K98<40,"Medium","Long")) -> Long
A99: TR-096 | B99: EMP011 | C99: Mohamed Helmy | D99: Engineering | E99: React & Node.js Bootcamp | F99: Dev | G99: Yes | H99: Udemy | I99: 45728 | J99: 45800 | K99: 80 | L99: Enrolled | N99: =IFERROR(VLOOKUP($A99,#REF!,13,FALSE),"") | O99: =IFERROR(VLOOKUP($A99,#REF!,10,FALSE),"") | P99: =IFERROR(VLOOKUP($A99,#REF!,7,FALSE),"") | Q99: =IFERROR(VLOOKUP($A99,#REF!,6,FALSE),"") | R99: =IF(G99="Yes",1,0) -> 1 | S99: =IF(L99="Completed",1,0) -> 0 | T99: =IF(L99="Completed",1,IF(L99="Failed",0,"")) | U99: =YEAR(I99) -> 2025 | V99: ="Q"&ROUNDUP(MONTH(I99)/3,0) -> Q1 | W99: =IF(J99="","",YEAR(J99)) -> 2025 | X99: =IF(J99="","","Q"&ROUNDUP(MONTH(J99)/3,0)) -> Q2 | Y99: =IF(M99="","",IF(M99>=85,"Excellent",IF(M99>=70,"Good",IF(M99>=60,"Fair","Needs Improvement")))) | Z99: =IF(K99<20,"Short",IF(K99<40,"Medium","Long")) -> Long
A100: TR-097 | B100: EMP054 | C100: Ehab Fouad | D100: Operations | E100: Supply Chain Analytics | F100: Ops Excellence | G100: Yes | H100: Coursera | I100: 45825 | J100: 45853 | K100: 32 | L100: Completed | M100: 87 | N100: =IFERROR(VLOOKUP($A100,#REF!,13,FALSE),"") | O100: =IFERROR(VLOOKUP($A100,#REF!,10,FALSE),"") | P100: =IFERROR(VLOOKUP($A100,#REF!,7,FALSE),"") | Q100: =IFERROR(VLOOKUP($A100,#REF!,6,FALSE),"") | R100: =IF(G100="Yes",1,0) -> 1 | S100: =IF(L100="Completed",1,0) -> 1 | T100: =IF(L100="Completed",1,IF(L100="Failed",0,"")) -> 1 | U100: =YEAR(I100) -> 2025 | V100: ="Q"&ROUNDUP(MONTH(I100)/3,0) -> Q2 | W100: =IF(J100="","",YEAR(J100)) -> 2025 | X100: =IF(J100="","","Q"&ROUNDUP(MONTH(J100)/3,0)) -> Q3 | Y100: =IF(M100="","",IF(M100>=85,"Excellent",IF(M100>=70,"Good",IF(M100>=60,"Fair","Needs Improvement")))) -> Excellent | Z100: =IF(K100<20,"Short",IF(K100<40,"Medium","Long")) -> Medium
...

Sheet Lookups
A1: Recruitment Stage | B1: Performance Band | D1: Departments | E1: Turnover Reasons | F1: Forecast Years | G1: Forecast Departments | H1: Forecast Scenario | I1: Budget Status List | J1: Position Type List | K1: Critical Position List | L1: Forecast Priority | N1: Skills | O1: Category
A2: Applied | B2: Excellent | D2: Engineering | E2: Resignation | F2: 2026 | G2: Engineering | H2: Base | I2: Forecast | J2: Replacement | K2: Yes | L2: High | N2: Python | O2: Technical
A3: Screening | B3: Very Good | D3: Finance | E3: Better Opportunity | F3: 2027 | G3: HR | H3: Conservative | I3: Draft | J3: New Position | K3: No | L3: Medium | N3: SQL | O3: Technical
A4: HR Interview | B4: Good | D4: HR | E4: Contract Ended | F4: 2028 | G4: Sales | H4: Optimistic | I4: Approved | L4: Low | N4: Excel | O4: Technical
A5: Technical Interview | B5: Needs Improvement | D5: IT | E5: Termination | F5: 2029 | G5: Finance | I5: Revised | N5: Power BI | O5: Technical
A6: Assessment | B6: Unsatisfactory | D6: Marketing | E6: Retirement | F6: 2030 | G6: Marketing | N6: Cloud | O6: Technical
A7: Pending | D7: Operations | E7: Relocation | G7: IT | N7: Communication | O7: Behavioral
A8: Accepted | D8: Sales | E8: Family Reasons | G8: Operations | N8: Leadership | O8: Behavioral
A9: Rejected | E9: Performance Issues | N9: Teamwork | O9: Behavioral
A10: Withdrawn | N10: Problem Solving | O10: Behavioral
A11: On Hold
A13: Status Group | B13: Tenure Band
A14: Current | B14: <1 year
A15: Former | B15: 1-3 years
B16: 3-5 years
B17: 5-10 years
B18: 10+ years
A19: Age Band
A20: Under 25
A21: 25-34

Sheet Attendance Monthly
A1: Attendance Monthly Summary (calc)
A2: Jan-Mar 2025 aggregated live from daily Attendance records. Apr-Dec 2025 are department-level monthly inputs (no daily punch data was generated for these months); headcount is always a live formula against Employees.
A3: Department | B3: Month | C3: MonthLabel | D3: WorkdaysInMonth | E3: HeadcountActive | F3: PresentCount | G3: AbsentCount | H3: LateCount | I3: LeaveCount | J3: OvertimeHours | K3: TotalRecords | L3: AttendanceRate | M3: AbsenteeismRate
A4: Engineering | B4: 45658 | C4: Jan 2025 | D4: 22 | E4: =COUNTIFS(#REF!,$A4,#REF!,"<="&EOMONTH($B4,0))-COUNTIFS(#REF!,$A4,#REF!,"<="&EOMONTH($B4,0),#REF!,"Terminated",#REF!,"<"&$B4) -> #REF! | F4: =COUNTIFS(#REF!,$A4,#REF!,TEXT($B4,"yyyy-mm"),#REF!,"Present") -> #REF! | G4: =COUNTIFS(#REF!,$A4,#REF!,TEXT($B4,"yyyy-mm"),#REF!,"Absent") -> #REF! | H4: =COUNTIFS(#REF!,$A4,#REF!,TEXT($B4,"yyyy-mm"),#REF!,"Late") -> #REF! | I4: =COUNTIFS(#REF!,$A4,#REF!,TEXT($B4,"yyyy-mm"),#REF!,"Leave") -> #REF! | J4: =SUMIFS(#REF!,#REF!,$A4,#REF!,TEXT($B4,"yyyy-mm")) -> #REF! | K4: =COUNTIFS(#REF!,$A4,#REF!,TEXT($B4,"yyyy-mm")) -> #REF! | L4: =IFERROR(($F4+$H4)/$K4,"") | M4: =IFERROR($G4/$K4,"")
A5: Engineering | B5: 45689 | C5: Feb 2025 | D5: 20 | E5: =COUNTIFS(#REF!,$A5,#REF!,"<="&EOMONTH($B5,0))-COUNTIFS(#REF!,$A5,#REF!,"<="&EOMONTH($B5,0),#REF!,"Terminated",#REF!,"<"&$B5) -> #REF! | F5: =COUNTIFS(#REF!,$A5,#REF!,TEXT($B5,"yyyy-mm"),#REF!,"Present") -> #REF! | G5: =COUNTIFS(#REF!,$A5,#REF!,TEXT($B5,"yyyy-mm"),#REF!,"Absent") -> #REF! | H5: =COUNTIFS(#REF!,$A5,#REF!,TEXT($B5,"yyyy-mm"),#REF!,"Late") -> #REF! | I5: =COUNTIFS(#REF!,$A5,#REF!,TEXT($B5,"yyyy-mm"),#REF!,"Leave") -> #REF! | J5: =SUMIFS(#REF!,#REF!,$A5,#REF!,TEXT($B5,"yyyy-mm")) -> #REF! | K5: =COUNTIFS(#REF!,$A5,#REF!,TEXT($B5,"yyyy-mm")) -> #REF! | L5: =IFERROR(($F5+$H5)/$K5,"") | M5: =IFERROR($G5/$K5,"")
A6: Engineering | B6: 45717 | C6: Mar 2025 | D6: 22 | E6: =COUNTIFS(#REF!,$A6,#REF!,"<="&EOMONTH($B6,0))-COUNTIFS(#REF!,$A6,#REF!,"<="&EOMONTH($B6,0),#REF!,"Terminated",#REF!,"<"&$B6) -> #REF! | F6: =COUNTIFS(#REF!,$A6,#REF!,TEXT($B6,"yyyy-mm"),#REF!,"Present") -> #REF! | G6: =COUNTIFS(#REF!,$A6,#REF!,TEXT($B6,"yyyy-mm"),#REF!,"Absent") -> #REF! | H6: =COUNTIFS(#REF!,$A6,#REF!,TEXT($B6,"yyyy-mm"),#REF!,"Late") -> #REF! | I6: =COUNTIFS(#REF!,$A6,#REF!,TEXT($B6,"yyyy-mm"),#REF!,"Leave") -> #REF! | J6: =SUMIFS(#REF!,#REF!,$A6,#REF!,TEXT($B6,"yyyy-mm")) -> #REF! | K6: =COUNTIFS(#REF!,$A6,#REF!,TEXT($B6,"yyyy-mm")) -> #REF! | L6: =IFERROR(($F6+$H6)/$K6,"") | M6: =IFERROR($G6/$K6,"")
A7: Engineering | B7: 45748 | C7: Apr 2025 | D7: 22 | E7: =COUNTIFS(#REF!,$A7,#REF!,"<="&EOMONTH($B7,0))-COUNTIFS(#REF!,$A7,#REF!,"<="&EOMONTH($B7,0),#REF!,"Terminated",#REF!,"<"&$B7) -> #REF! | F7: =MAX(0,$K7-$G7-$H7-$I7) -> #REF! | G7: =ROUND($K7*0.0109,0) -> #REF! | H7: =ROUND($K7*0.0347,0) -> #REF! | I7: =ROUND($K7*0.0167,0) -> #REF! | J7: =ROUND($E7*5.17,1) -> #REF! | K7: =ROUND(E7*D7,0) -> #REF! | L7: =IFERROR(($F7+$H7)/$K7,"") | M7: =IFERROR($G7/$K7,"")
A8: Engineering | B8: 45778 | C8: May 2025 | D8: 21 | E8: =COUNTIFS(#REF!,$A8,#REF!,"<="&EOMONTH($B8,0))-COUNTIFS(#REF!,$A8,#REF!,"<="&EOMONTH($B8,0),#REF!,"Terminated",#REF!,"<"&$B8) -> #REF! | F8: =MAX(0,$K8-$G8-$H8-$I8) -> #REF! | G8: =ROUND($K8*0.0235,0) -> #REF! | H8: =ROUND($K8*0.034,0) -> #REF! | I8: =ROUND($K8*0.0124,0) -> #REF! | J8: =ROUND($E8*4.33,1) -> #REF! | K8: =ROUND(E8*D8,0) -> #REF! | L8: =IFERROR(($F8+$H8)/$K8,"") | M8: =IFERROR($G8/$K8,"")
A9: Engineering | B9: 45809 | C9: Jun 2025 | D9: 22 | E9: =COUNTIFS(#REF!,$A9,#REF!,"<="&EOMONTH($B9,0))-COUNTIFS(#REF!,$A9,#REF!,"<="&EOMONTH($B9,0),#REF!,"Terminated",#REF!,"<"&$B9) -> #REF! | F9: =MAX(0,$K9-$G9-$H9-$I9) -> #REF! | G9: =ROUND($K9*0.0288,0) -> #REF! | H9: =ROUND($K9*0.032,0) -> #REF! | I9: =ROUND($K9*0.0256,0) -> #REF! | J9: =ROUND($E9*4.04,1) -> #REF! | K9: =ROUND(E9*D9,0) -> #REF! | L9: =IFERROR(($F9+$H9)/$K9,"") | M9: =IFERROR($G9/$K9,"")
A10: Engineering | B10: 45839 | C10: Jul 2025 | D10: 23 | E10: =COUNTIFS(#REF!,$A10,#REF!,"<="&EOMONTH($B10,0))-COUNTIFS(#REF!,$A10,#REF!,"<="&EOMONTH($B10,0),#REF!,"Terminated",#REF!,"<"&$B10) -> #REF! | F10: =MAX(0,$K10-$G10-$H10-$I10) -> #REF! | G10: =ROUND($K10*0.0293,0) -> #REF! | H10: =ROUND($K10*0.0181,0) -> #REF! | I10: =ROUND($K10*0.0254,0) -> #REF! | J10: =ROUND($E10*5.77,1) -> #REF! | K10: =ROUND(E10*D10,0) -> #REF! | L10: =IFERROR(($F10+$H10)/$K10,"") | M10: =IFERROR($G10/$K10,"")
A11: Engineering | B11: 45870 | C11: Aug 2025 | D11: 21 | E11: =COUNTIFS(#REF!,$A11,#REF!,"<="&EOMONTH($B11,0))-COUNTIFS(#REF!,$A11,#REF!,"<="&EOMONTH($B11,0),#REF!,"Terminated",#REF!,"<"&$B11) -> #REF! | F11: =MAX(0,$K11-$G11-$H11-$I11) -> #REF! | G11: =ROUND($K11*0.033,0) -> #REF! | H11: =ROUND($K11*0.0156,0) -> #REF! | I11: =ROUND($K11*0.0197,0) -> #REF! | J11: =ROUND($E11*3.34,1) -> #REF! | K11: =ROUND(E11*D11,0) -> #REF! | L11: =IFERROR(($F11+$H11)/$K11,"") | M11: =IFERROR($G11/$K11,"")
A12: Engineering | B12: 45901 | C12: Sep 2025 | D12: 22 | E12: =COUNTIFS(#REF!,$A12,#REF!,"<="&EOMONTH($B12,0))-COUNTIFS(#REF!,$A12,#REF!,"<="&EOMONTH($B12,0),#REF!,"Terminated",#REF!,"<"&$B12) -> #REF! | F12: =MAX(0,$K12-$G12-$H12-$I12) -> #REF! | G12: =ROUND($K12*0.0315,0) -> #REF! | H12: =ROUND($K12*0.0316,0) -> #REF! | I12: =ROUND($K12*0.0175,0) -> #REF! | J12: =ROUND($E12*2.58,1) -> #REF! | K12: =ROUND(E12*D12,0) -> #REF! | L12: =IFERROR(($F12+$H12)/$K12,"") | M12: =IFERROR($G12/$K12,"")
A13: Engineering | B13: 45931 | C13: Oct 2025 | D13: 22 | E13: =COUNTIFS(#REF!,$A13,#REF!,"<="&EOMONTH($B13,0))-COUNTIFS(#REF!,$A13,#REF!,"<="&EOMONTH($B13,0),#REF!,"Terminated",#REF!,"<"&$B13) -> #REF! | F13: =MAX(0,$K13-$G13-$H13-$I13) -> #REF! | G13: =ROUND($K13*0.0104,0) -> #REF! | H13: =ROUND($K13*0.035,0) -> #REF! | I13: =ROUND($K13*0.026,0) -> #REF! | J13: =ROUND($E13*3.2,1) -> #REF! | K13: =ROUND(E13*D13,0) -> #REF! | L13: =IFERROR(($F13+$H13)/$K13,"") | M13: =IFERROR($G13/$K13,"")
A14: Engineering | B14: 45962 | C14: Nov 2025 | D14: 21 | E14: =COUNTIFS(#REF!,$A14,#REF!,"<="&EOMONTH($B14,0))-COUNTIFS(#REF!,$A14,#REF!,"<="&EOMONTH($B14,0),#REF!,"Terminated",#REF!,"<"&$B14) -> #REF! | F14: =MAX(0,$K14-$G14-$H14-$I14) -> #REF! | G14: =ROUND($K14*0.0106,0) -> #REF! | H14: =ROUND($K14*0.0383,0) -> #REF! | I14: =ROUND($K14*0.0195,0) -> #REF! | J14: =ROUND($E14*3.03,1) -> #REF! | K14: =ROUND(E14*D14,0) -> #REF! | L14: =IFERROR(($F14+$H14)/$K14,"") | M14: =IFERROR($G14/$K14,"")
A15: Engineering | B15: 45992 | C15: Dec 2025 | D15: 23 | E15: =COUNTIFS(#REF!,$A15,#REF!,"<="&EOMONTH($B15,0))-COUNTIFS(#REF!,$A15,#REF!,"<="&EOMONTH($B15,0),#REF!,"Terminated",#REF!,"<"&$B15) -> #REF! | F15: =MAX(0,$K15-$G15-$H15-$I15) -> #REF! | G15: =ROUND($K15*0.022,0) -> #REF! | H15: =ROUND($K15*0.0254,0) -> #REF! | I15: =ROUND($K15*0.0256,0) -> #REF! | J15: =ROUND($E15*3.18,1) -> #REF! | K15: =ROUND(E15*D15,0) -> #REF! | L15: =IFERROR(($F15+$H15)/$K15,"") | M15: =IFERROR($G15/$K15,"")
A16: HR | B16: 45658 | C16: Jan 2025 | D16: 22 | E16: =COUNTIFS(#REF!,$A16,#REF!,"<="&EOMONTH($B16,0))-COUNTIFS(#REF!,$A16,#REF!,"<="&EOMONTH($B16,0),#REF!,"Terminated",#REF!,"<"&$B16) -> #REF! | F16: =COUNTIFS(#REF!,$A16,#REF!,TEXT($B16,"yyyy-mm"),#REF!,"Present") -> #REF! | G16: =COUNTIFS(#REF!,$A16,#REF!,TEXT($B16,"yyyy-mm"),#REF!,"Absent") -> #REF! | H16: =COUNTIFS(#REF!,$A16,#REF!,TEXT($B16,"yyyy-mm"),#REF!,"Late") -> #REF! | I16: =COUNTIFS(#REF!,$A16,#REF!,TEXT($B16,"yyyy-mm"),#REF!,"Leave") -> #REF! | J16: =SUMIFS(#REF!,#REF!,$A16,#REF!,TEXT($B16,"yyyy-mm")) -> #REF! | K16: =COUNTIFS(#REF!,$A16,#REF!,TEXT($B16,"yyyy-mm")) -> #REF! | L16: =IFERROR(($F16+$H16)/$K16,"") | M16: =IFERROR($G16/$K16,"")
A17: HR | B17: 45689 | C17: Feb 2025 | D17: 20 | E17: =COUNTIFS(#REF!,$A17,#REF!,"<="&EOMONTH($B17,0))-COUNTIFS(#REF!,$A17,#REF!,"<="&EOMONTH($B17,0),#REF!,"Terminated",#REF!,"<"&$B17) -> #REF! | F17: =COUNTIFS(#REF!,$A17,#REF!,TEXT($B17,"yyyy-mm"),#REF!,"Present") -> #REF! | G17: =COUNTIFS(#REF!,$A17,#REF!,TEXT($B17,"yyyy-mm"),#REF!,"Absent") -> #REF! | H17: =COUNTIFS(#REF!,$A17,#REF!,TEXT($B17,"yyyy-mm"),#REF!,"Late") -> #REF! | I17: =COUNTIFS(#REF!,$A17,#REF!,TEXT($B17,"yyyy-mm"),#REF!,"Leave") -> #REF! | J17: =SUMIFS(#REF!,#REF!,$A17,#REF!,TEXT($B17,"yyyy-mm")) -> #REF! | K17: =COUNTIFS(#REF!,$A17,#REF!,TEXT($B17,"yyyy-mm")) -> #REF! | L17: =IFERROR(($F17+$H17)/$K17,"") | M17: =IFERROR($G17/$K17,"")
A18: HR | B18: 45717 | C18: Mar 2025 | D18: 22 | E18: =COUNTIFS(#REF!,$A18,#REF!,"<="&EOMONTH($B18,0))-COUNTIFS(#REF!,$A18,#REF!,"<="&EOMONTH($B18,0),#REF!,"Terminated",#REF!,"<"&$B18) -> #REF! | F18: =COUNTIFS(#REF!,$A18,#REF!,TEXT($B18,"yyyy-mm"),#REF!,"Present") -> #REF! | G18: =COUNTIFS(#REF!,$A18,#REF!,TEXT($B18,"yyyy-mm"),#REF!,"Absent") -> #REF! | H18: =COUNTIFS(#REF!,$A18,#REF!,TEXT($B18,"yyyy-mm"),#REF!,"Late") -> #REF! | I18: =COUNTIFS(#REF!,$A18,#REF!,TEXT($B18,"yyyy-mm"),#REF!,"Leave") -> #REF! | J18: =SUMIFS(#REF!,#REF!,$A18,#REF!,TEXT($B18,"yyyy-mm")) -> #REF! | K18: =COUNTIFS(#REF!,$A18,#REF!,TEXT($B18,"yyyy-mm")) -> #REF! | L18: =IFERROR(($F18+$H18)/$K18,"") | M18: =IFERROR($G18/$K18,"")
A19: HR | B19: 45748 | C19: Apr 2025 | D19: 22 | E19: =COUNTIFS(#REF!,$A19,#REF!,"<="&EOMONTH($B19,0))-COUNTIFS(#REF!,$A19,#REF!,"<="&EOMONTH($B19,0),#REF!,"Terminated",#REF!,"<"&$B19) -> #REF! | F19: =MAX(0,$K19-$G19-$H19-$I19) -> #REF! | G19: =ROUND($K19*0.0202,0) -> #REF! | H19: =ROUND($K19*0.0338,0) -> #REF! | I19: =ROUND($K19*0.04,0) -> #REF! | J19: =ROUND($E19*5.51,1) -> #REF! | K19: =ROUND(E19*D19,0) -> #REF! | L19: =IFERROR(($F19+$H19)/$K19,"") | M19: =IFERROR($G19/$K19,"")
A20: HR | B20: 45778 | C20: May 2025 | D20: 21 | E20: =COUNTIFS(#REF!,$A20,#REF!,"<="&EOMONTH($B20,0))-COUNTIFS(#REF!,$A20,#REF!,"<="&EOMONTH($B20,0),#REF!,"Terminated",#REF!,"<"&$B20) -> #REF! | F20: =MAX(0,$K20-$G20-$H20-$I20) -> #REF! | G20: =ROUND($K20*0.0192,0) -> #REF! | H20: =ROUND($K20*0.0389,0) -> #REF! | I20: =ROUND($K20*0.0131,0) -> #REF! | J20: =ROUND($E20*3.78,1) -> #REF! | K20: =ROUND(E20*D20,0) -> #REF! | L20: =IFERROR(($F20+$H20)/$K20,"") | M20: =IFERROR($G20/$K20,"")
A21: HR | B21: 45809 | C21: Jun 2025 | D21: 22 | E21: =COUNTIFS(#REF!,$A21,#REF!,"<="&EOMONTH($B21,0))-COUNTIFS(#REF!,$A21,#REF!,"<="&EOMONTH($B21,0),#REF!,"Terminated",#REF!,"<"&$B21) -> #REF! | F21: =MAX(0,$K21-$G21-$H21-$I21) -> #REF! | G21: =ROUND($K21*0.0375,0) -> #REF! | H21: =ROUND($K21*0.0289,0) -> #REF! | I21: =ROUND($K21*0.0141,0) -> #REF! | J21: =ROUND($E21*5.59,1) -> #REF! | K21: =ROUND(E21*D21,0) -> #REF! | L21: =IFERROR(($F21+$H21)/$K21,"") | M21: =IFERROR($G21/$K21,"")
A22: HR | B22: 45839 | C22: Jul 2025 | D22: 23 | E22: =COUNTIFS(#REF!,$A22,#REF!,"<="&EOMONTH($B22,0))-COUNTIFS(#REF!,$A22,#REF!,"<="&EOMONTH($B22,0),#REF!,"Terminated",#REF!,"<"&$B22) -> #REF! | F22: =MAX(0,$K22-$G22-$H22-$I22) -> #REF! | G22: =ROUND($K22*0.0198,0) -> #REF! | H22: =ROUND($K22*0.0364,0) -> #REF! | I22: =ROUND($K22*0.0139,0) -> #REF! | J22: =ROUND($E22*0.5,1) -> #REF! | K22: =ROUND(E22*D22,0) -> #REF! | L22: =IFERROR(($F22+$H22)/$K22,"") | M22: =IFERROR($G22/$K22,"")
A23: HR | B23: 45870 | C23: Aug 2025 | D23: 21 | E23: =COUNTIFS(#REF!,$A23,#REF!,"<="&EOMONTH($B23,0))-COUNTIFS(#REF!,$A23,#REF!,"<="&EOMONTH($B23,0),#REF!,"Terminated",#REF!,"<"&$B23) -> #REF! | F23: =MAX(0,$K23-$G23-$H23-$I23) -> #REF! | G23: =ROUND($K23*0.0331,0) -> #REF! | H23: =ROUND($K23*0.046,0) -> #REF! | I23: =ROUND($K23*0.0244,0) -> #REF! | J23: =ROUND($E23*2.18,1) -> #REF! | K23: =ROUND(E23*D23,0) -> #REF! | L23: =IFERROR(($F23+$H23)/$K23,"") | M23: =IFERROR($G23/$K23,"")
A24: HR | B24: 45901 | C24: Sep 2025 | D24: 22 | E24: =COUNTIFS(#REF!,$A24,#REF!,"<="&EOMONTH($B24,0))-COUNTIFS(#REF!,$A24,#REF!,"<="&EOMONTH($B24,0),#REF!,"Terminated",#REF!,"<"&$B24) -> #REF! | F24: =MAX(0,$K24-$G24-$H24-$I24) -> #REF! | G24: =ROUND($K24*0.02,0) -> #REF! | H24: =ROUND($K24*0.0321,0) -> #REF! | I24: =ROUND($K24*0.0248,0) -> #REF! | J24: =ROUND($E24*3.53,1) -> #REF! | K24: =ROUND(E24*D24,0) -> #REF! | L24: =IFERROR(($F24+$H24)/$K24,"") | M24: =IFERROR($G24/$K24,"")
A25: HR | B25: 45931 | C25: Oct 2025 | D25: 22 | E25: =COUNTIFS(#REF!,$A25,#REF!,"<="&EOMONTH($B25,0))-COUNTIFS(#REF!,$A25,#REF!,"<="&EOMONTH($B25,0),#REF!,"Terminated",#REF!,"<"&$B25) -> #REF! | F25: =MAX(0,$K25-$G25-$H25-$I25) -> #REF! | G25: =ROUND($K25*0.008,0) -> #REF! | H25: =ROUND($K25*0.0381,0) -> #REF! | I25: =ROUND($K25*0.013,0) -> #REF! | J25: =ROUND($E25*2.19,1) -> #REF! | K25: =ROUND(E25*D25,0) -> #REF! | L25: =IFERROR(($F25+$H25)/$K25,"") | M25: =IFERROR($G25/$K25,"")
A26: HR | B26: 45962 | C26: Nov 2025 | D26: 21 | E26: =COUNTIFS(#REF!,$A26,#REF!,"<="&EOMONTH($B26,0))-COUNTIFS(#REF!,$A26,#REF!,"<="&EOMONTH($B26,0),#REF!,"Terminated",#REF!,"<"&$B26) -> #REF! | F26: =MAX(0,$K26-$G26-$H26-$I26) -> #REF! | G26: =ROUND($K26*0.0266,0) -> #REF! | H26: =ROUND($K26*0.026,0) -> #REF! | I26: =ROUND($K26*0.0155,0) -> #REF! | J26: =ROUND($E26*4.62,1) -> #REF! | K26: =ROUND(E26*D26,0) -> #REF! | L26: =IFERROR(($F26+$H26)/$K26,"") | M26: =IFERROR($G26/$K26,"")
A27: HR | B27: 45992 | C27: Dec 2025 | D27: 23 | E27: =COUNTIFS(#REF!,$A27,#REF!,"<="&EOMONTH($B27,0))-COUNTIFS(#REF!,$A27,#REF!,"<="&EOMONTH($B27,0),#REF!,"Terminated",#REF!,"<"&$B27) -> #REF! | F27: =MAX(0,$K27-$G27-$H27-$I27) -> #REF! | G27: =ROUND($K27*0.008,0) -> #REF! | H27: =ROUND($K27*0.0214,0) -> #REF! | I27: =ROUND($K27*0.0228,0) -> #REF! | J27: =ROUND($E27*3.51,1) -> #REF! | K27: =ROUND(E27*D27,0) -> #REF! | L27: =IFERROR(($F27+$H27)/$K27,"") | M27: =IFERROR($G27/$K27,"")
A28: Sales | B28: 45658 | C28: Jan 2025 | D28: 22 | E28: =COUNTIFS(#REF!,$A28,#REF!,"<="&EOMONTH($B28,0))-COUNTIFS(#REF!,$A28,#REF!,"<="&EOMONTH($B28,0),#REF!,"Terminated",#REF!,"<"&$B28) -> #REF! | F28: =COUNTIFS(#REF!,$A28,#REF!,TEXT($B28,"yyyy-mm"),#REF!,"Present") -> #REF! | G28: =COUNTIFS(#REF!,$A28,#REF!,TEXT($B28,"yyyy-mm"),#REF!,"Absent") -> #REF! | H28: =COUNTIFS(#REF!,$A28,#REF!,TEXT($B28,"yyyy-mm"),#REF!,"Late") -> #REF! | I28: =COUNTIFS(#REF!,$A28,#REF!,TEXT($B28,"yyyy-mm"),#REF!,"Leave") -> #REF! | J28: =SUMIFS(#REF!,#REF!,$A28,#REF!,TEXT($B28,"yyyy-mm")) -> #REF! | K28: =COUNTIFS(#REF!,$A28,#REF!,TEXT($B28,"yyyy-mm")) -> #REF! | L28: =IFERROR(($F28+$H28)/$K28,"") | M28: =IFERROR($G28/$K28,"")
A29: Sales | B29: 45689 | C29: Feb 2025 | D29: 20 | E29: =COUNTIFS(#REF!,$A29,#REF!,"<="&EOMONTH($B29,0))-COUNTIFS(#REF!,$A29,#REF!,"<="&EOMONTH($B29,0),#REF!,"Terminated",#REF!,"<"&$B29) -> #REF! | F29: =COUNTIFS(#REF!,$A29,#REF!,TEXT($B29,"yyyy-mm"),#REF!,"Present") -> #REF! | G29: =COUNTIFS(#REF!,$A29,#REF!,TEXT($B29,"yyyy-mm"),#REF!,"Absent") -> #REF! | H29: =COUNTIFS(#REF!,$A29,#REF!,TEXT($B29,"yyyy-mm"),#REF!,"Late") -> #REF! | I29: =COUNTIFS(#REF!,$A29,#REF!,TEXT($B29,"yyyy-mm"),#REF!,"Leave") -> #REF! | J29: =SUMIFS(#REF!,#REF!,$A29,#REF!,TEXT($B29,"yyyy-mm")) -> #REF! | K29: =COUNTIFS(#REF!,$A29,#REF!,TEXT($B29,"yyyy-mm")) -> #REF! | L29: =IFERROR(($F29+$H29)/$K29,"") | M29: =IFERROR($G29/$K29,"")
A30: Sales | B30: 45717 | C30: Mar 2025 | D30: 22 | E30: =COUNTIFS(#REF!,$A30,#REF!,"<="&EOMONTH($B30,0))-COUNTIFS(#REF!,$A30,#REF!,"<="&EOMONTH($B30,0),#REF!,"Terminated",#REF!,"<"&$B30) -> #REF! | F30: =COUNTIFS(#REF!,$A30,#REF!,TEXT($B30,"yyyy-mm"),#REF!,"Present") -> #REF! | G30: =COUNTIFS(#REF!,$A30,#REF!,TEXT($B30,"yyyy-mm"),#REF!,"Absent") -> #REF! | H30: =COUNTIFS(#REF!,$A30,#REF!,TEXT($B30,"yyyy-mm"),#REF!,"Late") -> #REF! | I30: =COUNTIFS(#REF!,$A30,#REF!,TEXT($B30,"yyyy-mm"),#REF!,"Leave") -> #REF! | J30: =SUMIFS(#REF!,#REF!,$A30,#REF!,TEXT($B30,"yyyy-mm")) -> #REF! | K30: =COUNTIFS(#REF!,$A30,#REF!,TEXT($B30,"yyyy-mm")) -> #REF! | L30: =IFERROR(($F30+$H30)/$K30,"") | M30: =IFERROR($G30/$K30,"")
A31: Sales | B31: 45748 | C31: Apr 2025 | D31: 22 | E31: =COUNTIFS(#REF!,$A31,#REF!,"<="&EOMONTH($B31,0))-COUNTIFS(#REF!,$A31,#REF!,"<="&EOMONTH($B31,0),#REF!,"Terminated",#REF!,"<"&$B31) -> #REF! | F31: =MAX(0,$K31-$G31-$H31-$I31) -> #REF! | G31: =ROUND($K31*0.0145,0) -> #REF! | H31: =ROUND($K31*0.06,0) -> #REF! | I31: =ROUND($K31*0.0119,0) -> #REF! | J31: =ROUND($E31*3.88,1) -> #REF! | K31: =ROUND(E31*D31,0) -> #REF! | L31: =IFERROR(($F31+$H31)/$K31,"") | M31: =IFERROR($G31/$K31,"")
A32: Sales | B32: 45778 | C32: May 2025 | D32: 21 | E32: =COUNTIFS(#REF!,$A32,#REF!,"<="&EOMONTH($B32,0))-COUNTIFS(#REF!,$A32,#REF!,"<="&EOMONTH($B32,0),#REF!,"Terminated",#REF!,"<"&$B32) -> #REF! | F32: =MAX(0,$K32-$G32-$H32-$I32) -> #REF! | G32: =ROUND($K32*0.0198,0) -> #REF! | H32: =ROUND($K32*0.0199,0) -> #REF! | I32: =ROUND($K32*0.005,0) -> #REF! | J32: =ROUND($E32*4.6,1) -> #REF! | K32: =ROUND(E32*D32,0) -> #REF! | L32: =IFERROR(($F32+$H32)/$K32,"") | M32: =IFERROR($G32/$K32,"")
A33: Sales | B33: 45809 | C33: Jun 2025 | D33: 22 | E33: =COUNTIFS(#REF!,$A33,#REF!,"<="&EOMONTH($B33,0))-COUNTIFS(#REF!,$A33,#REF!,"<="&EOMONTH($B33,0),#REF!,"Terminated",#REF!,"<"&$B33) -> #REF! | F33: =MAX(0,$K33-$G33-$H33-$I33) -> #REF! | G33: =ROUND($K33*0.0208,0) -> #REF! | H33: =ROUND($K33*0.0275,0) -> #REF! | I33: =ROUND($K33*0.024,0) -> #REF! | J33: =ROUND($E33*3.33,1) -> #REF! | K33: =ROUND(E33*D33,0) -> #REF! | L33: =IFERROR(($F33+$H33)/$K33,"") | M33: =IFERROR($G33/$K33,"")
A34: Sales | B34: 45839 | C34: Jul 2025 | D34: 23 | E34: =COUNTIFS(#REF!,$A34,#REF!,"<="&EOMONTH($B34,0))-COUNTIFS(#REF!,$A34,#REF!,"<="&EOMONTH($B34,0),#REF!,"Terminated",#REF!,"<"&$B34) -> #REF! | F34: =MAX(0,$K34-$G34-$H34-$I34) -> #REF! | G34: =ROUND($K34*0.0293,0) -> #REF! | H34: =ROUND($K34*0.0335,0) -> #REF! | I34: =ROUND($K34*0.009,0) -> #REF! | J34: =ROUND($E34*4.13,1) -> #REF! | K34: =ROUND(E34*D34,0) -> #REF! | L34: =IFERROR(($F34+$H34)/$K34,"") | M34: =IFERROR($G34/$K34,"")
A35: Sales | B35: 45870 | C35: Aug 2025 | D35: 21 | E35: =COUNTIFS(#REF!,$A35,#REF!,"<="&EOMONTH($B35,0))-COUNTIFS(#REF!,$A35,#REF!,"<="&EOMONTH($B35,0),#REF!,"Terminated",#REF!,"<"&$B35) -> #REF! | F35: =MAX(0,$K35-$G35-$H35-$I35) -> #REF! | G35: =ROUND($K35*0.0176,0) -> #REF! | H35: =ROUND($K35*0.0455,0) -> #REF! | I35: =ROUND($K35*0.0179,0) -> #REF! | J35: =ROUND($E35*3.56,1) -> #REF! | K35: =ROUND(E35*D35,0) -> #REF! | L35: =IFERROR(($F35+$H35)/$K35,"") | M35: =IFERROR($G35/$K35,"")
A36: Sales | B36: 45901 | C36: Sep 2025 | D36: 22 | E36: =COUNTIFS(#REF!,$A36,#REF!,"<="&EOMONTH($B36,0))-COUNTIFS(#REF!,$A36,#REF!,"<="&EOMONTH($B36,0),#REF!,"Terminated",#REF!,"<"&$B36) -> #REF! | F36: =MAX(0,$K36-$G36-$H36-$I36) -> #REF! | G36: =ROUND($K36*0.0179,0) -> #REF! | H36: =ROUND($K36*0.0325,0) -> #REF! | I36: =ROUND($K36*0.0234,0) -> #REF! | J36: =ROUND($E36*2.3,1) -> #REF! | K36: =ROUND(E36*D36,0) -> #REF! | L36: =IFERROR(($F36+$H36)/$K36,"") | M36: =IFERROR($G36/$K36,"")
A37: Sales | B37: 45931 | C37: Oct 2025 | D37: 22 | E37: =COUNTIFS(#REF!,$A37,#REF!,"<="&EOMONTH($B37,0))-COUNTIFS(#REF!,$A37,#REF!,"<="&EOMONTH($B37,0),#REF!,"Terminated",#REF!,"<"&$B37) -> #REF! | F37: =MAX(0,$K37-$G37-$H37-$I37) -> #REF! | G37: =ROUND($K37*0.0297,0) -> #REF! | H37: =ROUND($K37*0.0212,0) -> #REF! | I37: =ROUND($K37*0.0199,0) -> #REF! | J37: =ROUND($E37*2.63,1) -> #REF! | K37: =ROUND(E37*D37,0) -> #REF! | L37: =IFERROR(($F37+$H37)/$K37,"") | M37: =IFERROR($G37/$K37,"")
A38: Sales | B38: 45962 | C38: Nov 2025 | D38: 21 | E38: =COUNTIFS(#REF!,$A38,#REF!,"<="&EOMONTH($B38,0))-COUNTIFS(#REF!,$A38,#REF!,"<="&EOMONTH($B38,0),#REF!,"Terminated",#REF!,"<"&$B38) -> #REF! | F38: =MAX(0,$K38-$G38-$H38-$I38) -> #REF! | G38: =ROUND($K38*0.0114,0) -> #REF! | H38: =ROUND($K38*0.0429,0) -> #REF! | I38: =ROUND($K38*0.0169,0) -> #REF! | J38: =ROUND($E38*3.41,1) -> #REF! | K38: =ROUND(E38*D38,0) -> #REF! | L38: =IFERROR(($F38+$H38)/$K38,"") | M38: =IFERROR($G38/$K38,"")
A39: Sales | B39: 45992 | C39: Dec 2025 | D39: 23 | E39: =COUNTIFS(#REF!,$A39,#REF!,"<="&EOMONTH($B39,0))-COUNTIFS(#REF!,$A39,#REF!,"<="&EOMONTH($B39,0),#REF!,"Terminated",#REF!,"<"&$B39) -> #REF! | F39: =MAX(0,$K39-$G39-$H39-$I39) -> #REF! | G39: =ROUND($K39*0.021,0) -> #REF! | H39: =ROUND($K39*0.022,0) -> #REF! | I39: =ROUND($K39*0.0268,0) -> #REF! | J39: =ROUND($E39*3.06,1) -> #REF! | K39: =ROUND(E39*D39,0) -> #REF! | L39: =IFERROR(($F39+$H39)/$K39,"") | M39: =IFERROR($G39/$K39,"")
A40: Finance | B40: 45658 | C40: Jan 2025 | D40: 22 | E40: =COUNTIFS(#REF!,$A40,#REF!,"<="&EOMONTH($B40,0))-COUNTIFS(#REF!,$A40,#REF!,"<="&EOMONTH($B40,0),#REF!,"Terminated",#REF!,"<"&$B40) -> #REF! | F40: =COUNTIFS(#REF!,$A40,#REF!,TEXT($B40,"yyyy-mm"),#REF!,"Present") -> #REF! | G40: =COUNTIFS(#REF!,$A40,#REF!,TEXT($B40,"yyyy-mm"),#REF!,"Absent") -> #REF! | H40: =COUNTIFS(#REF!,$A40,#REF!,TEXT($B40,"yyyy-mm"),#REF!,"Late") -> #REF! | I40: =COUNTIFS(#REF!,$A40,#REF!,TEXT($B40,"yyyy-mm"),#REF!,"Leave") -> #REF! | J40: =SUMIFS(#REF!,#REF!,$A40,#REF!,TEXT($B40,"yyyy-mm")) -> #REF! | K40: =COUNTIFS(#REF!,$A40,#REF!,TEXT($B40,"yyyy-mm")) -> #REF! | L40: =IFERROR(($F40+$H40)/$K40,"") | M40: =IFERROR($G40/$K40,"")
A41: Finance | B41: 45689 | C41: Feb 2025 | D41: 20 | E41: =COUNTIFS(#REF!,$A41,#REF!,"<="&EOMONTH($B41,0))-COUNTIFS(#REF!,$A41,#REF!,"<="&EOMONTH($B41,0),#REF!,"Terminated",#REF!,"<"&$B41) -> #REF! | F41: =COUNTIFS(#REF!,$A41,#REF!,TEXT($B41,"yyyy-mm"),#REF!,"Present") -> #REF! | G41: =COUNTIFS(#REF!,$A41,#REF!,TEXT($B41,"yyyy-mm"),#REF!,"Absent") -> #REF! | H41: =COUNTIFS(#REF!,$A41,#REF!,TEXT($B41,"yyyy-mm"),#REF!,"Late") -> #REF! | I41: =COUNTIFS(#REF!,$A41,#REF!,TEXT($B41,"yyyy-mm"),#REF!,"Leave") -> #REF! | J41: =SUMIFS(#REF!,#REF!,$A41,#REF!,TEXT($B41,"yyyy-mm")) -> #REF! | K41: =COUNTIFS(#REF!,$A41,#REF!,TEXT($B41,"yyyy-mm")) -> #REF! | L41: =IFERROR(($F41+$H41)/$K41,"") | M41: =IFERROR($G41/$K41,"")
A42: Finance | B42: 45717 | C42: Mar 2025 | D42: 22 | E42: =COUNTIFS(#REF!,$A42,#REF!,"<="&EOMONTH($B42,0))-COUNTIFS(#REF!,$A42,#REF!,"<="&EOMONTH($B42,0),#REF!,"Terminated",#REF!,"<"&$B42) -> #REF! | F42: =COUNTIFS(#REF!,$A42,#REF!,TEXT($B42,"yyyy-mm"),#REF!,"Present") -> #REF! | G42: =COUNTIFS(#REF!,$A42,#REF!,TEXT($B42,"yyyy-mm"),#REF!,"Absent") -> #REF! | H42: =COUNTIFS(#REF!,$A42,#REF!,TEXT($B42,"yyyy-mm"),#REF!,"Late") -> #REF! | I42: =COUNTIFS(#REF!,$A42,#REF!,TEXT($B42,"yyyy-mm"),#REF!,"Leave") -> #REF! | J42: =SUMIFS(#REF!,#REF!,$A42,#REF!,TEXT($B42,"yyyy-mm")) -> #REF! | K42: =COUNTIFS(#REF!,$A42,#REF!,TEXT($B42,"yyyy-mm")) -> #REF! | L42: =IFERROR(($F42+$H42)/$K42,"") | M42: =IFERROR($G42/$K42,"")
A43: Finance | B43: 45748 | C43: Apr 2025 | D43: 22 | E43: =COUNTIFS(#REF!,$A43,#REF!,"<="&EOMONTH($B43,0))-COUNTIFS(#REF!,$A43,#REF!,"<="&EOMONTH($B43,0),#REF!,"Terminated",#REF!,"<"&$B43) -> #REF! | F43: =MAX(0,$K43-$G43-$H43-$I43) -> #REF! | G43: =ROUND($K43*0.0268,0) -> #REF! | H43: =ROUND($K43*0.0226,0) -> #REF! | I43: =ROUND($K43*0.0163,0) -> #REF! | J43: =ROUND($E43*3.97,1) -> #REF! | K43: =ROUND(E43*D43,0) -> #REF! | L43: =IFERROR(($F43+$H43)/$K43,"") | M43: =IFERROR($G43/$K43,"")
A44: Finance | B44: 45778 | C44: May 2025 | D44: 21 | E44: =COUNTIFS(#REF!,$A44,#REF!,"<="&EOMONTH($B44,0))-COUNTIFS(#REF!,$A44,#REF!,"<="&EOMONTH($B44,0),#REF!,"Terminated",#REF!,"<"&$B44) -> #REF! | F44: =MAX(0,$K44-$G44-$H44-$I44) -> #REF! | G44: =ROUND($K44*0.0286,0) -> #REF! | H44: =ROUND($K44*0.022,0) -> #REF! | I44: =ROUND($K44*0.0214,0) -> #REF! | J44: =ROUND($E44*4.54,1) -> #REF! | K44: =ROUND(E44*D44,0) -> #REF! | L44: =IFERROR(($F44+$H44)/$K44,"") | M44: =IFERROR($G44/$K44,"")
A45: Finance | B45: 45809 | C45: Jun 2025 | D45: 22 | E45: =COUNTIFS(#REF!,$A45,#REF!,"<="&EOMONTH($B45,0))-COUNTIFS(#REF!,$A45,#REF!,"<="&EOMONTH($B45,0),#REF!,"Terminated",#REF!,"<"&$B45) -> #REF! | F45: =MAX(0,$K45-$G45-$H45-$I45) -> #REF! | G45: =ROUND($K45*0.0128,0) -> #REF! | H45: =ROUND($K45*0.023,0) -> #REF! | I45: =ROUND($K45*0.0078,0) -> #REF! | J45: =ROUND($E45*3.01,1) -> #REF! | K45: =ROUND(E45*D45,0) -> #REF! | L45: =IFERROR(($F45+$H45)/$K45,"") | M45: =IFERROR($G45/$K45,"")
A46: Finance | B46: 45839 | C46: Jul 2025 | D46: 23 | E46: =COUNTIFS(#REF!,$A46,#REF!,"<="&EOMONTH($B46,0))-COUNTIFS(#REF!,$A46,#REF!,"<="&EOMONTH($B46,0),#REF!,"Terminated",#REF!,"<"&$B46) -> #REF! | F46: =MAX(0,$K46-$G46-$H46-$I46) -> #REF! | G46: =ROUND($K46*0.0242,0) -> #REF! | H46: =ROUND($K46*0.0213,0) -> #REF! | I46: =ROUND($K46*0.024,0) -> #REF! | J46: =ROUND($E46*1.98,1) -> #REF! | K46: =ROUND(E46*D46,0) -> #REF! | L46: =IFERROR(($F46+$H46)/$K46,"") | M46: =IFERROR($G46/$K46,"")
A47: Finance | B47: 45870 | C47: Aug 2025 | D47: 21 | E47: =COUNTIFS(#REF!,$A47,#REF!,"<="&EOMONTH($B47,0))-COUNTIFS(#REF!,$A47,#REF!,"<="&EOMONTH($B47,0),#REF!,"Terminated",#REF!,"<"&$B47) -> #REF! | F47: =MAX(0,$K47-$G47-$H47-$I47) -> #REF! | G47: =ROUND($K47*0.0244,0) -> #REF! | H47: =ROUND($K47*0.0282,0) -> #REF! | I47: =ROUND($K47*0.0265,0) -> #REF! | J47: =ROUND($E47*0.87,1) -> #REF! | K47: =ROUND(E47*D47,0) -> #REF! | L47: =IFERROR(($F47+$H47)/$K47,"") | M47: =IFERROR($G47/$K47,"")
A48: Finance | B48: 45901 | C48: Sep 2025 | D48: 22 | E48: =COUNTIFS(#REF!,$A48,#REF!,"<="&EOMONTH($B48,0))-COUNTIFS(#REF!,$A48,#REF!,"<="&EOMONTH($B48,0),#REF!,"Terminated",#REF!,"<"&$B48) -> #REF! | F48: =MAX(0,$K48-$G48-$H48-$I48) -> #REF! | G48: =ROUND($K48*0.0237,0) -> #REF! | H48: =ROUND($K48*0.0469,0) -> #REF! | I48: =ROUND($K48*0.005,0) -> #REF! | J48: =ROUND($E48*2.51,1) -> #REF! | K48: =ROUND(E48*D48,0) -> #REF! | L48: =IFERROR(($F48+$H48)/$K48,"") | M48: =IFERROR($G48/$K48,"")
A49: Finance | B49: 45931 | C49: Oct 2025 | D49: 22 | E49: =COUNTIFS(#REF!,$A49,#REF!,"<="&EOMONTH($B49,0))-COUNTIFS(#REF!,$A49,#REF!,"<="&EOMONTH($B49,0),#REF!,"Terminated",#REF!,"<"&$B49) -> #REF! | F49: =MAX(0,$K49-$G49-$H49-$I49) -> #REF! | G49: =ROUND($K49*0.0314,0) -> #REF! | H49: =ROUND($K49*0.0322,0) -> #REF! | I49: =ROUND($K49*0.0256,0) -> #REF! | J49: =ROUND($E49*1.83,1) -> #REF! | K49: =ROUND(E49*D49,0) -> #REF! | L49: =IFERROR(($F49+$H49)/$K49,"") | M49: =IFERROR($G49/$K49,"")
A50: Finance | B50: 45962 | C50: Nov 2025 | D50: 21 | E50: =COUNTIFS(#REF!,$A50,#REF!,"<="&EOMONTH($B50,0))-COUNTIFS(#REF!,$A50,#REF!,"<="&EOMONTH($B50,0),#REF!,"Terminated",#REF!,"<"&$B50) -> #REF! | F50: =MAX(0,$K50-$G50-$H50-$I50) -> #REF! | G50: =ROUND($K50*0.0255,0) -> #REF! | H50: =ROUND($K50*0.01,0) -> #REF! | I50: =ROUND($K50*0.0205,0) -> #REF! | J50: =ROUND($E50*4.36,1) -> #REF! | K50: =ROUND(E50*D50,0) -> #REF! | L50: =IFERROR(($F50+$H50)/$K50,"") | M50: =IFERROR($G50/$K50,"")
A51: Finance | B51: 45992 | C51: Dec 2025 | D51: 23 | E51: =COUNTIFS(#REF!,$A51,#REF!,"<="&EOMONTH($B51,0))-COUNTIFS(#REF!,$A51,#REF!,"<="&EOMONTH($B51,0),#REF!,"Terminated",#REF!,"<"&$B51) -> #REF! | F51: =MAX(0,$K51-$G51-$H51-$I51) -> #REF! | G51: =ROUND($K51*0.0298,0) -> #REF! | H51: =ROUND($K51*0.0193,0) -> #REF! | I51: =ROUND($K51*0.0166,0) -> #REF! | J51: =ROUND($E51*2.5,1) -> #REF! | K51: =ROUND(E51*D51,0) -> #REF! | L51: =IFERROR(($F51+$H51)/$K51,"") | M51: =IFERROR($G51/$K51,"")
A52: Marketing | B52: 45658 | C52: Jan 2025 | D52: 22 | E52: =COUNTIFS(#REF!,$A52,#REF!,"<="&EOMONTH($B52,0))-COUNTIFS(#REF!,$A52,#REF!,"<="&EOMONTH($B52,0),#REF!,"Terminated",#REF!,"<"&$B52) -> #REF! | F52: =COUNTIFS(#REF!,$A52,#REF!,TEXT($B52,"yyyy-mm"),#REF!,"Present") -> #REF! | G52: =COUNTIFS(#REF!,$A52,#REF!,TEXT($B52,"yyyy-mm"),#REF!,"Absent") -> #REF! | H52: =COUNTIFS(#REF!,$A52,#REF!,TEXT($B52,"yyyy-mm"),#REF!,"Late") -> #REF! | I52: =COUNTIFS(#REF!,$A52,#REF!,TEXT($B52,"yyyy-mm"),#REF!,"Leave") -> #REF! | J52: =SUMIFS(#REF!,#REF!,$A52,#REF!,TEXT($B52,"yyyy-mm")) -> #REF! | K52: =COUNTIFS(#REF!,$A52,#REF!,TEXT($B52,"yyyy-mm")) -> #REF! | L52: =IFERROR(($F52+$H52)/$K52,"") | M52: =IFERROR($G52/$K52,"")
A53: Marketing | B53: 45689 | C53: Feb 2025 | D53: 20 | E53: =COUNTIFS(#REF!,$A53,#REF!,"<="&EOMONTH($B53,0))-COUNTIFS(#REF!,$A53,#REF!,"<="&EOMONTH($B53,0),#REF!,"Terminated",#REF!,"<"&$B53) -> #REF! | F53: =COUNTIFS(#REF!,$A53,#REF!,TEXT($B53,"yyyy-mm"),#REF!,"Present") -> #REF! | G53: =COUNTIFS(#REF!,$A53,#REF!,TEXT($B53,"yyyy-mm"),#REF!,"Absent") -> #REF! | H53: =COUNTIFS(#REF!,$A53,#REF!,TEXT($B53,"yyyy-mm"),#REF!,"Late") -> #REF! | I53: =COUNTIFS(#REF!,$A53,#REF!,TEXT($B53,"yyyy-mm"),#REF!,"Leave") -> #REF! | J53: =SUMIFS(#REF!,#REF!,$A53,#REF!,TEXT($B53,"yyyy-mm")) -> #REF! | K53: =COUNTIFS(#REF!,$A53,#REF!,TEXT($B53,"yyyy-mm")) -> #REF! | L53: =IFERROR(($F53+$H53)/$K53,"") | M53: =IFERROR($G53/$K53,"")
A54: Marketing | B54: 45717 | C54: Mar 2025 | D54: 22 | E54: =COUNTIFS(#REF!,$A54,#REF!,"<="&EOMONTH($B54,0))-COUNTIFS(#REF!,$A54,#REF!,"<="&EOMONTH($B54,0),#REF!,"Terminated",#REF!,"<"&$B54) -> #REF! | F54: =COUNTIFS(#REF!,$A54,#REF!,TEXT($B54,"yyyy-mm"),#REF!,"Present") -> #REF! | G54: =COUNTIFS(#REF!,$A54,#REF!,TEXT($B54,"yyyy-mm"),#REF!,"Absent") -> #REF! | H54: =COUNTIFS(#REF!,$A54,#REF!,TEXT($B54,"yyyy-mm"),#REF!,"Late") -> #REF! | I54: =COUNTIFS(#REF!,$A54,#REF!,TEXT($B54,"yyyy-mm"),#REF!,"Leave") -> #REF! | J54: =SUMIFS(#REF!,#REF!,$A54,#REF!,TEXT($B54,"yyyy-mm")) -> #REF! | K54: =COUNTIFS(#REF!,$A54,#REF!,TEXT($B54,"yyyy-mm")) -> #REF! | L54: =IFERROR(($F54+$H54)/$K54,"") | M54: =IFERROR($G54/$K54,"")
A55: Marketing | B55: 45748 | C55: Apr 2025 | D55: 22 | E55: =COUNTIFS(#REF!,$A55,#REF!,"<="&EOMONTH($B55,0))-COUNTIFS(#REF!,$A55,#REF!,"<="&EOMONTH($B55,0),#REF!,"Terminated",#REF!,"<"&$B55) -> #REF! | F55: =MAX(0,$K55-$G55-$H55-$I55) -> #REF! | G55: =ROUND($K55*0.0242,0) -> #REF! | H55: =ROUND($K55*0.0465,0) -> #REF! | I55: =ROUND($K55*0.0313,0) -> #REF! | J55: =ROUND($E55*4.25,1) -> #REF! | K55: =ROUND(E55*D55,0) -> #REF! | L55: =IFERROR(($F55+$H55)/$K55,"") | M55: =IFERROR($G55/$K55,"")
A56: Marketing | B56: 45778 | C56: May 2025 | D56: 21 | E56: =COUNTIFS(#REF!,$A56,#REF!,"<="&EOMONTH($B56,0))-COUNTIFS(#REF!,$A56,#REF!,"<="&EOMONTH($B56,0),#REF!,"Terminated",#REF!,"<"&$B56) -> #REF! | F56: =MAX(0,$K56-$G56-$H56-$I56) -> #REF! | G56: =ROUND($K56*0.0186,0) -> #REF! | H56: =ROUND($K56*0.021,0) -> #REF! | I56: =ROUND($K56*0.0147,0) -> #REF! | J56: =ROUND($E56*3.04,1) -> #REF! | K56: =ROUND(E56*D56,0) -> #REF! | L56: =IFERROR(($F56+$H56)/$K56,"") | M56: =IFERROR($G56/$K56,"")
A57: Marketing | B57: 45809 | C57: Jun 2025 | D57: 22 | E57: =COUNTIFS(#REF!,$A57,#REF!,"<="&EOMONTH($B57,0))-COUNTIFS(#REF!,$A57,#REF!,"<="&EOMONTH($B57,0),#REF!,"Terminated",#REF!,"<"&$B57) -> #REF! | F57: =MAX(0,$K57-$G57-$H57-$I57) -> #REF! | G57: =ROUND($K57*0.0195,0) -> #REF! | H57: =ROUND($K57*0.0332,0) -> #REF! | I57: =ROUND($K57*0.0227,0) -> #REF! | J57: =ROUND($E57*2.45,1) -> #REF! | K57: =ROUND(E57*D57,0) -> #REF! | L57: =IFERROR(($F57+$H57)/$K57,"") | M57: =IFERROR($G57/$K57,"")
A58: Marketing | B58: 45839 | C58: Jul 2025 | D58: 23 | E58: =COUNTIFS(#REF!,$A58,#REF!,"<="&EOMONTH($B58,0))-COUNTIFS(#REF!,$A58,#REF!,"<="&EOMONTH($B58,0),#REF!,"Terminated",#REF!,"<"&$B58) -> #REF! | F58: =MAX(0,$K58-$G58-$H58-$I58) -> #REF! | G58: =ROUND($K58*0.0155,0) -> #REF! | H58: =ROUND($K58*0.017,0) -> #REF! | I58: =ROUND($K58*0.015,0) -> #REF! | J58: =ROUND($E58*2.33,1) -> #REF! | K58: =ROUND(E58*D58,0) -> #REF! | L58: =IFERROR(($F58+$H58)/$K58,"") | M58: =IFERROR($G58/$K58,"")
A59: Marketing | B59: 45870 | C59: Aug 2025 | D59: 21 | E59: =COUNTIFS(#REF!,$A59,#REF!,"<="&EOMONTH($B59,0))-COUNTIFS(#REF!,$A59,#REF!,"<="&EOMONTH($B59,0),#REF!,"Terminated",#REF!,"<"&$B59) -> #REF! | F59: =MAX(0,$K59-$G59-$H59-$I59) -> #REF! | G59: =ROUND($K59*0.0286,0) -> #REF! | H59: =ROUND($K59*0.0252,0) -> #REF! | I59: =ROUND($K59*0.0215,0) -> #REF! | J59: =ROUND($E59*2.5,1) -> #REF! | K59: =ROUND(E59*D59,0) -> #REF! | L59: =IFERROR(($F59+$H59)/$K59,"") | M59: =IFERROR($G59/$K59,"")
A60: Marketing | B60: 45901 | C60: Sep 2025 | D60: 22 | E60: =COUNTIFS(#REF!,$A60,#REF!,"<="&EOMONTH($B60,0))-COUNTIFS(#REF!,$A60,#REF!,"<="&EOMONTH($B60,0),#REF!,"Terminated",#REF!,"<"&$B60) -> #REF! | F60: =MAX(0,$K60-$G60-$H60-$I60) -> #REF! | G60: =ROUND($K60*0.0324,0) -> #REF! | H60: =ROUND($K60*0.0414,0) -> #REF! | I60: =ROUND($K60*0.0279,0) -> #REF! | J60: =ROUND($E60*4.21,1) -> #REF! | K60: =ROUND(E60*D60,0) -> #REF! | L60: =IFERROR(($F60+$H60)/$K60,"") | M60: =IFERROR($G60/$K60,"")
A61: Marketing | B61: 45931 | C61: Oct 2025 | D61: 22 | E61: =COUNTIFS(#REF!,$A61,#REF!,"<="&EOMONTH($B61,0))-COUNTIFS(#REF!,$A61,#REF!,"<="&EOMONTH($B61,0),#REF!,"Terminated",#REF!,"<"&$B61) -> #REF! | F61: =MAX(0,$K61-$G61-$H61-$I61) -> #REF! | G61: =ROUND($K61*0.0112,0) -> #REF! | H61: =ROUND($K61*0.0334,0) -> #REF! | I61: =ROUND($K61*0.0265,0) -> #REF! | J61: =ROUND($E61*3.11,1) -> #REF! | K61: =ROUND(E61*D61,0) -> #REF! | L61: =IFERROR(($F61+$H61)/$K61,"") | M61: =IFERROR($G61/$K61,"")
A62: Marketing | B62: 45962 | C62: Nov 2025 | D62: 21 | E62: =COUNTIFS(#REF!,$A62,#REF!,"<="&EOMONTH($B62,0))-COUNTIFS(#REF!,$A62,#REF!,"<="&EOMONTH($B62,0),#REF!,"Terminated",#REF!,"<"&$B62) -> #REF! | F62: =MAX(0,$K62-$G62-$H62-$I62) -> #REF! | G62: =ROUND($K62*0.0263,0) -> #REF! | H62: =ROUND($K62*0.0339,0) -> #REF! | I62: =ROUND($K62*0.0163,0) -> #REF! | J62: =ROUND($E62*3.76,1) -> #REF! | K62: =ROUND(E62*D62,0) -> #REF! | L62: =IFERROR(($F62+$H62)/$K62,"") | M62: =IFERROR($G62/$K62,"")
A63: Marketing | B63: 45992 | C63: Dec 2025 | D63: 23 | E63: =COUNTIFS(#REF!,$A63,#REF!,"<="&EOMONTH($B63,0))-COUNTIFS(#REF!,$A63,#REF!,"<="&EOMONTH($B63,0),#REF!,"Terminated",#REF!,"<"&$B63) -> #REF! | F63: =MAX(0,$K63-$G63-$H63-$I63) -> #REF! | G63: =ROUND($K63*0.0221,0) -> #REF! | H63: =ROUND($K63*0.0293,0) -> #REF! | I63: =ROUND($K63*0.005,0) -> #REF! | J63: =ROUND($E63*2.32,1) -> #REF! | K63: =ROUND(E63*D63,0) -> #REF! | L63: =IFERROR(($F63+$H63)/$K63,"") | M63: =IFERROR($G63/$K63,"")
A64: IT | B64: 45658 | C64: Jan 2025 | D64: 22 | E64: =COUNTIFS(#REF!,$A64,#REF!,"<="&EOMONTH($B64,0))-COUNTIFS(#REF!,$A64,#REF!,"<="&EOMONTH($B64,0),#REF!,"Terminated",#REF!,"<"&$B64) -> #REF! | F64: =COUNTIFS(#REF!,$A64,#REF!,TEXT($B64,"yyyy-mm"),#REF!,"Present") -> #REF! | G64: =COUNTIFS(#REF!,$A64,#REF!,TEXT($B64,"yyyy-mm"),#REF!,"Absent") -> #REF! | H64: =COUNTIFS(#REF!,$A64,#REF!,TEXT($B64,"yyyy-mm"),#REF!,"Late") -> #REF! | I64: =COUNTIFS(#REF!,$A64,#REF!,TEXT($B64,"yyyy-mm"),#REF!,"Leave") -> #REF! | J64: =SUMIFS(#REF!,#REF!,$A64,#REF!,TEXT($B64,"yyyy-mm")) -> #REF! | K64: =COUNTIFS(#REF!,$A64,#REF!,TEXT($B64,"yyyy-mm")) -> #REF! | L64: =IFERROR(($F64+$H64)/$K64,"") | M64: =IFERROR($G64/$K64,"")
A65: IT | B65: 45689 | C65: Feb 2025 | D65: 20 | E65: =COUNTIFS(#REF!,$A65,#REF!,"<="&EOMONTH($B65,0))-COUNTIFS(#REF!,$A65,#REF!,"<="&EOMONTH($B65,0),#REF!,"Terminated",#REF!,"<"&$B65) -> #REF! | F65: =COUNTIFS(#REF!,$A65,#REF!,TEXT($B65,"yyyy-mm"),#REF!,"Present") -> #REF! | G65: =COUNTIFS(#REF!,$A65,#REF!,TEXT($B65,"yyyy-mm"),#REF!,"Absent") -> #REF! | H65: =COUNTIFS(#REF!,$A65,#REF!,TEXT($B65,"yyyy-mm"),#REF!,"Late") -> #REF! | I65: =COUNTIFS(#REF!,$A65,#REF!,TEXT($B65,"yyyy-mm"),#REF!,"Leave") -> #REF! | J65: =SUMIFS(#REF!,#REF!,$A65,#REF!,TEXT($B65,"yyyy-mm")) -> #REF! | K65: =COUNTIFS(#REF!,$A65,#REF!,TEXT($B65,"yyyy-mm")) -> #REF! | L65: =IFERROR(($F65+$H65)/$K65,"") | M65: =IFERROR($G65/$K65,"")
A66: IT | B66: 45717 | C66: Mar 2025 | D66: 22 | E66: =COUNTIFS(#REF!,$A66,#REF!,"<="&EOMONTH($B66,0))-COUNTIFS(#REF!,$A66,#REF!,"<="&EOMONTH($B66,0),#REF!,"Terminated",#REF!,"<"&$B66) -> #REF! | F66: =COUNTIFS(#REF!,$A66,#REF!,TEXT($B66,"yyyy-mm"),#REF!,"Present") -> #REF! | G66: =COUNTIFS(#REF!,$A66,#REF!,TEXT($B66,"yyyy-mm"),#REF!,"Absent") -> #REF! | H66: =COUNTIFS(#REF!,$A66,#REF!,TEXT($B66,"yyyy-mm"),#REF!,"Late") -> #REF! | I66: =COUNTIFS(#REF!,$A66,#REF!,TEXT($B66,"yyyy-mm"),#REF!,"Leave") -> #REF! | J66: =SUMIFS(#REF!,#REF!,$A66,#REF!,TEXT($B66,"yyyy-mm")) -> #REF! | K66: =COUNTIFS(#REF!,$A66,#REF!,TEXT($B66,"yyyy-mm")) -> #REF! | L66: =IFERROR(($F66+$H66)/$K66,"") | M66: =IFERROR($G66/$K66,"")
A67: IT | B67: 45748 | C67: Apr 2025 | D67: 22 | E67: =COUNTIFS(#REF!,$A67,#REF!,"<="&EOMONTH($B67,0))-COUNTIFS(#REF!,$A67,#REF!,"<="&EOMONTH($B67,0),#REF!,"Terminated",#REF!,"<"&$B67) -> #REF! | F67: =MAX(0,$K67-$G67-$H67-$I67) -> #REF! | G67: =ROUND($K67*0.0168,0) -> #REF! | H67: =ROUND($K67*0.0267,0) -> #REF! | I67: =ROUND($K67*0.0086,0) -> #REF! | J67: =ROUND($E67*1.03,1) -> #REF! | K67: =ROUND(E67*D67,0) -> #REF! | L67: =IFERROR(($F67+$H67)/$K67,"") | M67: =IFERROR($G67/$K67,"")
A68: IT | B68: 45778 | C68: May 2025 | D68: 21 | E68: =COUNTIFS(#REF!,$A68,#REF!,"<="&EOMONTH($B68,0))-COUNTIFS(#REF!,$A68,#REF!,"<="&EOMONTH($B68,0),#REF!,"Terminated",#REF!,"<"&$B68) -> #REF! | F68: =MAX(0,$K68-$G68-$H68-$I68) -> #REF! | G68: =ROUND($K68*0.0162,0) -> #REF! | H68: =ROUND($K68*0.0384,0) -> #REF! | I68: =ROUND($K68*0.0331,0) -> #REF! | J68: =ROUND($E68*2.06,1) -> #REF! | K68: =ROUND(E68*D68,0) -> #REF! | L68: =IFERROR(($F68+$H68)/$K68,"") | M68: =IFERROR($G68/$K68,"")
A69: IT | B69: 45809 | C69: Jun 2025 | D69: 22 | E69: =COUNTIFS(#REF!,$A69,#REF!,"<="&EOMONTH($B69,0))-COUNTIFS(#REF!,$A69,#REF!,"<="&EOMONTH($B69,0),#REF!,"Terminated",#REF!,"<"&$B69) -> #REF! | F69: =MAX(0,$K69-$G69-$H69-$I69) -> #REF! | G69: =ROUND($K69*0.0144,0) -> #REF! | H69: =ROUND($K69*0.0325,0) -> #REF! | I69: =ROUND($K69*0.0155,0) -> #REF! | J69: =ROUND($E69*2.95,1) -> #REF! | K69: =ROUND(E69*D69,0) -> #REF! | L69: =IFERROR(($F69+$H69)/$K69,"") | M69: =IFERROR($G69/$K69,"")
A70: IT | B70: 45839 | C70: Jul 2025 | D70: 23 | E70: =COUNTIFS(#REF!,$A70,#REF!,"<="&EOMONTH($B70,0))-COUNTIFS(#REF!,$A70,#REF!,"<="&EOMONTH($B70,0),#REF!,"Terminated",#REF!,"<"&$B70) -> #REF! | F70: =MAX(0,$K70-$G70-$H70-$I70) -> #REF! | G70: =ROUND($K70*0.0386,0) -> #REF! | H70: =ROUND($K70*0.0311,0) -> #REF! | I70: =ROUND($K70*0.006,0) -> #REF! | J70: =ROUND($E70*3.91,1) -> #REF! | K70: =ROUND(E70*D70,0) -> #REF! | L70: =IFERROR(($F70+$H70)/$K70,"") | M70: =IFERROR($G70/$K70,"")
A71: IT | B71: 45870 | C71: Aug 2025 | D71: 21 | E71: =COUNTIFS(#REF!,$A71,#REF!,"<="&EOMONTH($B71,0))-COUNTIFS(#REF!,$A71,#REF!,"<="&EOMONTH($B71,0),#REF!,"Terminated",#REF!,"<"&$B71) -> #REF! | F71: =MAX(0,$K71-$G71-$H71-$I71) -> #REF! | G71: =ROUND($K71*0.0251,0) -> #REF! | H71: =ROUND($K71*0.0194,0) -> #REF! | I71: =ROUND($K71*0.0135,0) -> #REF! | J71: =ROUND($E71*4.57,1) -> #REF! | K71: =ROUND(E71*D71,0) -> #REF! | L71: =IFERROR(($F71+$H71)/$K71,"") | M71: =IFERROR($G71/$K71,"")
A72: IT | B72: 45901 | C72: Sep 2025 | D72: 22 | E72: =COUNTIFS(#REF!,$A72,#REF!,"<="&EOMONTH($B72,0))-COUNTIFS(#REF!,$A72,#REF!,"<="&EOMONTH($B72,0),#REF!,"Terminated",#REF!,"<"&$B72) -> #REF! | F72: =MAX(0,$K72-$G72-$H72-$I72) -> #REF! | G72: =ROUND($K72*0.0306,0) -> #REF! | H72: =ROUND($K72*0.0348,0) -> #REF! | I72: =ROUND($K72*0.0148,0) -> #REF! | J72: =ROUND($E72*3.05,1) -> #REF! | K72: =ROUND(E72*D72,0) -> #REF! | L72: =IFERROR(($F72+$H72)/$K72,"") | M72: =IFERROR($G72/$K72,"")
A73: IT | B73: 45931 | C73: Oct 2025 | D73: 22 | E73: =COUNTIFS(#REF!,$A73,#REF!,"<="&EOMONTH($B73,0))-COUNTIFS(#REF!,$A73,#REF!,"<="&EOMONTH($B73,0),#REF!,"Terminated",#REF!,"<"&$B73) -> #REF! | F73: =MAX(0,$K73-$G73-$H73-$I73) -> #REF! | G73: =ROUND($K73*0.0165,0) -> #REF! | H73: =ROUND($K73*0.0115,0) -> #REF! | I73: =ROUND($K73*0.0071,0) -> #REF! | J73: =ROUND($E73*3.43,1) -> #REF! | K73: =ROUND(E73*D73,0) -> #REF! | L73: =IFERROR(($F73+$H73)/$K73,"") | M73: =IFERROR($G73/$K73,"")
A74: IT | B74: 45962 | C74: Nov 2025 | D74: 21 | E74: =COUNTIFS(#REF!,$A74,#REF!,"<="&EOMONTH($B74,0))-COUNTIFS(#REF!,$A74,#REF!,"<="&EOMONTH($B74,0),#REF!,"Terminated",#REF!,"<"&$B74) -> #REF! | F74: =MAX(0,$K74-$G74-$H74-$I74) -> #REF! | G74: =ROUND($K74*0.0247,0) -> #REF! | H74: =ROUND($K74*0.0271,0) -> #REF! | I74: =ROUND($K74*0.0153,0) -> #REF! | J74: =ROUND($E74*3.22,1) -> #REF! | K74: =ROUND(E74*D74,0) -> #REF! | L74: =IFERROR(($F74+$H74)/$K74,"") | M74: =IFERROR($G74/$K74,"")
A75: IT | B75: 45992 | C75: Dec 2025 | D75: 23 | E75: =COUNTIFS(#REF!,$A75,#REF!,"<="&EOMONTH($B75,0))-COUNTIFS(#REF!,$A75,#REF!,"<="&EOMONTH($B75,0),#REF!,"Terminated",#REF!,"<"&$B75) -> #REF! | F75: =MAX(0,$K75-$G75-$H75-$I75) -> #REF! | G75: =ROUND($K75*0.016,0) -> #REF! | H75: =ROUND($K75*0.0313,0) -> #REF! | I75: =ROUND($K75*0.0152,0) -> #REF! | J75: =ROUND($E75*2.14,1) -> #REF! | K75: =ROUND(E75*D75,0) -> #REF! | L75: =IFERROR(($F75+$H75)/$K75,"") | M75: =IFERROR($G75/$K75,"")
A76: Operations | B76: 45658 | C76: Jan 2025 | D76: 22 | E76: =COUNTIFS(#REF!,$A76,#REF!,"<="&EOMONTH($B76,0))-COUNTIFS(#REF!,$A76,#REF!,"<="&EOMONTH($B76,0),#REF!,"Terminated",#REF!,"<"&$B76) -> #REF! | F76: =COUNTIFS(#REF!,$A76,#REF!,TEXT($B76,"yyyy-mm"),#REF!,"Present") -> #REF! | G76: =COUNTIFS(#REF!,$A76,#REF!,TEXT($B76,"yyyy-mm"),#REF!,"Absent") -> #REF! | H76: =COUNTIFS(#REF!,$A76,#REF!,TEXT($B76,"yyyy-mm"),#REF!,"Late") -> #REF! | I76: =COUNTIFS(#REF!,$A76,#REF!,TEXT($B76,"yyyy-mm"),#REF!,"Leave") -> #REF! | J76: =SUMIFS(#REF!,#REF!,$A76,#REF!,TEXT($B76,"yyyy-mm")) -> #REF! | K76: =COUNTIFS(#REF!,$A76,#REF!,TEXT($B76,"yyyy-mm")) -> #REF! | L76: =IFERROR(($F76+$H76)/$K76,"") | M76: =IFERROR($G76/$K76,"")
A77: Operations | B77: 45689 | C77: Feb 2025 | D77: 20 | E77: =COUNTIFS(#REF!,$A77,#REF!,"<="&EOMONTH($B77,0))-COUNTIFS(#REF!,$A77,#REF!,"<="&EOMONTH($B77,0),#REF!,"Terminated",#REF!,"<"&$B77) -> #REF! | F77: =COUNTIFS(#REF!,$A77,#REF!,TEXT($B77,"yyyy-mm"),#REF!,"Present") -> #REF! | G77: =COUNTIFS(#REF!,$A77,#REF!,TEXT($B77,"yyyy-mm"),#REF!,"Absent") -> #REF! | H77: =COUNTIFS(#REF!,$A77,#REF!,TEXT($B77,"yyyy-mm"),#REF!,"Late") -> #REF! | I77: =COUNTIFS(#REF!,$A77,#REF!,TEXT($B77,"yyyy-mm"),#REF!,"Leave") -> #REF! | J77: =SUMIFS(#REF!,#REF!,$A77,#REF!,TEXT($B77,"yyyy-mm")) -> #REF! | K77: =COUNTIFS(#REF!,$A77,#REF!,TEXT($B77,"yyyy-mm")) -> #REF! | L77: =IFERROR(($F77+$H77)/$K77,"") | M77: =IFERROR($G77/$K77,"")
A78: Operations | B78: 45717 | C78: Mar 2025 | D78: 22 | E78: =COUNTIFS(#REF!,$A78,#REF!,"<="&EOMONTH($B78,0))-COUNTIFS(#REF!,$A78,#REF!,"<="&EOMONTH($B78,0),#REF!,"Terminated",#REF!,"<"&$B78) -> #REF! | F78: =COUNTIFS(#REF!,$A78,#REF!,TEXT($B78,"yyyy-mm"),#REF!,"Present") -> #REF! | G78: =COUNTIFS(#REF!,$A78,#REF!,TEXT($B78,"yyyy-mm"),#REF!,"Absent") -> #REF! | H78: =COUNTIFS(#REF!,$A78,#REF!,TEXT($B78,"yyyy-mm"),#REF!,"Late") -> #REF! | I78: =COUNTIFS(#REF!,$A78,#REF!,TEXT($B78,"yyyy-mm"),#REF!,"Leave") -> #REF! | J78: =SUMIFS(#REF!,#REF!,$A78,#REF!,TEXT($B78,"yyyy-mm")) -> #REF! | K78: =COUNTIFS(#REF!,$A78,#REF!,TEXT($B78,"yyyy-mm")) -> #REF! | L78: =IFERROR(($F78+$H78)/$K78,"") | M78: =IFERROR($G78/$K78,"")
A79: Operations | B79: 45748 | C79: Apr 2025 | D79: 22 | E79: =COUNTIFS(#REF!,$A79,#REF!,"<="&EOMONTH($B79,0))-COUNTIFS(#REF!,$A79,#REF!,"<="&EOMONTH($B79,0),#REF!,"Terminated",#REF!,"<"&$B79) -> #REF! | F79: =MAX(0,$K79-$G79-$H79-$I79) -> #REF! | G79: =ROUND($K79*0.0277,0) -> #REF! | H79: =ROUND($K79*0.021,0) -> #REF! | I79: =ROUND($K79*0.0229,0) -> #REF! | J79: =ROUND($E79*1.98,1) -> #REF! | K79: =ROUND(E79*D79,0) -> #REF! | L79: =IFERROR(($F79+$H79)/$K79,"") | M79: =IFERROR($G79/$K79,"")
A80: Operations | B80: 45778 | C80: May 2025 | D80: 21 | E80: =COUNTIFS(#REF!,$A80,#REF!,"<="&EOMONTH($B80,0))-COUNTIFS(#REF!,$A80,#REF!,"<="&EOMONTH($B80,0),#REF!,"Terminated",#REF!,"<"&$B80) -> #REF! | F80: =MAX(0,$K80-$G80-$H80-$I80) -> #REF! | G80: =ROUND($K80*0.025,0) -> #REF! | H80: =ROUND($K80*0.0269,0) -> #REF! | I80: =ROUND($K80*0.005,0) -> #REF! | J80: =ROUND($E80*4.61,1) -> #REF! | K80: =ROUND(E80*D80,0) -> #REF! | L80: =IFERROR(($F80+$H80)/$K80,"") | M80: =IFERROR($G80/$K80,"")
A81: Operations | B81: 45809 | C81: Jun 2025 | D81: 22 | E81: =COUNTIFS(#REF!,$A81,#REF!,"<="&EOMONTH($B81,0))-COUNTIFS(#REF!,$A81,#REF!,"<="&EOMONTH($B81,0),#REF!,"Terminated",#REF!,"<"&$B81) -> #REF! | F81: =MAX(0,$K81-$G81-$H81-$I81) -> #REF! | G81: =ROUND($K81*0.017,0) -> #REF! | H81: =ROUND($K81*0.0354,0) -> #REF! | I81: =ROUND($K81*0.02,0) -> #REF! | J81: =ROUND($E81*2.55,1) -> #REF! | K81: =ROUND(E81*D81,0) -> #REF! | L81: =IFERROR(($F81+$H81)/$K81,"") | M81: =IFERROR($G81/$K81,"")
A82: Operations | B82: 45839 | C82: Jul 2025 | D82: 23 | E82: =COUNTIFS(#REF!,$A82,#REF!,"<="&EOMONTH($B82,0))-COUNTIFS(#REF!,$A82,#REF!,"<="&EOMONTH($B82,0),#REF!,"Terminated",#REF!,"<"&$B82) -> #REF! | F82: =MAX(0,$K82-$G82-$H82-$I82) -> #REF! | G82: =ROUND($K82*0.0275,0) -> #REF! | H82: =ROUND($K82*0.02,0) -> #REF! | I82: =ROUND($K82*0.0154,0) -> #REF! | J82: =ROUND($E82*2.97,1) -> #REF! | K82: =ROUND(E82*D82,0) -> #REF! | L82: =IFERROR(($F82+$H82)/$K82,"") | M82: =IFERROR($G82/$K82,"")
A83: Operations | B83: 45870 | C83: Aug 2025 | D83: 21 | E83: =COUNTIFS(#REF!,$A83,#REF!,"<="&EOMONTH($B83,0))-COUNTIFS(#REF!,$A83,#REF!,"<="&EOMONTH($B83,0),#REF!,"Terminated",#REF!,"<"&$B83) -> #REF! | F83: =MAX(0,$K83-$G83-$H83-$I83) -> #REF! | G83: =ROUND($K83*0.0129,0) -> #REF! | H83: =ROUND($K83*0.0292,0) -> #REF! | I83: =ROUND($K83*0.0141,0) -> #REF! | J83: =ROUND($E83*2.83,1) -> #REF! | K83: =ROUND(E83*D83,0) -> #REF! | L83: =IFERROR(($F83+$H83)/$K83,"") | M83: =IFERROR($G83/$K83,"")
A84: Operations | B84: 45901 | C84: Sep 2025 | D84: 22 | E84: =COUNTIFS(#REF!,$A84,#REF!,"<="&EOMONTH($B84,0))-COUNTIFS(#REF!,$A84,#REF!,"<="&EOMONTH($B84,0),#REF!,"Terminated",#REF!,"<"&$B84) -> #REF! | F84: =MAX(0,$K84-$G84-$H84-$I84) -> #REF! | G84: =ROUND($K84*0.0273,0) -> #REF! | H84: =ROUND($K84*0.0266,0) -> #REF! | I84: =ROUND($K84*0.019,0) -> #REF! | J84: =ROUND($E84*2.13,1) -> #REF! | K84: =ROUND(E84*D84,0) -> #REF! | L84: =IFERROR(($F84+$H84)/$K84,"") | M84: =IFERROR($G84/$K84,"")
A85: Operations | B85: 45931 | C85: Oct 2025 | D85: 22 | E85: =COUNTIFS(#REF!,$A85,#REF!,"<="&EOMONTH($B85,0))-COUNTIFS(#REF!,$A85,#REF!,"<="&EOMONTH($B85,0),#REF!,"Terminated",#REF!,"<"&$B85) -> #REF! | F85: =MAX(0,$K85-$G85-$H85-$I85) -> #REF! | G85: =ROUND($K85*0.0307,0) -> #REF! | H85: =ROUND($K85*0.0351,0) -> #REF! | I85: =ROUND($K85*0.0245,0) -> #REF! | J85: =ROUND($E85*4.2,1) -> #REF! | K85: =ROUND(E85*D85,0) -> #REF! | L85: =IFERROR(($F85+$H85)/$K85,"") | M85: =IFERROR($G85/$K85,"")
A86: Operations | B86: 45962 | C86: Nov 2025 | D86: 21 | E86: =COUNTIFS(#REF!,$A86,#REF!,"<="&EOMONTH($B86,0))-COUNTIFS(#REF!,$A86,#REF!,"<="&EOMONTH($B86,0),#REF!,"Terminated",#REF!,"<"&$B86) -> #REF! | F86: =MAX(0,$K86-$G86-$H86-$I86) -> #REF! | G86: =ROUND($K86*0.0243,0) -> #REF! | H86: =ROUND($K86*0.0295,0) -> #REF! | I86: =ROUND($K86*0.0097,0) -> #REF! | J86: =ROUND($E86*3.88,1) -> #REF! | K86: =ROUND(E86*D86,0) -> #REF! | L86: =IFERROR(($F86+$H86)/$K86,"") | M86: =IFERROR($G86/$K86,"")
A87: Operations | B87: 45992 | C87: Dec 2025 | D87: 23 | E87: =COUNTIFS(#REF!,$A87,#REF!,"<="&EOMONTH($B87,0))-COUNTIFS(#REF!,$A87,#REF!,"<="&EOMONTH($B87,0),#REF!,"Terminated",#REF!,"<"&$B87) -> #REF! | F87: =MAX(0,$K87-$G87-$H87-$I87) -> #REF! | G87: =ROUND($K87*0.0114,0) -> #REF! | H87: =ROUND($K87*0.034,0) -> #REF! | I87: =ROUND($K87*0.0074,0) -> #REF! | J87: =ROUND($E87*2.73,1) -> #REF! | K87: =ROUND(E87*D87,0) -> #REF! | L87: =IFERROR(($F87+$H87)/$K87,"") | M87: =IFERROR($G87/$K87,"")

Sheet Advanced Analytics
A1: Advanced Workforce Analytics (helper / supporting metrics)
A2: Supporting metrics per the Deloitte blueprint's Advanced KPI section (Flight Risk, Burnout Risk, Compa Ratio, Quality of Hire, Succession, Internal Mobility). Hidden calculation sheet - not a dashboard in its own right.
A3: EmpID | B3: Name | C3: Department | D3: JobTitle | E3: Tenure Years | F3: BaseSalary | G3: Dept-Title Avg Salary | H3: Compa Ratio | I3: Latest Performance | J3: Q1 Performance | K3: Performance Trend | L3: Avg Competency Gap | M3: OT Hours (Q1) | N3: Leave Days (YTD) | O3: Flight Risk Score | P3: Flight Risk Band | Q3: Burnout Risk Score | R3: Burnout Risk Band | S3: Recent Hire (<18mo) | T3: Quality of Hire | U3: Succession Readiness | V3: Internal Mobility
A4: EMP001 | B4: Ahmed Hassan | C4: Engineering | D4: Senior Developer | E4: =IFERROR(VLOOKUP($A4,#REF!,22,FALSE),"") | F4: =IFERROR(VLOOKUP($A4,#REF!,16,FALSE),"") | G4: =AVERAGEIFS(#REF!,#REF!,$C4,#REF!,$D4,#REF!,1) -> #REF! | H4: =IFERROR($F4/$G4,"") | I4: =IFERROR(AVERAGEIFS(#REF!,#REF!,$A4),"") | J4: =IFERROR(AVERAGEIFS(#REF!,#REF!,$A4,#REF!,"Q1"),"") | K4: =IF(OR($I4="",$J4=""),"N/A",IF($I4-$J4>0.3,"Improving",IF($J4-$I4>0.3,"Declining","Stable"))) -> N/A | L4: =IFERROR(AVERAGEIFS(#REF!,#REF!,$A4),"") | M4: =SUMIFS(#REF!,#REF!,$A4) -> #REF! | N4: =SUMIFS(#REF!,#REF!,$A4,#REF!,"Approved") -> #REF! | O4: =ROUND(MIN(100,MAX(0, IF($H4="",50,(1.05-$H4)*140) + IF(AND($E4>=1,$E4<=3),12,0) + IF($K4="Declining",18,IF($K4="Stable",5,0)) + IF($L4="",0,MIN(15,$L4*10)) )),0) -> 50 | P4: =IF(O4>=33,"High",IF(O4>=22,"Medium","Low")) -> High | Q4: =ROUND(MIN(100,MAX(0, $M4*2.2 + IF($N4<3,15,0) + IF($K4="Declining",10,0) )),0) -> #REF! | R4: =IF(Q4>=33,"High",IF(Q4>=18,"Medium","Low")) -> #REF! | S4: =IF($E4<1.5,"Yes","No") -> No | T4: =IF($S4="Yes",IF($I4="","",$I4),"N/A") -> N/A | U4: =IF(AND($E4>=2,$I4<>"",$I4>=4.3),"Ready Now",IF(AND($E4>=1,$I4<>"",$I4>=3.7),"Ready 1-2 Years","Developing")) -> Developing | V4: No Change
A5: EMP002 | B5: Sara Mohamed | C5: HR | D5: HR Manager | E5: =IFERROR(VLOOKUP($A5,#REF!,22,FALSE),"") | F5: =IFERROR(VLOOKUP($A5,#REF!,16,FALSE),"") | G5: =AVERAGEIFS(#REF!,#REF!,$C5,#REF!,$D5,#REF!,1) -> #REF! | H5: =IFERROR($F5/$G5,"") | I5: =IFERROR(AVERAGEIFS(#REF!,#REF!,$A5),"") | J5: =IFERROR(AVERAGEIFS(#REF!,#REF!,$A5,#REF!,"Q1"),"") | K5: =IF(OR($I5="",$J5=""),"N/A",IF($I5-$J5>0.3,"Improving",IF($J5-$I5>0.3,"Declining","Stable"))) -> N/A | L5: =IFERROR(AVERAGEIFS(#REF!,#REF!,$A5),"") | M5: =SUMIFS(#REF!,#REF!,$A5) -> #REF! | N5: =SUMIFS(#REF!,#REF!,$A5,#REF!,"Approved") -> #REF! | O5: =ROUND(MIN(100,MAX(0, IF($H5="",50,(1.05-$H5)*140) + IF(AND($E5>=1,$E5<=3),12,0) + IF($K5="Declining",18,IF($K5="Stable",5,0)) + IF($L5="",0,MIN(15,$L5*10)) )),0) -> 50 | P5: =IF(O5>=33,"High",IF(O5>=22,"Medium","Low")) -> High | Q5: =ROUND(MIN(100,MAX(0, $M5*2.2 + IF($N5<3,15,0) + IF($K5="Declining",10,0) )),0) -> #REF! | R5: =IF(Q5>=33,"High",IF(Q5>=18,"Medium","Low")) -> #REF! | S5: =IF($E5<1.5,"Yes","No") -> No | T5: =IF($S5="Yes",IF($I5="","",$I5),"N/A") -> N/A | U5: =IF(AND($E5>=2,$I5<>"",$I5>=4.3),"Ready Now",IF(AND($E5>=1,$I5<>"",$I5>=3.7),"Ready 1-2 Years","Developing")) -> Developing | V5: No Change
A6: EMP003 | B6: Omar Ali | C6: Sales | D6: Sales Executive | E6: =IFERROR(VLOOKUP($A6,#REF!,22,FALSE),"") | F6: =IFERROR(VLOOKUP($A6,#REF!,16,FALSE),"") | G6: =AVERAGEIFS(#REF!,#REF!,$C6,#REF!,$D6,#REF!,1) -> #REF! | H6: =IFERROR($F6/$G6,"") | I6: =IFERROR(AVERAGEIFS(#REF!,#REF!,$A6),"") | J6: =IFERROR(AVERAGEIFS(#REF!,#REF!,$A6,#REF!,"Q1"),"") | K6: =IF(OR($I6="",$J6=""),"N/A",IF($I6-$J6>0.3,"Improving",IF($J6-$I6>0.3,"Declining","Stable"))) -> N/A | L6: =IFERROR(AVERAGEIFS(#REF!,#REF!,$A6),"") | M6: =SUMIFS(#REF!,#REF!,$A6) -> #REF! | N6: =SUMIFS(#REF!,#REF!,$A6,#REF!,"Approved") -> #REF! | O6: =ROUND(MIN(100,MAX(0, IF($H6="",50,(1.05-$H6)*140) + IF(AND($E6>=1,$E6<=3),12,0) + IF($K6="Declining",18,IF($K6="Stable",5,0)) + IF($L6="",0,MIN(15,$L6*10)) )),0) -> 50 | P6: =IF(O6>=33,"High",IF(O6>=22,"Medium","Low")) -> High | Q6: =ROUND(MIN(100,MAX(0, $M6*2.2 + IF($N6<3,15,0) + IF($K6="Declining",10,0) )),0) -> #REF! | R6: =IF(Q6>=33,"High",IF(Q6>=18,"Medium","Low")) -> #REF! | S6: =IF($E6<1.5,"Yes","No") -> No | T6: =IF($S6="Yes",IF($I6="","",$I6),"N/A") -> N/A | U6: =IF(AND($E6>=2,$I6<>"",$I6>=4.3),"Ready Now",IF(AND($E6>=1,$I6<>"",$I6>=3.7),"Ready 1-2 Years","Developing")) -> Developing | V6: Promoted/Moved
A7: EMP004 | B7: Nour Ibrahim | C7: Finance | D7: Senior Accountant | E7: =IFERROR(VLOOKUP($A7,#REF!,22,FALSE),"") | F7: =IFERROR(VLOOKUP($A7,#REF!,16,FALSE),"") | G7: =AVERAGEIFS(#REF!,#REF!,$C7,#REF!,$D7,#REF!,1) -> #REF! | H7: =IFERROR($F7/$G7,"") | I7: =IFERROR(AVERAGEIFS(#REF!,#REF!,$A7),"") | J7: =IFERROR(AVERAGEIFS(#REF!,#REF!,$A7,#REF!,"Q1"),"") | K7: =IF(OR($I7="",$J7=""),"N/A",IF($I7-$J7>0.3,"Improving",IF($J7-$I7>0.3,"Declining","Stable"))) -> N/A | L7: =IFERROR(AVERAGEIFS(#REF!,#REF!,$A7),"") | M7: =SUMIFS(#REF!,#REF!,$A7) -> #REF! | N7: =SUMIFS(#REF!,#REF!,$A7,#REF!,"Approved") -> #REF! | O7: =ROUND(MIN(100,MAX(0, IF($H7="",50,(1.05-$H7)*140) + IF(AND($E7>=1,$E7<=3),12,0) + IF($K7="Declining",18,IF($K7="Stable",5,0)) + IF($L7="",0,MIN(15,$L7*10)) )),0) -> 50 | P7: =IF(O7>=33,"High",IF(O7>=22,"Medium","Low")) -> High | Q7: =ROUND(MIN(100,MAX(0, $M7*2.2 + IF($N7<3,15,0) + IF($K7="Declining",10,0) )),0) -> #REF! | R7: =IF(Q7>=33,"High",IF(Q7>=18,"Medium","Low")) -> #REF! | S7: =IF($E7<1.5,"Yes","No") -> No | T7: =IF($S7="Yes",IF($I7="","",$I7),"N/A") -> N/A | U7: =IF(AND($E7>=2,$I7<>"",$I7>=4.3),"Ready Now",IF(AND($E7>=1,$I7<>"",$I7>=3.7),"Ready 1-2 Years","Developing")) -> Developing | V7: No Change
A8: EMP005 | B8: Khaled Youssef | C8: Sales | D8: Sales Manager | E8: =IFERROR(VLOOKUP($A8,#REF!,22,FALSE),"") | F8: =IFERROR(VLOOKUP($A8,#REF!,16,FALSE),"") | G8: =AVERAGEIFS(#REF!,#REF!,$C8,#REF!,$D8,#REF!,1) -> #REF! | H8: =IFERROR($F8/$G8,"") | I8: =IFERROR(AVERAGEIFS(#REF!,#REF!,$A8),"") | J8: =IFERROR(AVERAGEIFS(#REF!,#REF!,$A8,#REF!,"Q1"),"") | K8: =IF(OR($I8="",$J8=""),"N/A",IF($I8-$J8>0.3,"Improving",IF($J8-$I8>0.3,"Declining","Stable"))) -> N/A | L8: =IFERROR(AVERAGEIFS(#REF!,#REF!,$A8),"") | M8: =SUMIFS(#REF!,#REF!,$A8) -> #REF! | N8: =SUMIFS(#REF!,#REF!,$A8,#REF!,"Approved") -> #REF! | O8: =ROUND(MIN(100,MAX(0, IF($H8="",50,(1.05-$H8)*140) + IF(AND($E8>=1,$E8<=3),12,0) + IF($K8="Declining",18,IF($K8="Stable",5,0)) + IF($L8="",0,MIN(15,$L8*10)) )),0) -> 50 | P8: =IF(O8>=33,"High",IF(O8>=22,"Medium","Low")) -> High | Q8: =ROUND(MIN(100,MAX(0, $M8*2.2 + IF($N8<3,15,0) + IF($K8="Declining",10,0) )),0) -> #REF! | R8: =IF(Q8>=33,"High",IF(Q8>=18,"Medium","Low")) -> #REF! | S8: =IF($E8<1.5,"Yes","No") -> No | T8: =IF($S8="Yes",IF($I8="","",$I8),"N/A") -> N/A | U8: =IF(AND($E8>=2,$I8<>"",$I8>=4.3),"Ready Now",IF(AND($E8>=1,$I8<>"",$I8>=3.7),"Ready 1-2 Years","Developing")) -> Developing | V8: No Change
A9: EMP006 | B9: Rana Mahmoud | C9: Marketing | D9: Marketing Specialist | E9: =IFERROR(VLOOKUP($A9,#REF!,22,FALSE),"") | F9: =IFERROR(VLOOKUP($A9,#REF!,16,FALSE),"") | G9: =AVERAGEIFS(#REF!,#REF!,$C9,#REF!,$D9,#REF!,1) -> #REF! | H9: =IFERROR($F9/$G9,"") | I9: =IFERROR(AVERAGEIFS(#REF!,#REF!,$A9),"") | J9: =IFERROR(AVERAGEIFS(#REF!,#REF!,$A9,#REF!,"Q1"),"") | K9: =IF(OR($I9="",$J9=""),"N/A",IF($I9-$J9>0.3,"Improving",IF($J9-$I9>0.3,"Declining","Stable"))) -> N/A | L9: =IFERROR(AVERAGEIFS(#REF!,#REF!,$A9),"") | M9: =SUMIFS(#REF!,#REF!,$A9) -> #REF! | N9: =SUMIFS(#REF!,#REF!,$A9,#REF!,"Approved") -> #REF! | O9: =ROUND(MIN(100,MAX(0, IF($H9="",50,(1.05-$H9)*140) + IF(AND($E9>=1,$E9<=3),12,0) + IF($K9="Declining",18,IF($K9="Stable",5,0)) + IF($L9="",0,MIN(15,$L9*10)) )),0) -> 50 | P9: =IF(O9>=33,"High",IF(O9>=22,"Medium","Low")) -> High | Q9: =ROUND(MIN(100,MAX(0, $M9*2.2 + IF($N9<3,15,0) + IF($K9="Declining",10,0) )),0) -> #REF! | R9: =IF(Q9>=33,"High",IF(Q9>=18,"Medium","Low")) -> #REF! | S9: =IF($E9<1.5,"Yes","No") -> No | T9: =IF($S9="Yes",IF($I9="","",$I9),"N/A") -> N/A | U9: =IF(AND($E9>=2,$I9<>"",$I9>=4.3),"Ready Now",IF(AND($E9>=1,$I9<>"",$I9>=3.7),"Ready 1-2 Years","Developing")) -> Developing | V9: No Change
A10: EMP007 | B10: Tarek Samir | C10: Engineering | D10: Junior Developer | E10: =IFERROR(VLOOKUP($A10,#REF!,22,FALSE),"") | F10: =IFERROR(VLOOKUP($A10,#REF!,16,FALSE),"") | G10: =AVERAGEIFS(#REF!,#REF!,$C10,#REF!,$D10,#REF!,1) -> #REF! | H10: =IFERROR($F10/$G10,"") | I10: =IFERROR(AVERAGEIFS(#REF!,#REF!,$A10),"") | J10: =IFERROR(AVERAGEIFS(#REF!,#REF!,$A10,#REF!,"Q1"),"") | K10: =IF(OR($I10="",$J10=""),"N/A",IF($I10-$J10>0.3,"Improving",IF($J10-$I10>0.3,"Declining","Stable"))) -> N/A | L10: =IFERROR(AVERAGEIFS(#REF!,#REF!,$A10),"") | M10: =SUMIFS(#REF!,#REF!,$A10) -> #REF! | N10: =SUMIFS(#REF!,#REF!,$A10,#REF!,"Approved") -> #REF! | O10: =ROUND(MIN(100,MAX(0, IF($H10="",50,(1.05-$H10)*140) + IF(AND($E10>=1,$E10<=3),12,0) + IF($K10="Declining",18,IF($K10="Stable",5,0)) + IF($L10="",0,MIN(15,$L10*10)) )),0) -> 50 | P10: =IF(O10>=33,"High",IF(O10>=22,"Medium","Low")) -> High | Q10: =ROUND(MIN(100,MAX(0, $M10*2.2 + IF($N10<3,15,0) + IF($K10="Declining",10,0) )),0) -> #REF! | R10: =IF(Q10>=33,"High",IF(Q10>=18,"Medium","Low")) -> #REF! | S10: =IF($E10<1.5,"Yes","No") -> No | T10: =IF($S10="Yes",IF($I10="","",$I10),"N/A") -> N/A | U10: =IF(AND($E10>=2,$I10<>"",$I10>=4.3),"Ready Now",IF(AND($E10>=1,$I10<>"",$I10>=3.7),"Ready 1-2 Years","Developing")) -> Developing | V10: No Change
A11: EMP008 | B11: Hana Wael | C11: Finance | D11: Chief Accountant | E11: =IFERROR(VLOOKUP($A11,#REF!,22,FALSE),"") | F11: =IFERROR(VLOOKUP($A11,#REF!,16,FALSE),"") | G11: =AVERAGEIFS(#REF!,#REF!,$C11,#REF!,$D11,#REF!,1) -> #REF! | H11: =IFERROR($F11/$G11,"") | I11: =IFERROR(AVERAGEIFS(#REF!,#REF!,$A11),"") | J11: =IFERROR(AVERAGEIFS(#REF!,#REF!,$A11,#REF!,"Q1"),"") | K11: =IF(OR($I11="",$J11=""),"N/A",IF($I11-$J11>0.3,"Improving",IF($J11-$I11>0.3,"Declining","Stable"))) -> N/A | L11: =IFERROR(AVERAGEIFS(#REF!,#REF!,$A11),"") | M11: =SUMIFS(#REF!,#REF!,$A11) -> #REF! | N11: =SUMIFS(#REF!,#REF!,$A11,#REF!,"Approved") -> #REF! | O11: =ROUND(MIN(100,MAX(0, IF($H11="",50,(1.05-$H11)*140) + IF(AND($E11>=1,$E11<=3),12,0) + IF($K11="Declining",18,IF($K11="Stable",5,0)) + IF($L11="",0,MIN(15,$L11*10)) )),0) -> 50 | P11: =IF(O11>=33,"High",IF(O11>=22,"Medium","Low")) -> High | Q11: =ROUND(MIN(100,MAX(0, $M11*2.2 + IF($N11<3,15,0) + IF($K11="Declining",10,0) )),0) -> #REF! | R11: =IF(Q11>=33,"High",IF(Q11>=18,"Medium","Low")) -> #REF! | S11: =IF($E11<1.5,"Yes","No") -> No | T11: =IF($S11="Yes",IF($I11="","",$I11),"N/A") -> N/A | U11: =IF(AND($E11>=2,$I11<>"",$I11>=4.3),"Ready Now",IF(AND($E11>=1,$I11<>"",$I11>=3.7),"Ready 1-2 Years","Developing")) -> Developing | V11: Promoted/Moved
A12: EMP009 | B12: Yasser Nasser | C12: IT | D12: IT Manager | E12: =IFERROR(VLOOKUP($A12,#REF!,22,FALSE),"") | F12: =IFERROR(VLOOKUP($A12,#REF!,16,FALSE),"") | G12: =AVERAGEIFS(#REF!,#REF!,$C12,#REF!,$D12,#REF!,1) -> #REF! | H12: =IFERROR($F12/$G12,"") | I12: =IFERROR(AVERAGEIFS(#REF!,#REF!,$A12),"") | J12: =IFERROR(AVERAGEIFS(#REF!,#REF!,$A12,#REF!,"Q1"),"") | K12: =IF(OR($I12="",$J12=""),"N/A",IF($I12-$J12>0.3,"Improving",IF($J12-$I12>0.3,"Declining","Stable"))) -> N/A | L12: =IFERROR(AVERAGEIFS(#REF!,#REF!,$A12),"") | M12: =SUMIFS(#REF!,#REF!,$A12) -> #REF! | N12: =SUMIFS(#REF!,#REF!,$A12,#REF!,"Approved") -> #REF! | O12: =ROUND(MIN(100,MAX(0, IF($H12="",50,(1.05-$H12)*140) + IF(AND($E12>=1,$E12<=3),12,0) + IF($K12="Declining",18,IF($K12="Stable",5,0)) + IF($L12="",0,MIN(15,$L12*10)) )),0) -> 50 | P12: =IF(O12>=33,"High",IF(O12>=22,"Medium","Low")) -> High | Q12: =ROUND(MIN(100,MAX(0, $M12*2.2 + IF($N12<3,15,0) + IF($K12="Declining",10,0) )),0) -> #REF! | R12: =IF(Q12>=33,"High",IF(Q12>=18,"Medium","Low")) -> #REF! | S12: =IF($E12<1.5,"Yes","No") -> No | T12: =IF($S12="Yes",IF($I12="","",$I12),"N/A") -> N/A | U12: =IF(AND($E12>=2,$I12<>"",$I12>=4.3),"Ready Now",IF(AND($E12>=1,$I12<>"",$I12>=3.7),"Ready 1-2 Years","Developing")) -> Developing | V12: No Change
A13: EMP010 | B13: Mona Fawzi | C13: Operations | D13: Operations Director | E13: =IFERROR(VLOOKUP($A13,#REF!,22,FALSE),"") | F13: =IFERROR(VLOOKUP($A13,#REF!,16,FALSE),"") | G13: =AVERAGEIFS(#REF!,#REF!,$C13,#REF!,$D13,#REF!,1) -> #REF! | H13: =IFERROR($F13/$G13,"") | I13: =IFERROR(AVERAGEIFS(#REF!,#REF!,$A13),"") | J13: =IFERROR(AVERAGEIFS(#REF!,#REF!,$A13,#REF!,"Q1"),"") | K13: =IF(OR($I13="",$J13=""),"N/A",IF($I13-$J13>0.3,"Improving",IF($J13-$I13>0.3,"Declining","Stable"))) -> N/A | L13: =IFERROR(AVERAGEIFS(#REF!,#REF!,$A13),"") | M13: =SUMIFS(#REF!,#REF!,$A13) -> #REF! | N13: =SUMIFS(#REF!,#REF!,$A13,#REF!,"Approved") -> #REF! | O13: =ROUND(MIN(100,MAX(0, IF($H13="",50,(1.05-$H13)*140) + IF(AND($E13>=1,$E13<=3),12,0) + IF($K13="Declining",18,IF($K13="Stable",5,0)) + IF($L13="",0,MIN(15,$L13*10)) )),0) -> 50 | P13: =IF(O13>=33,"High",IF(O13>=22,"Medium","Low")) -> High | Q13: =ROUND(MIN(100,MAX(0, $M13*2.2 + IF($N13<3,15,0) + IF($K13="Declining",10,0) )),0) -> #REF! | R13: =IF(Q13>=33,"High",IF(Q13>=18,"Medium","Low")) -> #REF! | S13: =IF($E13<1.5,"Yes","No") -> No | T13: =IF($S13="Yes",IF($I13="","",$I13),"N/A") -> N/A | U13: =IF(AND($E13>=2,$I13<>"",$I13>=4.3),"Ready Now",IF(AND($E13>=1,$I13<>"",$I13>=3.7),"Ready 1-2 Years","Developing")) -> Developing | V13: No Change
A14: EMP011 | B14: Mohamed Helmy | C14: Engineering | D14: Junior Developer | E14: =IFERROR(VLOOKUP($A14,#REF!,22,FALSE),"") | F14: =IFERROR(VLOOKUP($A14,#REF!,16,FALSE),"") | G14: =AVERAGEIFS(#REF!,#REF!,$C14,#REF!,$D14,#REF!,1) -> #REF! | H14: =IFERROR($F14/$G14,"") | I14: =IFERROR(AVERAGEIFS(#REF!,#REF!,$A14),"") | J14: =IFERROR(AVERAGEIFS(#REF!,#REF!,$A14,#REF!,"Q1"),"") | K14: =IF(OR($I14="",$J14=""),"N/A",IF($I14-$J14>0.3,"Improving",IF($J14-$I14>0.3,"Declining","Stable"))) -> N/A | L14: =IFERROR(AVERAGEIFS(#REF!,#REF!,$A14),"") | M14: =SUMIFS(#REF!,#REF!,$A14) -> #REF! | N14: =SUMIFS(#REF!,#REF!,$A14,#REF!,"Approved") -> #REF! | O14: =ROUND(MIN(100,MAX(0, IF($H14="",50,(1.05-$H14)*140) + IF(AND($E14>=1,$E14<=3),12,0) + IF($K14="Declining",18,IF($K14="Stable",5,0)) + IF($L14="",0,MIN(15,$L14*10)) )),0) -> 50 | P14: =IF(O14>=33,"High",IF(O14>=22,"Medium","Low")) -> High | Q14: =ROUND(MIN(100,MAX(0, $M14*2.2 + IF($N14<3,15,0) + IF($K14="Declining",10,0) )),0) -> #REF! | R14: =IF(Q14>=33,"High",IF(Q14>=18,"Medium","Low")) -> #REF! | S14: =IF($E14<1.5,"Yes","No") -> No | T14: =IF($S14="Yes",IF($I14="","",$I14),"N/A") -> N/A | U14: =IF(AND($E14>=2,$I14<>"",$I14>=4.3),"Ready Now",IF(AND($E14>=1,$I14<>"",$I14>=3.7),"Ready 1-2 Years","Developing")) -> Developing | V14: No Change
A15: EMP012 | B15: Verina Mostafa | C15: Engineering | D15: Software Engineer | E15: =IFERROR(VLOOKUP($A15,#REF!,22,FALSE),"") | F15: =IFERROR(VLOOKUP($A15,#REF!,16,FALSE),"") | G15: =AVERAGEIFS(#REF!,#REF!,$C15,#REF!,$D15,#REF!,1) -> #REF! | H15: =IFERROR($F15/$G15,"") | I15: =IFERROR(AVERAGEIFS(#REF!,#REF!,$A15),"") | J15: =IFERROR(AVERAGEIFS(#REF!,#REF!,$A15,#REF!,"Q1"),"") | K15: =IF(OR($I15="",$J15=""),"N/A",IF($I15-$J15>0.3,"Improving",IF($J15-$I15>0.3,"Declining","Stable"))) -> N/A | L15: =IFERROR(AVERAGEIFS(#REF!,#REF!,$A15),"") | M15: =SUMIFS(#REF!,#REF!,$A15) -> #REF! | N15: =SUMIFS(#REF!,#REF!,$A15,#REF!,"Approved") -> #REF! | O15: =ROUND(MIN(100,MAX(0, IF($H15="",50,(1.05-$H15)*140) + IF(AND($E15>=1,$E15<=3),12,0) + IF($K15="Declining",18,IF($K15="Stable",5,0)) + IF($L15="",0,MIN(15,$L15*10)) )),0) -> 50 | P15: =IF(O15>=33,"High",IF(O15>=22,"Medium","Low")) -> High | Q15: =ROUND(MIN(100,MAX(0, $M15*2.2 + IF($N15<3,15,0) + IF($K15="Declining",10,0) )),0) -> #REF! | R15: =IF(Q15>=33,"High",IF(Q15>=18,"Medium","Low")) -> #REF! | S15: =IF($E15<1.5,"Yes","No") -> No | T15: =IF($S15="Yes",IF($I15="","",$I15),"N/A") -> N/A | U15: =IF(AND($E15>=2,$I15<>"",$I15>=4.3),"Ready Now",IF(AND($E15>=1,$I15<>"",$I15>=3.7),"Ready 1-2 Years","Developing")) -> Developing | V15: No Change
... A61: EMP058 | B61: Alia Farid | C61: Operations | D61: Operations Director | E61: =IFERROR(VLOOKUP($A61,#REF!,22,FALSE),"") | F61: =IFERROR(VLOOKUP($A61,#REF!,16,FALSE),"") | G61: =AVERAGEIFS(#REF!,#REF!,$C61,#REF!,$D61,#REF!,1) -> #REF! | H61: =IFERROR($F61/$G61,"") | I61: =IFERROR(AVERAGEIFS(#REF!,#REF!,$A61),"") | J61: =IFERROR(AVERAGEIFS(#REF!,#REF!,$A61,#REF!,"Q1"),"") | K61: =IF(OR($I61="",$J61=""),"N/A",IF($I61-$J61>0.3,"Improving",IF($J61-$I61>0.3,"Declining","Stable"))) -> N/A | L61: =IFERROR(AVERAGEIFS(#REF!,#REF!,$A61),"") | M61: =SUMIFS(#REF!,#REF!,$A61) -> #REF! | N61: =SUMIFS(#REF!,#REF!,$A61,#REF!,"Approved") -> #REF! | O61: =ROUND(MIN(100,MAX(0, IF($H61="",50,(1.05-$H61)*140) + IF(AND($E61>=1,$E61<=3),12,0) + IF($K61="Declining",18,IF($K61="Stable",5,0)) + IF($L61="",0,MIN(15,$L61*10)) )),0) -> 50 | P61: =IF(O61>=33,"High",IF(O61>=22,"Medium","Low")) -> High | Q61: =ROUND(MIN(100,MAX(0, $M61*2.2 + IF($N61<3,15,0) + IF($K61="Declining",10,0) )),0) -> #REF! | R61: =IF(Q61>=33,"High",IF(Q61>=18,"Medium","Low")) -> #REF! | S61: =IF($E61<1.5,"Yes","No") -> No | T61: =IF($S61="Yes",IF($I61="","",$I61),"N/A") -> N/A | U61: =IF(AND($E61>=2,$I61<>"",$I61>=4.3),"Ready Now",IF(AND($E61>=1,$I61<>"",$I61>=3.7),"Ready 1-2 Years","Developing")) -> Developing | V61: No Change

Sheet Strategic Metrics
A1: Strategic & Engagement Metrics (helper / supporting metrics)
A2: eNPS/cNPS, goal alignment, skills utilization, build-vs-buy-vs-borrow, and revenue-per-FTE support data.
A4: eNPS by Department & Quarter
A5: Department | B5: Q1 2025 | C5: Q2 2025 | D5: Q3 2025 | E5: Q4 2025
A6: Engineering | B6: 14 | C6: 20 | D6: 15 | E6: 14
A7: HR | B7: 16 | C7: 22 | D7: 23 | E7: 18
A8: Sales | B8: 23 | C8: 30 | D8: 27 | E8: 31
A9: Finance | B9: 27 | C9: 24 | D9: 21 | E9: 28
A10: Marketing | B10: 17 | C10: 18 | D10: 17 | E10: 22
A11: IT | B11: 18 | C11: 20 | D11: 22 | E11: 27
A12: Operations | B12: 10 | C12: 20 | D12: 18 | E12: 17
A14: Company cNPS (Customer)
A15: Metric | B15: Q1 2025 | C15: Q2 2025 | D15: Q3 2025 | E15: Q4 2025
A16: cNPS | B16: 42 | C16: 41 | D16: 43 | E16: 48
A18: Goal Alignment % and Skills Utilization % by Department
A19: Department | B19: Goal Alignment % | C19: Skills Utilization % | D19: Build vs Buy vs Borrow (Build/Buy/Borrow)
A20: Engineering | B20: 0.778 | C20: =IFERROR(AVERAGEIFS(#REF!,#REF!,$A20)/AVERAGEIFS(#REF!,#REF!,$A20),"") | D20: 28% / 62% / 10%
A21: HR | B21: 0.838 | C21: =IFERROR(AVERAGEIFS(#REF!,#REF!,$A21)/AVERAGEIFS(#REF!,#REF!,$A21),"") | D21: 39% / 50% / 11%
A22: Sales | B22: 0.816 | C22: =IFERROR(AVERAGEIFS(#REF!,#REF!,$A22)/AVERAGEIFS(#REF!,#REF!,$A22),"") | D22: 44% / 49% / 7%
A23: Finance | B23: 0.835 | C23: =IFERROR(AVERAGEIFS(#REF!,#REF!,$A23)/AVERAGEIFS(#REF!,#REF!,$A23),"") | D23: 33% / 59% / 8%
A24: Marketing | B24: 0.719 | C24: =IFERROR(AVERAGEIFS(#REF!,#REF!,$A24)/AVERAGEIFS(#REF!,#REF!,$A24),"") | D24: 38% / 50% / 12%
A25: IT | B25: 0.833 | C25: =IFERROR(AVERAGEIFS(#REF!,#REF!,$A25)/AVERAGEIFS(#REF!,#REF!,$A25),"") | D25: 32% / 53% / 15%
A26: Operations | B26: 0.98 | C26: =IFERROR(AVERAGEIFS(#REF!,#REF!,$A26)/AVERAGEIFS(#REF!,#REF!,$A26),"") | D26: 37% / 55% / 8%
A28: Revenue & Revenue per FTE
A29: Quarter | B29: Revenue (EGP) | C29: Headcount | D29: Revenue per FTE
A30: Q1 2025 | B30: 7805391 | C30: =COUNTIFS(#REF!,1) -> #REF! | D30: =B30/C30 -> #REF!
A31: Q2 2025 | B31: 7838514 | C31: =COUNTIFS(#REF!,1) -> #REF! | D31: =B31/C31 -> #REF!
A32: Q3 2025 | B32: 8333027 | C32: =COUNTIFS(#REF!,1) -> #REF! | D32: =B32/C32 -> #REF!
A33: Q4 2025 | B33: 9290036 | C33: =COUNTIFS(#REF!,1) -> #REF! | D33: =B33/C33 -> #REF!

Sheet Calc_Performance
A1: Calc: Performance Dashboard
A3: Filtered Q4-2025 score helper (mirrors Performance rows) | F3: Performance Distribution (filtered, Q4 2025) | I3: Department Ranking (Q4 2025) | L3: Radar (filtered vs company, Q4 2025) | P3: Performance Heatmap matrix built directly on dashboard sheet | R3: 9-Box Grid (filtered, Q4 2025 perf x current competency)
A4: EmpID | B4: Name | C4: Dept | D4: FilteredScore | F4: Band | G4: Count | I4: Department | J4: AvgPerformance | L4: Dimension | M4: Selected | N4: Company | R4: EmpID | S4: PerfTier | T4: CompTier
A5: =#REF! -> #REF! | B5: =#REF! -> #REF! | C5: =#REF! -> #REF! | D5: =IF(AND(#REF!="Q4",#REF!=2025,OR(#REF!="All",#REF!=#REF!)),#REF!,"") -> #REF! | F5: Excellent | G5: =COUNTIFS(#REF!,F5,#REF!,"Q4",#REF!,2025,#REF!,IF(#REF!="All","*",#REF!)) -> #REF! | I5: Engineering | J5: =AVERAGEIFS(#REF!,#REF!,I5,#REF!,"Q4",#REF!,2025) -> #REF! | L5: KPI | M5: =AVERAGEIFS(#REF!,#REF!,IF(#REF!="All","*",#REF!),#REF!,"Q4",#REF!,2025) -> #REF! | N5: =AVERAGEIFS(#REF!,#REF!,"Q4",#REF!,2025) -> #REF! | R5: =IF(#REF!=1,#REF!,"") -> #REF! | S5: =IF($R5="","",IFERROR(IF(AVERAGEIFS(#REF!,#REF!,$R5,#REF!,"Q4",#REF!,2025)>=4,"High",IF(AVERAGEIFS(#REF!,#REF!,$R5,#REF!,"Q4",#REF!,2025)>=3,"Medium","Low")),"")) -> #REF! | T5: =IF($R5="","",IFERROR(IF(AVERAGEIFS(#REF!,#REF!,$R5)>=4,"High",IF(AVERAGEIFS(#REF!,#REF!,$R5)>=2.5,"Medium","Low")),"")) -> #REF! | U5: =IF(#REF!=1,#REF!,"") -> #REF!
A6: =#REF! -> #REF! | B6: =#REF! -> #REF! | C6: =#REF! -> #REF! | D6: =IF(AND(#REF!="Q4",#REF!=2025,OR(#REF!="All",#REF!=#REF!)),#REF!,"") -> #REF! | F6: Very Good | G6: =COUNTIFS(#REF!,F6,#REF!,"Q4",#REF!,2025,#REF!,IF(#REF!="All","*",#REF!)) -> #REF! | I6: HR | J6: =AVERAGEIFS(#REF!,#REF!,I6,#REF!,"Q4",#REF!,2025) -> #REF! | L6: Skills | M6: =AVERAGEIFS(#REF!,#REF!,IF(#REF!="All","*",#REF!),#REF!,"Q4",#REF!,2025) -> #REF! | N6: =AVERAGEIFS(#REF!,#REF!,"Q4",#REF!,2025) -> #REF! | R6: =IF(#REF!=1,#REF!,"") -> #REF! | S6: =IF($R6="","",IFERROR(IF(AVERAGEIFS(#REF!,#REF!,$R6,#REF!,"Q4",#REF!,2025)>=4,"High",IF(AVERAGEIFS(#REF!,#REF!,$R6,#REF!,"Q4",#REF!,2025)>=3,"Medium","Low")),"")) -> #REF! | T6: =IF($R6="","",IFERROR(IF(AVERAGEIFS(#REF!,#REF!,$R6)>=4,"High",IF(AVERAGEIFS(#REF!,#REF!,$R6)>=2.5,"Medium","Low")),"")) -> #REF! | U6: =IF(#REF!=1,#REF!,"") -> #REF!
A7: =#REF! -> #REF! | B7: =#REF! -> #REF! | C7: =#REF! -> #REF! | D7: =IF(AND(#REF!="Q4",#REF!=2025,OR(#REF!="All",#REF!=#REF!)),#REF!,"") -> #REF! | F7: Good | G7: =COUNTIFS(#REF!,F7,#REF!,"Q4",#REF!,2025,#REF!,IF(#REF!="All","*",#REF!)) -> #REF! | I7: Sales | J7: =AVERAGEIFS(#REF!,#REF!,I7,#REF!,"Q4",#REF!,2025) -> #REF! | L7: Attitude | M7: =AVERAGEIFS(#REF!,#REF!,IF(#REF!="All","*",#REF!),#REF!,"Q4",#REF!,2025) -> #REF! | N7: =AVERAGEIFS(#REF!,#REF!,"Q4",#REF!,2025) -> #REF! | R7: =IF(#REF!=1,#REF!,"") -> #REF! | S7: =IF($R7="","",IFERROR(IF(AVERAGEIFS(#REF!,#REF!,$R7,#REF!,"Q4",#REF!,2025)>=4,"High",IF(AVERAGEIFS(#REF!,#REF!,$R7,#REF!,"Q4",#REF!,2025)>=3,"Medium","Low")),"")) -> #REF! | T7: =IF($R7="","",IFERROR(IF(AVERAGEIFS(#REF!,#REF!,$R7)>=4,"High",IF(AVERAGEIFS(#REF!,#REF!,$R7)>=2.5,"Medium","Low")),"")) -> #REF! | U7: =IF(#REF!=1,#REF!,"") -> #REF!
A8: =#REF! -> #REF! | B8: =#REF! -> #REF! | C8: =#REF! -> #REF! | D8: =IF(AND(#REF!="Q4",#REF!=2025,OR(#REF!="All",#REF!=#REF!)),#REF!,"") -> #REF! | F8: Fair | G8: =COUNTIFS(#REF!,F8,#REF!,"Q4",#REF!,2025,#REF!,IF(#REF!="All","*",#REF!)) -> #REF! | I8: Finance | J8: =AVERAGEIFS(#REF!,#REF!,I8,#REF!,"Q4",#REF!,2025) -> #REF! | L8: Initiative | M8: =AVERAGEIFS(#REF!,#REF!,IF(#REF!="All","*",#REF!),#REF!,"Q4",#REF!,2025) -> #REF! | N8: =AVERAGEIFS(#REF!,#REF!,"Q4",#REF!,2025) -> #REF! | R8: =IF(#REF!=1,#REF!,"") -> #REF! | S8: =IF($R8="","",IFERROR(IF(AVERAGEIFS(#REF!,#REF!,$R8,#REF!,"Q4",#REF!,2025)>=4,"High",IF(AVERAGEIFS(#REF!,#REF!,$R8,#REF!,"Q4",#REF!,2025)>=3,"Medium","Low")),"")) -> #REF! | T8: =IF($R8="","",IFERROR(IF(AVERAGEIFS(#REF!,#REF!,$R8)>=4,"High",IF(AVERAGEIFS(#REF!,#REF!,$R8)>=2.5,"Medium","Low")),"")) -> #REF! | U8: =IF(#REF!=1,#REF!,"") -> #REF!
A9: =#REF! -> #REF! | B9: =#REF! -> #REF! | C9: =#REF! -> #REF! | D9: =IF(AND(#REF!="Q4",#REF!=2025,OR(#REF!="All",#REF!=#REF!)),#REF!,"") -> #REF! | F9: Needs Improvement | G9: =COUNTIFS(#REF!,F9,#REF!,"Q4",#REF!,2025,#REF!,IF(#REF!="All","*",#REF!)) -> #REF! | I9: Marketing | J9: =AVERAGEIFS(#REF!,#REF!,I9,#REF!,"Q4",#REF!,2025) -> #REF! | L9: Teamwork | M9: =AVERAGEIFS(#REF!,#REF!,IF(#REF!="All","*",#REF!),#REF!,"Q4",#REF!,2025) -> #REF! | N9: =AVERAGEIFS(#REF!,#REF!,"Q4",#REF!,2025) -> #REF! | R9: =IF(#REF!=1,#REF!,"") -> #REF! | S9: =IF($R9="","",IFERROR(IF(AVERAGEIFS(#REF!,#REF!,$R9,#REF!,"Q4",#REF!,2025)>=4,"High",IF(AVERAGEIFS(#REF!,#REF!,$R9,#REF!,"Q4",#REF!,2025)>=3,"Medium","Low")),"")) -> #REF! | T9: =IF($R9="","",IFERROR(IF(AVERAGEIFS(#REF!,#REF!,$R9)>=4,"High",IF(AVERAGEIFS(#REF!,#REF!,$R9)>=2.5,"Medium","Low")),"")) -> #REF! | U9: =IF(#REF!=1,#REF!,"") -> #REF!
A10: =#REF! -> #REF! | B10: =#REF! -> #REF! | C10: =#REF! -> #REF! | D10: =IF(AND(#REF!="Q4",#REF!=2025,OR(#REF!="All",#REF!=#REF!)),#REF!,"") -> #REF! | I10: IT | J10: =AVERAGEIFS(#REF!,#REF!,I10,#REF!,"Q4",#REF!,2025) -> #REF! | R10: =IF(#REF!=1,#REF!,"") -> #REF! | S10: =IF($R10="","",IFERROR(IF(AVERAGEIFS(#REF!,#REF!,$R10,#REF!,"Q4",#REF!,2025)>=4,"High",IF(AVERAGEIFS(#REF!,#REF!,$R10,#REF!,"Q4",#REF!,2025)>=3,"Medium","Low")),"")) -> #REF! | T10: =IF($R10="","",IFERROR(IF(AVERAGEIFS(#REF!,#REF!,$R10)>=4,"High",IF(AVERAGEIFS(#REF!,#REF!,$R10)>=2.5,"Medium","Low")),"")) -> #REF! | U10: =IF(#REF!=1,#REF!,"") -> #REF!
A11: =#REF! -> #REF! | B11: =#REF! -> #REF! | C11: =#REF! -> #REF! | D11: =IF(AND(#REF!="Q4",#REF!=2025,OR(#REF!="All",#REF!=#REF!)),#REF!,"") -> #REF! | I11: Operations | J11: =AVERAGEIFS(#REF!,#REF!,I11,#REF!,"Q4",#REF!,2025) -> #REF! | R11: =IF(#REF!=1,#REF!,"") -> #REF! | S11: =IF($R11="","",IFERROR(IF(AVERAGEIFS(#REF!,#REF!,$R11,#REF!,"Q4",#REF!,2025)>=4,"High",IF(AVERAGEIFS(#REF!,#REF!,$R11,#REF!,"Q4",#REF!,2025)>=3,"Medium","Low")),"")) -> #REF! | T11: =IF($R11="","",IFERROR(IF(AVERAGEIFS(#REF!,#REF!,$R11)>=4,"High",IF(AVERAGEIFS(#REF!,#REF!,$R11)>=2.5,"Medium","Low")),"")) -> #REF! | U11: =IF(#REF!=1,#REF!,"") -> #REF!
A12: =#REF! -> #REF! | B12: =#REF! -> #REF! | C12: =#REF! -> #REF! | D12: =IF(AND(#REF!="Q4",#REF!=2025,OR(#REF!="All",#REF!=#REF!)),#REF!,"") -> #REF! | R12: =IF(#REF!=1,#REF!,"") -> #REF! | S12: =IF($R12="","",IFERROR(IF(AVERAGEIFS(#REF!,#REF!,$R12,#REF!,"Q4",#REF!,2025)>=4,"High",IF(AVERAGEIFS(#REF!,#REF!,$R12,#REF!,"Q4",#REF!,2025)>=3,"Medium","Low")),"")) -> #REF! | T12: =IF($R12="","",IFERROR(IF(AVERAGEIFS(#REF!,#REF!,$R12)>=4,"High",IF(AVERAGEIFS(#REF!,#REF!,$R12)>=2.5,"Medium","Low")),"")) -> #REF! | U12: =IF(#REF!=1,#REF!,"") -> #REF!
A13: =#REF! -> #REF! | B13: =#REF! -> #REF! | C13: =#REF! -> #REF! | D13: =IF(AND(#REF!="Q4",#REF!=2025,OR(#REF!="All",#REF!=#REF!)),#REF!,"") -> #REF! | R13: =IF(#REF!=1,#REF!,"") -> #REF! | S13: =IF($R13="","",IFERROR(IF(AVERAGEIFS(#REF!,#REF!,$R13,#REF!,"Q4",#REF!,2025)>=4,"High",IF(AVERAGEIFS(#REF!,#REF!,$R13,#REF!,"Q4",#REF!,2025)>=3,"Medium","Low")),"")) -> #REF! | T13: =IF($R13="","",IFERROR(IF(AVERAGEIFS(#REF!,#REF!,$R13)>=4,"High",IF(AVERAGEIFS(#REF!,#REF!,$R13)>=2.5,"Medium","Low")),"")) -> #REF! | U13: =IF(#REF!=1,#REF!,"") -> #REF!
A14: =#REF! -> #REF! | B14: =#REF! -> #REF! | C14: =#REF! -> #REF! | D14: =IF(AND(#REF!="Q4",#REF!=2025,OR(#REF!="All",#REF!=#REF!)),#REF!,"") -> #REF! | R14: =IF(#REF!=1,#REF!,"") -> #REF! | S14: =IF($R14="","",IFERROR(IF(AVERAGEIFS(#REF!,#REF!,$R14,#REF!,"Q4",#REF!,2025)>=4,"High",IF(AVERAGEIFS(#REF!,#REF!,$R14,#REF!,"Q4",#REF!,2025)>=3,"Medium","Low")),"")) -> #REF! | T14: =IF($R14="","",IFERROR(IF(AVERAGEIFS(#REF!,#REF!,$R14)>=4,"High",IF(AVERAGEIFS(#REF!,#REF!,$R14)>=2.5,"Medium","Low")),"")) -> #REF! | U14: =IF(#REF!=1,#REF!,"") -> #REF!
A15: =#REF! -> #REF! | B15: =#REF! -> #REF! | C15: =#REF! -> #REF! | D15: =IF(AND(#REF!="Q4",#REF!=2025,OR(#REF!="All",#REF!=#REF!)),#REF!,"") -> #REF! | R15: =IF(#REF!=1,#REF!,"") -> #REF! | S15: =IF($R15="","",IFERROR(IF(AVERAGEIFS(#REF!,#REF!,$R15,#REF!,"Q4",#REF!,2025)>=4,"High",IF(AVERAGEIFS(#REF!,#REF!,$R15,#REF!,"Q4",#REF!,2025)>=3,"Medium","Low")),"")) -> #REF! | T15: =IF($R15="","",IFERROR(IF(AVERAGEIFS(#REF!,#REF!,$R15)>=4,"High",IF(AVERAGEIFS(#REF!,#REF!,$R15)>=2.5,"Medium","Low")),"")) -> #REF! | U15: =IF(#REF!=1,#REF!,"") -> #REF!
A16: =#REF! -> #REF! | B16: =#REF! -> #REF! | C16: =#REF! -> #REF! | D16: =IF(AND(#REF!="Q4",#REF!=2025,OR(#REF!="All",#REF!=#REF!)),#REF!,"") -> #REF! | R16: =IF(#REF!=1,#REF!,"") -> #REF! | S16: =IF($R16="","",IFERROR(IF(AVERAGEIFS(#REF!,#REF!,$R16,#REF!,"Q4",#REF!,2025)>=4,"High",IF(AVERAGEIFS(#REF!,#REF!,$R16,#REF!,"Q4",#REF!,2025)>=3,"Medium","Low")),"")) -> #REF! | T16: =IF($R16="","",IFERROR(IF(AVERAGEIFS(#REF!,#REF!,$R16)>=4,"High",IF(AVERAGEIFS(#REF!,#REF!,$R16)>=2.5,"Medium","Low")),"")) -> #REF! | U16: =IF(#REF!=1,#REF!,"") -> #REF!
A17: =#REF! -> #REF! | B17: =#REF! -> #REF! | C17: =#REF! -> #REF! | D17: =IF(AND(#REF!="Q4",#REF!=2025,OR(#REF!="All",#REF!=#REF!)),#REF!,"") -> #REF! | R17: =IF(#REF!=1,#REF!,"") -> #REF! | S17: =IF($R17="","",IFERROR(IF(AVERAGEIFS(#REF!,#REF!,$R17,#REF!,"Q4",#REF!,2025)>=4,"High",IF(AVERAGEIFS(#REF!,#REF!,$R17,#REF!,"Q4",#REF!,2025)>=3,"Medium","Low")),"")) -> #REF! | T17: =IF($R17="","",IFERROR(IF(AVERAGEIFS(#REF!,#REF!,$R17)>=4,"High",IF(AVERAGEIFS(#REF!,#REF!,$R17)>=2.5,"Medium","Low")),"")) -> #REF! | U17: =IF(#REF!=1,#REF!,"") -> #REF!
A18: =#REF! -> #REF! | B18: =#REF! -> #REF! | C18: =#REF! -> #REF! | D18: =IF(AND(#REF!="Q4",#REF!=2025,OR(#REF!="All",#REF!=#REF!)),#REF!,"") -> #REF! | R18: =IF(#REF!=1,#REF!,"") -> #REF! | S18: =IF($R18="","",IFERROR(IF(AVERAGEIFS(#REF!,#REF!,$R18,#REF!,"Q4",#REF!,2025)>=4,"High",IF(AVERAGEIFS(#REF!,#REF!,$R18,#REF!,"Q4",#REF!,2025)>=3,"Medium","Low")),"")) -> #REF! | T18: =IF($R18="","",IFERROR(IF(AVERAGEIFS(#REF!,#REF!,$R18)>=4,"High",IF(AVERAGEIFS(#REF!,#REF!,$R18)>=2.5,"Medium","Low")),"")) -> #REF! | U18: =IF(#REF!=1,#REF!,"") -> #REF!
A19: =#REF! -> #REF! | B19: =#REF! -> #REF! | C19: =#REF! -> #REF! | D19: =IF(AND(#REF!="Q4",#REF!=2025,OR(#REF!="All",#REF!=#REF!)),#REF!,"") -> #REF! | R19: =IF(#REF!=1,#REF!,"") -> #REF! | S19: =IF($R19="","",IFERROR(IF(AVERAGEIFS(#REF!,#REF!,$R19,#REF!,"Q4",#REF!,2025)>=4,"High",IF(AVERAGEIFS(#REF!,#REF!,$R19,#REF!,"Q4",#REF!,2025)>=3,"Medium","Low")),"")) -> #REF! | T19: =IF($R19="","",IFERROR(IF(AVERAGEIFS(#REF!,#REF!,$R19)>=4,"High",IF(AVERAGEIFS(#REF!,#REF!,$R19)>=2.5,"Medium","Low")),"")) -> #REF! | U19: =IF(#REF!=1,#REF!,"") -> #REF!
A20: =#REF! -> #REF! | B20: =#REF! -> #REF! | C20: =#REF! -> #REF! | D20: =IF(AND(#REF!="Q4",#REF!=2025,OR(#REF!="All",#REF!=#REF!)),#REF!,"") -> #REF! | R20: =IF(#REF!=1,#REF!,"") -> #REF! | S20: =IF($R20="","",IFERROR(IF(AVERAGEIFS(#REF!,#REF!,$R20,#REF!,"Q4",#REF!,2025)>=4,"High",IF(AVERAGEIFS(#REF!,#REF!,$R20,#REF!,"Q4",#REF!,2025)>=3,"Medium","Low")),"")) -> #REF! | T20: =IF($R20="","",IFERROR(IF(AVERAGEIFS(#REF!,#REF!,$R20)>=4,"High",IF(AVERAGEIFS(#REF!,#REF!,$R20)>=2.5,"Medium","Low")),"")) -> #REF! | U20: =IF(#REF!=1,#REF!,"") -> #REF!
A21: =#REF! -> #REF! | B21: =#REF! -> #REF! | C21: =#REF! -> #REF! | D21: =IF(AND(#REF!="Q4",#REF!=2025,OR(#REF!="All",#REF!=#REF!)),#REF!,"") -> #REF! | R21: =IF(#REF!=1,#REF!,"") -> #REF! | S21: =IF($R21="","",IFERROR(IF(AVERAGEIFS(#REF!,#REF!,$R21,#REF!,"Q4",#REF!,2025)>=4,"High",IF(AVERAGEIFS(#REF!,#REF!,$R21,#REF!,"Q4",#REF!,2025)>=3,"Medium","Low")),"")) -> #REF! | T21: =IF($R21="","",IFERROR(IF(AVERAGEIFS(#REF!,#REF!,$R21)>=4,"High",IF(AVERAGEIFS(#REF!,#REF!,$R21)>=2.5,"Medium","Low")),"")) -> #REF! | U21: =IF(#REF!=1,#REF!,"") -> #REF!
A22: =#REF! -> #REF! | B22: =#REF! -> #REF! | C22: =#REF! -> #REF! | D22: =IF(AND(#REF!="Q4",#REF!=2025,OR(#REF!="All",#REF!=#REF!)),#REF!,"") -> #REF! | R22: =IF(#REF!=1,#REF!,"") -> #REF! | S22: =IF($R22="","",IFERROR(IF(AVERAGEIFS(#REF!,#REF!,$R22,#REF!,"Q4",#REF!,2025)>=4,"High",IF(AVERAGEIFS(#REF!,#REF!,$R22,#REF!,"Q4",#REF!,2025)>=3,"Medium","Low")),"")) -> #REF! | T22: =IF($R22="","",IFERROR(IF(AVERAGEIFS(#REF!,#REF!,$R22)>=4,"High",IF(AVERAGEIFS(#REF!,#REF!,$R22)>=2.5,"Medium","Low")),"")) -> #REF! | U22: =IF(#REF!=1,#REF!,"") -> #REF!
A23: =#REF! -> #REF! | B23: =#REF! -> #REF! | C23: =#REF! -> #REF! | D23: =IF(AND(#REF!="Q4",#REF!=2025,OR(#REF!="All",#REF!=#REF!)),#REF!,"") -> #REF! | R23: =IF(#REF!=1,#REF!,"") -> #REF! | S23: =IF($R23="","",IFERROR(IF(AVERAGEIFS(#REF!,#REF!,$R23,#REF!,"Q4",#REF!,2025)>=4,"High",IF(AVERAGEIFS(#REF!,#REF!,$R23,#REF!,"Q4",#REF!,2025)>=3,"Medium","Low")),"")) -> #REF! | T23: =IF($R23="","",IFERROR(IF(AVERAGEIFS(#REF!,#REF!,$R23)>=4,"High",IF(AVERAGEIFS(#REF!,#REF!,$R23)>=2.5,"Medium","Low")),"")) -> #REF! | U23: =IF(#REF!=1,#REF!,"") -> #REF!
... A74: =#REF! -> #REF! | B74: =#REF! -> #REF! | C74: =#REF! -> #REF! | D74: =IF(AND(#REF!="Q4",#REF!=2025,OR(#REF!="All",#REF!=#REF!)),#REF!,"") -> #REF! | R74: =IF(#REF!=1,#REF!,"") -> #REF! | S74: =IF($R74="","",IFERROR(IF(AVERAGEIFS(#REF!,#REF!,$R74,#REF!,"Q4",#REF!,2025)>=4,"High",IF(AVERAGEIFS(#REF!,#REF!,$R74,#REF!,"Q4",#REF!,2025)>=3,"Medium","Low")),"")) -> #REF! | T74: =IF($R74="","",IFERROR(IF(AVERAGEIFS(#REF!,#REF!,$R74)>=4,"High",IF(AVERAGEIFS(#REF!,#REF!,$R74)>=2.5,"Medium","Low")),"")) -> #REF! | U74: =IF(#REF!=1,#REF!,"") -> #REF!
A75: =#REF! -> #REF! | B75: =#REF! -> #REF! | C75: =#REF! -> #REF! | D75: =IF(AND(#REF!="Q4",#REF!=2025,OR(#REF!="All",#REF!=#REF!)),#REF!,"") -> #REF!
A76: =#REF! -> #REF! | B76: =#REF! -> #REF! | C76: =#REF! -> #REF! | D76: =IF(AND(#REF!="Q4",#REF!=2025,OR(#REF!="All",#REF!=#REF!)),#REF!,"") -> #REF!
A77: =#REF! -> #REF! | B77: =#REF! -> #REF! | C77: =#REF! -> #REF! | D77: =IF(AND(#REF!="Q4",#REF!=2025,OR(#REF!="All",#REF!=#REF!)),#REF!,"") -> #REF!
A78: =#REF! -> #REF! | B78: =#REF! -> #REF! | C78: =#REF! -> #REF! | D78: =IF(AND(#REF!="Q4",#REF!=2025,OR(#REF!="All",#REF!=#REF!)),#REF!,"") -> #REF!
A79: =#REF! -> #REF! | B79: =#REF! -> #REF! | C79: =#REF! -> #REF! | D79: =IF(AND(#REF!="Q4",#REF!=2025,OR(#REF!="All",#REF!=#REF!)),#REF!,"") -> #REF!
A80: =#REF! -> #REF! | B80: =#REF! -> #REF! | C80: =#REF! -> #REF! | D80: =IF(AND(#REF!="Q4",#REF!=2025,OR(#REF!="All",#REF!=#REF!)),#REF!,"") -> #REF!
A81: =#REF! -> #REF! | B81: =#REF! -> #REF! | C81: =#REF! -> #REF! | D81: =IF(AND(#REF!="Q4",#REF!=2025,OR(#REF!="All",#REF!=#REF!)),#REF!,"") -> #REF!
A82: =#REF! -> #REF! | B82: =#REF! -> #REF! | C82: =#REF! -> #REF! | D82: =IF(AND(#REF!="Q4",#REF!=2025,OR(#REF!="All",#REF!=#REF!)),#REF!,"") -> #REF!
A83: =#REF! -> #REF! | B83: =#REF! -> #REF! | C83: =#REF! -> #REF! | D83: =IF(AND(#REF!="Q4",#REF!=2025,OR(#REF!="All",#REF!=#REF!)),#REF!,"") -> #REF!
A84: =#REF! -> #REF! | B84: =#REF! -> #REF! | C84: =#REF! -> #REF! | D84: =IF(AND(#REF!="Q4",#REF!=2025,OR(#REF!="All",#REF!=#REF!)),#REF!,"") -> #REF!
A85: =#REF! -> #REF! | B85: =#REF! -> #REF! | C85: =#REF! -> #REF! | D85: =IF(AND(#REF!="Q4",#REF!=2025,OR(#REF!="All",#REF!=#REF!)),#REF!,"") -> #REF!
A86: =#REF! -> #REF! | B86: =#REF! -> #REF! | C86: =#REF! -> #REF! | D86: =IF(AND(#REF!="Q4",#REF!=2025,OR(#REF!="All",#REF!=#REF!)),#REF!,"") -> #REF!
... A227: =#REF! -> #REF! | B227: =#REF! -> #REF! | C227: =#REF! -> #REF! | D227: =IF(AND(#REF!="Q4",#REF!=2025,OR(#REF!="All",#REF!=#REF!)),#REF!,"") -> #REF!

Sheet Calc_Skills
A1: Calc: Skills & Competency Dashboard
A3: Employee gap helper | E3: Skill Gap by Department (unfiltered) | H3: Skill Gap by Skill (filtered) | K3: Training Demand by Skill (filtered) | N3: Technical/Behavioral Competency by Department (unfiltered)
A4: EmpID | B4: Dept | C4: HasAnyGap | E4: Department | F4: AvgGap | H4: Skill | I4: AvgGap | K4: Skill | L4: NeedCount | N4: Department | O4: Technical | P4: Behavioral
A5: =IF(#REF!=1,#REF!,"") -> #REF! | B5: =IF(#REF!=1,#REF!,"") -> #REF! | C5: =IF($A5="","",IF(COUNTIFS(#REF!,$A5,#REF!,">0")>0,1,0)) -> #REF! | E5: Engineering | F5: =AVERAGEIFS(#REF!,#REF!,E5) -> #REF! | H5: Python | I5: =AVERAGEIFS(#REF!,#REF!,H5,#REF!,IF(#REF!="All","*",#REF!)) -> #REF! | K5: Python | L5: =COUNTIFS(#REF!,K5,#REF!,"Yes",#REF!,IF(#REF!="All","*",#REF!)) -> #REF! | N5: Engineering | O5: =AVERAGEIFS(#REF!,#REF!,N5,#REF!,"Technical") -> #REF! | P5: =AVERAGEIFS(#REF!,#REF!,N5,#REF!,"Behavioral") -> #REF!
A6: =IF(#REF!=1,#REF!,"") -> #REF! | B6: =IF(#REF!=1,#REF!,"") -> #REF! | C6: =IF($A6="","",IF(COUNTIFS(#REF!,$A6,#REF!,">0")>0,1,0)) -> #REF! | E6: HR | F6: =AVERAGEIFS(#REF!,#REF!,E6) -> #REF! | H6: SQL | I6: =AVERAGEIFS(#REF!,#REF!,H6,#REF!,IF(#REF!="All","*",#REF!)) -> #REF! | K6: SQL | L6: =COUNTIFS(#REF!,K6,#REF!,"Yes",#REF!,IF(#REF!="All","*",#REF!)) -> #REF! | N6: HR | O6: =AVERAGEIFS(#REF!,#REF!,N6,#REF!,"Technical") -> #REF! | P6: =AVERAGEIFS(#REF!,#REF!,N6,#REF!,"Behavioral") -> #REF!
A7: =IF(#REF!=1,#REF!,"") -> #REF! | B7: =IF(#REF!=1,#REF!,"") -> #REF! | C7: =IF($A7="","",IF(COUNTIFS(#REF!,$A7,#REF!,">0")>0,1,0)) -> #REF! | E7: Sales | F7: =AVERAGEIFS(#REF!,#REF!,E7) -> #REF! | H7: Excel | I7: =AVERAGEIFS(#REF!,#REF!,H7,#REF!,IF(#REF!="All","*",#REF!)) -> #REF! | K7: Excel | L7: =COUNTIFS(#REF!,K7,#REF!,"Yes",#REF!,IF(#REF!="All","*",#REF!)) -> #REF! | N7: Sales | O7: =AVERAGEIFS(#REF!,#REF!,N7,#REF!,"Technical") -> #REF! | P7: =AVERAGEIFS(#REF!,#REF!,N7,#REF!,"Behavioral") -> #REF!
A8: =IF(#REF!=1,#REF!,"") -> #REF! | B8: =IF(#REF!=1,#REF!,"") -> #REF! | C8: =IF($A8="","",IF(COUNTIFS(#REF!,$A8,#REF!,">0")>0,1,0)) -> #REF! | E8: Finance | F8: =AVERAGEIFS(#REF!,#REF!,E8) -> #REF! | H8: Power BI | I8: =AVERAGEIFS(#REF!,#REF!,H8,#REF!,IF(#REF!="All","*",#REF!)) -> #REF! | K8: Power BI | L8: =COUNTIFS(#REF!,K8,#REF!,"Yes",#REF!,IF(#REF!="All","*",#REF!)) -> #REF! | N8: Finance | O8: =AVERAGEIFS(#REF!,#REF!,N8,#REF!,"Technical") -> #REF! | P8: =AVERAGEIFS(#REF!,#REF!,N8,#REF!,"Behavioral") -> #REF!
A9: =IF(#REF!=1,#REF!,"") -> #REF! | B9: =IF(#REF!=1,#REF!,"") -> #REF! | C9: =IF($A9="","",IF(COUNTIFS(#REF!,$A9,#REF!,">0")>0,1,0)) -> #REF! | E9: Marketing | F9: =AVERAGEIFS(#REF!,#REF!,E9) -> #REF! | H9: Cloud | I9: =AVERAGEIFS(#REF!,#REF!,H9,#REF!,IF(#REF!="All","*",#REF!)) -> #REF! | K9: Cloud | L9: =COUNTIFS(#REF!,K9,#REF!,"Yes",#REF!,IF(#REF!="All","*",#REF!)) -> #REF! | N9: Marketing | O9: =AVERAGEIFS(#REF!,#REF!,N9,#REF!,"Technical") -> #REF! | P9: =AVERAGEIFS(#REF!,#REF!,N9,#REF!,"Behavioral") -> #REF!
A10: =IF(#REF!=1,#REF!,"") -> #REF! | B10: =IF(#REF!=1,#REF!,"") -> #REF! | C10: =IF($A10="","",IF(COUNTIFS(#REF!,$A10,#REF!,">0")>0,1,0)) -> #REF! | E10: IT | F10: =AVERAGEIFS(#REF!,#REF!,E10) -> #REF! | H10: Communication | I10: =AVERAGEIFS(#REF!,#REF!,H10,#REF!,IF(#REF!="All","*",#REF!)) -> #REF! | K10: Communication | L10: =COUNTIFS(#REF!,K10,#REF!,"Yes",#REF!,IF(#REF!="All","*",#REF!)) -> #REF! | N10: IT | O10: =AVERAGEIFS(#REF!,#REF!,N10,#REF!,"Technical") -> #REF! | P10: =AVERAGEIFS(#REF!,#REF!,N10,#REF!,"Behavioral") -> #REF!
A11: =IF(#REF!=1,#REF!,"") -> #REF! | B11: =IF(#REF!=1,#REF!,"") -> #REF! | C11: =IF($A11="","",IF(COUNTIFS(#REF!,$A11,#REF!,">0")>0,1,0)) -> #REF! | E11: Operations | F11: =AVERAGEIFS(#REF!,#REF!,E11) -> #REF! | H11: Leadership | I11: =AVERAGEIFS(#REF!,#REF!,H11,#REF!,IF(#REF!="All","*",#REF!)) -> #REF! | K11: Leadership | L11: =COUNTIFS(#REF!,K11,#REF!,"Yes",#REF!,IF(#REF!="All","*",#REF!)) -> #REF! | N11: Operations | O11: =AVERAGEIFS(#REF!,#REF!,N11,#REF!,"Technical") -> #REF! | P11: =AVERAGEIFS(#REF!,#REF!,N11,#REF!,"Behavioral") -> #REF!
A12: =IF(#REF!=1,#REF!,"") -> #REF! | B12: =IF(#REF!=1,#REF!,"") -> #REF! | C12: =IF($A12="","",IF(COUNTIFS(#REF!,$A12,#REF!,">0")>0,1,0)) -> #REF! | H12: Teamwork | I12: =AVERAGEIFS(#REF!,#REF!,H12,#REF!,IF(#REF!="All","*",#REF!)) -> #REF! | K12: Teamwork | L12: =COUNTIFS(#REF!,K12,#REF!,"Yes",#REF!,IF(#REF!="All","*",#REF!)) -> #REF!
A13: =IF(#REF!=1,#REF!,"") -> #REF! | B13: =IF(#REF!=1,#REF!,"") -> #REF! | C13: =IF($A13="","",IF(COUNTIFS(#REF!,$A13,#REF!,">0")>0,1,0)) -> #REF! | H13: Problem Solving | I13: =AVERAGEIFS(#REF!,#REF!,H13,#REF!,IF(#REF!="All","*",#REF!)) -> #REF! | K13: Problem Solving | L13: =COUNTIFS(#REF!,K13,#REF!,"Yes",#REF!,IF(#REF!="All","*",#REF!)) -> #REF!
A14: =IF(#REF!=1,#REF!,"") -> #REF! | B14: =IF(#REF!=1,#REF!,"") -> #REF! | C14: =IF($A14="","",IF(COUNTIFS(#REF!,$A14,#REF!,">0")>0,1,0)) -> #REF!
A15: =IF(#REF!=1,#REF!,"") -> #REF! | B15: =IF(#REF!=1,#REF!,"") -> #REF! | C15: =IF($A15="","",IF(COUNTIFS(#REF!,$A15,#REF!,">0")>0,1,0)) -> #REF!
A16: =IF(#REF!=1,#REF!,"") -> #REF! | B16: =IF(#REF!=1,#REF!,"") -> #REF! | C16: =IF($A16="","",IF(COUNTIFS(#REF!,$A16,#REF!,">0")>0,1,0)) -> #REF!
A17: =IF(#REF!=1,#REF!,"") -> #REF! | B17: =IF(#REF!=1,#REF!,"") -> #REF! | C17: =IF($A17="","",IF(COUNTIFS(#REF!,$A17,#REF!,">0")>0,1,0)) -> #REF!
A18: =IF(#REF!=1,#REF!,"") -> #REF! | B18: =IF(#REF!=1,#REF!,"") -> #REF! | C18: =IF($A18="","",IF(COUNTIFS(#REF!,$A18,#REF!,">0")>0,1,0)) -> #REF!
A19: =IF(#REF!=1,#REF!,"") -> #REF! | B19: =IF(#REF!=1,#REF!,"") -> #REF! | C19: =IF($A19="","",IF(COUNTIFS(#REF!,$A19,#REF!,">0")>0,1,0)) -> #REF!
A20: =IF(#REF!=1,#REF!,"") -> #REF! | B20: =IF(#REF!=1,#REF!,"") -> #REF! | C20: =IF($A20="","",IF(COUNTIFS(#REF!,$A20,#REF!,">0")>0,1,0)) -> #REF!
A21: =IF(#REF!=1,#REF!,"") -> #REF! | B21: =IF(#REF!=1,#REF!,"") -> #REF! | C21: =IF($A21="","",IF(COUNTIFS(#REF!,$A21,#REF!,">0")>0,1,0)) -> #REF!
A22: =IF(#REF!=1,#REF!,"") -> #REF! | B22: =IF(#REF!=1,#REF!,"") -> #REF! | C22: =IF($A22="","",IF(COUNTIFS(#REF!,$A22,#REF!,">0")>0,1,0)) -> #REF!
A23: =IF(#REF!=1,#REF!,"") -> #REF! | B23: =IF(#REF!=1,#REF!,"") -> #REF! | C23: =IF($A23="","",IF(COUNTIFS(#REF!,$A23,#REF!,">0")>0,1,0)) -> #REF!
A24: =IF(#REF!=1,#REF!,"") -> #REF! | B24: =IF(#REF!=1,#REF!,"") -> #REF! | C24: =IF($A24="","",IF(COUNTIFS(#REF!,$A24,#REF!,">0")>0,1,0)) -> #REF!
A25: =IF(#REF!=1,#REF!,"") -> #REF! | B25: =IF(#REF!=1,#REF!,"") -> #REF! | C25: =IF($A25="","",IF(COUNTIFS(#REF!,$A25,#REF!,">0")>0,1,0)) -> #REF!
... A74: =IF(#REF!=1,#REF!,"") -> #REF! | B74: =IF(#REF!=1,#REF!,"") -> #REF! | C74: =IF($A74="","",IF(COUNTIFS(#REF!,$A74,#REF!,">0")>0,1,0)) -> #REF!

Sheet Calc_Training
A1: Calc: Training Dashboard
A3: Employee training-need helper | E3: Training Hours by Department (unfiltered) | H3: Training by Category (filtered) | K3: Training Status (filtered) | N3: Training ROI by Department (unfiltered) | Q3: Training Outcome Score by Course (filtered, completed only) | T3: Before vs After Training by Skill (filtered)
A4: EmpID | B4: Dept | C4: HasTrainingNeed | E4: Department | F4: Hours | H4: Category | I4: Count | K4: Status | L4: Count | N4: Department | O4: ROI% | Q4: Course | R4: AvgScore | T4: Skill | U4: Before | V4: After
A5: =IF(#REF!=1,#REF!,"") -> #REF! | B5: =IF(#REF!=1,#REF!,"") -> #REF! | C5: =IF($A5="","",IF(COUNTIFS(#REF!,$A5,#REF!,"Yes")>0,1,0)) -> #REF! | E5: Engineering | F5: =SUMIFS(Training!$K:$K,Training!$D:$D,E5) -> 1154 | H5: Cloud | I5: =COUNTIFS(Training!$F:$F,H5,Training!$D:$D,IF('Training Dashboard'!$E$5="All","*",'Training Dashboard'!$E$5)) -> 8 | K5: Completed | L5: =COUNTIFS(Training!$L:$L,K5,Training!$D:$D,IF('Training Dashboard'!$E$5="All","*",'Training Dashboard'!$E$5)) -> 58 | N5: Engineering | O5: =AVERAGEIFS(#REF!,#REF!,N5) -> #REF! | Q5: AWS Solutions Architect | R5: =IFERROR(AVERAGEIFS(Training!$M:$M,Training!$E:$E,Q5,Training!$L:$L,"Completed",Training!$D:$D,IF('Training Dashboard'!$E$5="All","*",'Training Dashboard'!$E$5)),"") -> 83.666667 | T5: Python | U5: =AVERAGEIFS(#REF!,#REF!,T5,#REF!,IF('Training Dashboard'!$E$5="All","*",'Training Dashboard'!$E$5)) -> #REF! | V5: =AVERAGEIFS(#REF!,#REF!,T5,#REF!,IF('Training Dashboard'!$E$5="All","*",'Training Dashboard'!$E$5)) -> #REF!
A6: =IF(#REF!=1,#REF!,"") -> #REF! | B6: =IF(#REF!=1,#REF!,"") -> #REF! | C6: =IF($A6="","",IF(COUNTIFS(#REF!,$A6,#REF!,"Yes")>0,1,0)) -> #REF! | E6: HR | F6: =SUMIFS(Training!$K:$K,Training!$D:$D,E6) -> 184 | H6: Dev | I6: =COUNTIFS(Training!$F:$F,H6,Training!$D:$D,IF('Training Dashboard'!$E$5="All","*",'Training Dashboard'!$E$5)) -> 14 | K6: In Progress | L6: =COUNTIFS(Training!$L:$L,K6,Training!$D:$D,IF('Training Dashboard'!$E$5="All","*",'Training Dashboard'!$E$5)) -> 21 | N6: HR | O6: =AVERAGEIFS(#REF!,#REF!,N6) -> #REF! | Q6: Azure Fundamentals | R6: =IFERROR(AVERAGEIFS(Training!$M:$M,Training!$E:$E,Q6,Training!$L:$L,"Completed",Training!$D:$D,IF('Training Dashboard'!$E$5="All","*",'Training Dashboard'!$E$5)),"") | T6: SQL | U6: =AVERAGEIFS(#REF!,#REF!,T6,#REF!,IF('Training Dashboard'!$E$5="All","*",'Training Dashboard'!$E$5)) -> #REF! | V6: =AVERAGEIFS(#REF!,#REF!,T6,#REF!,IF('Training Dashboard'!$E$5="All","*",'Training Dashboard'!$E$5)) -> #REF!
A7: =IF(#REF!=1,#REF!,"") -> #REF! | B7: =IF(#REF!=1,#REF!,"") -> #REF! | C7: =IF($A7="","",IF(COUNTIFS(#REF!,$A7,#REF!,"Yes")>0,1,0)) -> #REF! | E7: Sales | F7: =SUMIFS(Training!$K:$K,Training!$D:$D,E7) -> 224 | H7: Data | I7: =COUNTIFS(Training!$F:$F,H7,Training!$D:$D,IF('Training Dashboard'!$E$5="All","*",'Training Dashboard'!$E$5)) -> 4 | K7: Enrolled | L7: =COUNTIFS(Training!$L:$L,K7,Training!$D:$D,IF('Training Dashboard'!$E$5="All","*",'Training Dashboard'!$E$5)) -> 10 | N7: Sales | O7: =AVERAGEIFS(#REF!,#REF!,N7) -> #REF! | Q7: React & Node.js Bootcamp | R7: =IFERROR(AVERAGEIFS(Training!$M:$M,Training!$E:$E,Q7,Training!$L:$L,"Completed",Training!$D:$D,IF('Training Dashboard'!$E$5="All","*",'Training Dashboard'!$E$5)),"") -> 77.5 | T7: Excel | U7: =AVERAGEIFS(#REF!,#REF!,T7,#REF!,IF('Training Dashboard'!$E$5="All","*",'Training Dashboard'!$E$5)) -> #REF! | V7: =AVERAGEIFS(#REF!,#REF!,T7,#REF!,IF('Training Dashboard'!$E$5="All","*",'Training Dashboard'!$E$5)) -> #REF!
A8: =IF(#REF!=1,#REF!,"") -> #REF! | B8: =IF(#REF!=1,#REF!,"") -> #REF! | C8: =IF($A8="","",IF(COUNTIFS(#REF!,$A8,#REF!,"Yes")>0,1,0)) -> #REF! | E8: Finance | F8: =SUMIFS(Training!$K:$K,Training!$D:$D,E8) -> 749 | H8: Leadership | I8: =COUNTIFS(Training!$F:$F,H8,Training!$D:$D,IF('Training Dashboard'!$E$5="All","*",'Training Dashboard'!$E$5)) -> 13 | K8: Cancelled | L8: =COUNTIFS(Training!$L:$L,K8,Training!$D:$D,IF('Training Dashboard'!$E$5="All","*",'Training Dashboard'!$E$5)) -> 5 | N8: Finance | O8: =AVERAGEIFS(#REF!,#REF!,N8) -> #REF! | Q8: Python for Data Engineers | R8: =IFERROR(AVERAGEIFS(Training!$M:$M,Training!$E:$E,Q8,Training!$L:$L,"Completed",Training!$D:$D,IF('Training Dashboard'!$E$5="All","*",'Training Dashboard'!$E$5)),"") -> 86 | T8: Power BI | U8: =AVERAGEIFS(#REF!,#REF!,T8,#REF!,IF('Training Dashboard'!$E$5="All","*",'Training Dashboard'!$E$5)) -> #REF! | V8: =AVERAGEIFS(#REF!,#REF!,T8,#REF!,IF('Training Dashboard'!$E$5="All","*",'Training Dashboard'!$E$5)) -> #REF!
A9: =IF(#REF!=1,#REF!,"") -> #REF! | B9: =IF(#REF!=1,#REF!,"") -> #REF! | C9: =IF($A9="","",IF(COUNTIFS(#REF!,$A9,#REF!,"Yes")>0,1,0)) -> #REF! | E9: Marketing | F9: =SUMIFS(Training!$K:$K,Training!$D:$D,E9) -> 104 | H9: HR Ops | I9: =COUNTIFS(Training!$F:$F,H9,Training!$D:$D,IF('Training Dashboard'!$E$5="All","*",'Training Dashboard'!$E$5)) -> 4 | K9: Failed | L9: =COUNTIFS(Training!$L:$L,K9,Training!$D:$D,IF('Training Dashboard'!$E$5="All","*",'Training Dashboard'!$E$5)) -> 6 | N9: Marketing | O9: =AVERAGEIFS(#REF!,#REF!,N9) -> #REF! | Q9: Advanced Git & DevOps | R9: =IFERROR(AVERAGEIFS(Training!$M:$M,Training!$E:$E,Q9,Training!$L:$L,"Completed",Training!$D:$D,IF('Training Dashboard'!$E$5="All","*",'Training Dashboard'!$E$5)),"") | T9: Cloud | U9: =AVERAGEIFS(#REF!,#REF!,T9,#REF!,IF('Training Dashboard'!$E$5="All","*",'Training Dashboard'!$E$5)) -> #REF! | V9: =AVERAGEIFS(#REF!,#REF!,T9,#REF!,IF('Training Dashboard'!$E$5="All","*",'Training Dashboard'!$E$5)) -> #REF!
A10: =IF(#REF!=1,#REF!,"") -> #REF! | B10: =IF(#REF!=1,#REF!,"") -> #REF! | C10: =IF($A10="","",IF(COUNTIFS(#REF!,$A10,#REF!,"Yes")>0,1,0)) -> #REF! | E10: IT | F10: =SUMIFS(Training!$K:$K,Training!$D:$D,E10) -> 475 | H10: Sales | I10: =COUNTIFS(Training!$F:$F,H10,Training!$D:$D,IF('Training Dashboard'!$E$5="All","*",'Training Dashboard'!$E$5)) -> 6 | N10: IT | O10: =AVERAGEIFS(#REF!,#REF!,N10) -> #REF! | Q10: SQL Server Mastery | R10: =IFERROR(AVERAGEIFS(Training!$M:$M,Training!$E:$E,Q10,Training!$L:$L,"Completed",Training!$D:$D,IF('Training Dashboard'!$E$5="All","*",'Training Dashboard'!$E$5)),"") -> 90.5 | T10: Communication | U10: =AVERAGEIFS(#REF!,#REF!,T10,#REF!,IF('Training Dashboard'!$E$5="All","*",'Training Dashboard'!$E$5)) -> #REF! | V10: =AVERAGEIFS(#REF!,#REF!,T10,#REF!,IF('Training Dashboard'!$E$5="All","*",'Training Dashboard'!$E$5)) -> #REF!
A11: =IF(#REF!=1,#REF!,"") -> #REF! | B11: =IF(#REF!=1,#REF!,"") -> #REF! | C11: =IF($A11="","",IF(COUNTIFS(#REF!,$A11,#REF!,"Yes")>0,1,0)) -> #REF! | E11: Operations | F11: =SUMIFS(Training!$K:$K,Training!$D:$D,E11) -> 513 | H11: Finance | I11: =COUNTIFS(Training!$F:$F,H11,Training!$D:$D,IF('Training Dashboard'!$E$5="All","*",'Training Dashboard'!$E$5)) -> 18 | N11: Operations | O11: =AVERAGEIFS(#REF!,#REF!,N11) -> #REF! | Q11: Strategic HR Leadership | R11: =IFERROR(AVERAGEIFS(Training!$M:$M,Training!$E:$E,Q11,Training!$L:$L,"Completed",Training!$D:$D,IF('Training Dashboard'!$E$5="All","*",'Training Dashboard'!$E$5)),"") -> 88 | T11: Leadership | U11: =AVERAGEIFS(#REF!,#REF!,T11,#REF!,IF('Training Dashboard'!$E$5="All","*",'Training Dashboard'!$E$5)) -> #REF! | V11: =AVERAGEIFS(#REF!,#REF!,T11,#REF!,IF('Training Dashboard'!$E$5="All","*",'Training Dashboard'!$E$5)) -> #REF!
A12: =IF(#REF!=1,#REF!,"") -> #REF! | B12: =IF(#REF!=1,#REF!,"") -> #REF! | C12: =IF($A12="","",IF(COUNTIFS(#REF!,$A12,#REF!,"Yes")>0,1,0)) -> #REF! | H12: Digital Marketing | I12: =COUNTIFS(Training!$F:$F,H12,Training!$D:$D,IF('Training Dashboard'!$E$5="All","*",'Training Dashboard'!$E$5)) -> 7 | Q12: People Management Essentials | R12: =IFERROR(AVERAGEIFS(Training!$M:$M,Training!$E:$E,Q12,Training!$L:$L,"Completed",Training!$D:$D,IF('Training Dashboard'!$E$5="All","*",'Training Dashboard'!$E$5)),"") -> 82.666667 | T12: Teamwork | U12: =AVERAGEIFS(#REF!,#REF!,T12,#REF!,IF('Training Dashboard'!$E$5="All","*",'Training Dashboard'!$E$5)) -> #REF! | V12: =AVERAGEIFS(#REF!,#REF!,T12,#REF!,IF('Training Dashboard'!$E$5="All","*",'Training Dashboard'!$E$5)) -> #REF!
A13: =IF(#REF!=1,#REF!,"") -> #REF! | B13: =IF(#REF!=1,#REF!,"") -> #REF! | C13: =IF($A13="","",IF(COUNTIFS(#REF!,$A13,#REF!,"Yes")>0,1,0)) -> #REF! | H13: IT Security | I13: =COUNTIFS(Training!$F:$F,H13,Training!$D:$D,IF('Training Dashboard'!$E$5="All","*",'Training Dashboard'!$E$5)) -> 12 | Q13: Payroll Compliance Workshop | R13: =IFERROR(AVERAGEIFS(Training!$M:$M,Training!$E:$E,Q13,Training!$L:$L,"Completed",Training!$D:$D,IF('Training Dashboard'!$E$5="All","*",'Training Dashboard'!$E$5)),"") -> 84 | T13: Problem Solving | U13: =AVERAGEIFS(#REF!,#REF!,T13,#REF!,IF('Training Dashboard'!$E$5="All","*",'Training Dashboard'!$E$5)) -> #REF! | V13: =AVERAGEIFS(#REF!,#REF!,T13,#REF!,IF('Training Dashboard'!$E$5="All","*",'Training Dashboard'!$E$5)) -> #REF!
A14: =IF(#REF!=1,#REF!,"") -> #REF! | B14: =IF(#REF!=1,#REF!,"") -> #REF! | C14: =IF($A14="","",IF(COUNTIFS(#REF!,$A14,#REF!,"Yes")>0,1,0)) -> #REF! | H14: Ops Excellence | I14: =COUNTIFS(Training!$F:$F,H14,Training!$D:$D,IF('Training Dashboard'!$E$5="All","*",'Training Dashboard'!$E$5)) -> 14 | Q14: Advanced Sales Techniques | R14: =IFERROR(AVERAGEIFS(Training!$M:$M,Training!$E:$E,Q14,Training!$L:$L,"Completed",Training!$D:$D,IF('Training Dashboard'!$E$5="All","*",'Training Dashboard'!$E$5)),"") -> 91.25
A15: =IF(#REF!=1,#REF!,"") -> #REF! | B15: =IF(#REF!=1,#REF!,"") -> #REF! | C15: =IF($A15="","",IF(COUNTIFS(#REF!,$A15,#REF!,"Yes")>0,1,0)) -> #REF! | Q15: Negotiation Mastery | R15: =IFERROR(AVERAGEIFS(Training!$M:$M,Training!$E:$E,Q15,Training!$L:$L,"Completed",Training!$D:$D,IF('Training Dashboard'!$E$5="All","*",'Training Dashboard'!$E$5)),"")
A16: =IF(#REF!=1,#REF!,"") -> #REF! | B16: =IF(#REF!=1,#REF!,"") -> #REF! | C16: =IF($A16="","",IF(COUNTIFS(#REF!,$A16,#REF!,"Yes")>0,1,0)) -> #REF! | Q16: Sales Leadership Program | R16: =IFERROR(AVERAGEIFS(Training!$M:$M,Training!$E:$E,Q16,Training!$L:$L,"Completed",Training!$D:$D,IF('Training Dashboard'!$E$5="All","*",'Training Dashboard'!$E$5)),"") -> 84
A17: =IF(#REF!=1,#REF!,"") -> #REF! | B17: =IF(#REF!=1,#REF!,"") -> #REF! | C17: =IF($A17="","",IF(COUNTIFS(#REF!,$A17,#REF!,"Yes")>0,1,0)) -> #REF! | Q17: IFRS Accounting Standards | R17: =IFERROR(AVERAGEIFS(Training!$M:$M,Training!$E:$E,Q17,Training!$L:$L,"Completed",Training!$D:$D,IF('Training Dashboard'!$E$5="All","*",'Training Dashboard'!$E$5)),"") -> 80
A18: =IF(#REF!=1,#REF!,"") -> #REF! | B18: =IF(#REF!=1,#REF!,"") -> #REF! | C18: =IF($A18="","",IF(COUNTIFS(#REF!,$A18,#REF!,"Yes")>0,1,0)) -> #REF! | Q18: Financial Modeling in Excel | R18: =IFERROR(AVERAGEIFS(Training!$M:$M,Training!$E:$E,Q18,Training!$L:$L,"Completed",Training!$D:$D,IF('Training Dashboard'!$E$5="All","*",'Training Dashboard'!$E$5)),"") -> 77.5
A19: =IF(#REF!=1,#REF!,"") -> #REF! | B19: =IF(#REF!=1,#REF!,"") -> #REF! | C19: =IF($A19="","",IF(COUNTIFS(#REF!,$A19,#REF!,"Yes")>0,1,0)) -> #REF! | Q19: Cost Accounting Deep Dive | R19: =IFERROR(AVERAGEIFS(Training!$M:$M,Training!$E:$E,Q19,Training!$L:$L,"Completed",Training!$D:$D,IF('Training Dashboard'!$E$5="All","*",'Training Dashboard'!$E$5)),"") -> 89.4
A20: =IF(#REF!=1,#REF!,"") -> #REF! | B20: =IF(#REF!=1,#REF!,"") -> #REF! | C20: =IF($A20="","",IF(COUNTIFS(#REF!,$A20,#REF!,"Yes")>0,1,0)) -> #REF! | Q20: Google Analytics 4 | R20: =IFERROR(AVERAGEIFS(Training!$M:$M,Training!$E:$E,Q20,Training!$L:$L,"Completed",Training!$D:$D,IF('Training Dashboard'!$E$5="All","*",'Training Dashboard'!$E$5)),"") -> 79.333333
A21: =IF(#REF!=1,#REF!,"") -> #REF! | B21: =IF(#REF!=1,#REF!,"") -> #REF! | C21: =IF($A21="","",IF(COUNTIFS(#REF!,$A21,#REF!,"Yes")>0,1,0)) -> #REF! | Q21: SEO Fundamentals | R21: =IFERROR(AVERAGEIFS(Training!$M:$M,Training!$E:$E,Q21,Training!$L:$L,"Completed",Training!$D:$D,IF('Training Dashboard'!$E$5="All","*",'Training Dashboard'!$E$5)),"")
A22: =IF(#REF!=1,#REF!,"") -> #REF! | B22: =IF(#REF!=1,#REF!,"") -> #REF! | C22: =IF($A22="","",IF(COUNTIFS(#REF!,$A22,#REF!,"Yes")>0,1,0)) -> #REF! | Q22: Content Strategy Workshop | R22: =IFERROR(AVERAGEIFS(Training!$M:$M,Training!$E:$E,Q22,Training!$L:$L,"Completed",Training!$D:$D,IF('Training Dashboard'!$E$5="All","*",'Training Dashboard'!$E$5)),"")
A23: =IF(#REF!=1,#REF!,"") -> #REF! | B23: =IF(#REF!=1,#REF!,"") -> #REF! | C23: =IF($A23="","",IF(COUNTIFS(#REF!,$A23,#REF!,"Yes")>0,1,0)) -> #REF! | Q23: Cybersecurity Fundamentals | R23: =IFERROR(AVERAGEIFS(Training!$M:$M,Training!$E:$E,Q23,Training!$L:$L,"Completed",Training!$D:$D,IF('Training Dashboard'!$E$5="All","*",'Training Dashboard'!$E$5)),"") -> 93.2
A24: =IF(#REF!=1,#REF!,"") -> #REF! | B24: =IF(#REF!=1,#REF!,"") -> #REF! | C24: =IF($A24="","",IF(COUNTIFS(#REF!,$A24,#REF!,"Yes")>0,1,0)) -> #REF! | Q24: Network Security Essentials | R24: =IFERROR(AVERAGEIFS(Training!$M:$M,Training!$E:$E,Q24,Training!$L:$L,"Completed",Training!$D:$D,IF('Training Dashboard'!$E$5="All","*",'Training Dashboard'!$E$5)),"") -> 77.5
A25: =IF(#REF!=1,#REF!,"") -> #REF! | B25: =IF(#REF!=1,#REF!,"") -> #REF! | C25: =IF($A25="","",IF(COUNTIFS(#REF!,$A25,#REF!,"Yes")>0,1,0)) -> #REF! | Q25: Azure Administrator | R25: =IFERROR(AVERAGEIFS(Training!$M:$M,Training!$E:$E,Q25,Training!$L:$L,"Completed",Training!$D:$D,IF('Training Dashboard'!$E$5="All","*",'Training Dashboard'!$E$5)),"") -> 89.5
A26: =IF(#REF!=1,#REF!,"") -> #REF! | B26: =IF(#REF!=1,#REF!,"") -> #REF! | C26: =IF($A26="","",IF(COUNTIFS(#REF!,$A26,#REF!,"Yes")>0,1,0)) -> #REF! | Q26: Lean Six Sigma Green Belt | R26: =IFERROR(AVERAGEIFS(Training!$M:$M,Training!$E:$E,Q26,Training!$L:$L,"Completed",Training!$D:$D,IF('Training Dashboard'!$E$5="All","*",'Training Dashboard'!$E$5)),"") -> 76.666667
A27: =IF(#REF!=1,#REF!,"") -> #REF! | B27: =IF(#REF!=1,#REF!,"") -> #REF! | C27: =IF($A27="","",IF(COUNTIFS(#REF!,$A27,#REF!,"Yes")>0,1,0)) -> #REF! | Q27: Supply Chain Analytics | R27: =IFERROR(AVERAGEIFS(Training!$M:$M,Training!$E:$E,Q27,Training!$L:$L,"Completed",Training!$D:$D,IF('Training Dashboard'!$E$5="All","*",'Training Dashboard'!$E$5)),"") -> 78.166667
A28: =IF(#REF!=1,#REF!,"") -> #REF! | B28: =IF(#REF!=1,#REF!,"") -> #REF! | C28: =IF($A28="","",IF(COUNTIFS(#REF!,$A28,#REF!,"Yes")>0,1,0)) -> #REF!
A29: =IF(#REF!=1,#REF!,"") -> #REF! | B29: =IF(#REF!=1,#REF!,"") -> #REF! | C29: =IF($A29="","",IF(COUNTIFS(#REF!,$A29,#REF!,"Yes")>0,1,0)) -> #REF!
A30: =IF(#REF!=1,#REF!,"") -> #REF! | B30: =IF(#REF!=1,#REF!,"") -> #REF! | C30: =IF($A30="","",IF(COUNTIFS(#REF!,$A30,#REF!,"Yes")>0,1,0)) -> #REF!
A31: =IF(#REF!=1,#REF!,"") -> #REF! | B31: =IF(#REF!=1,#REF!,"") -> #REF! | C31: =IF($A31="","",IF(COUNTIFS(#REF!,$A31,#REF!,"Yes")>0,1,0)) -> #REF!
A32: =IF(#REF!=1,#REF!,"") -> #REF! | B32: =IF(#REF!=1,#REF!,"") -> #REF! | C32: =IF($A32="","",IF(COUNTIFS(#REF!,$A32,#REF!,"Yes")>0,1,0)) -> #REF!
A33: =IF(#REF!=1,#REF!,"") -> #REF! | B33: =IF(#REF!=1,#REF!,"") -> #REF! | C33: =IF($A33="","",IF(COUNTIFS(#REF!,$A33,#REF!,"Yes")>0,1,0)) -> #REF!
A34: =IF(#REF!=1,#REF!,"") -> #REF! | B34: =IF(#REF!=1,#REF!,"") -> #REF! | C34: =IF($A34="","",IF(COUNTIFS(#REF!,$A34,#REF!,"Yes")>0,1,0)) -> #REF!
A35: =IF(#REF!=1,#REF!,"") -> #REF! | B35: =IF(#REF!=1,#REF!,"") -> #REF! | C35: =IF($A35="","",IF(COUNTIFS(#REF!,$A35,#REF!,"Yes")>0,1,0)) -> #REF!
A36: =IF(#REF!=1,#REF!,"") -> #REF! | B36: =IF(#REF!=1,#REF!,"") -> #REF! | C36: =IF($A36="","",IF(COUNTIFS(#REF!,$A36,#REF!,"Yes")>0,1,0)) -> #REF!
A37: =IF(#REF!=1,#REF!,"") -> #REF! | B37: =IF(#REF!=1,#REF!,"") -> #REF! | C37: =IF($A37="","",IF(COUNTIFS(#REF!,$A37,#REF!,"Yes")>0,1,0)) -> #REF!
A38: =IF(#REF!=1,#REF!,"") -> #REF! | B38: =IF(#REF!=1,#REF!,"") -> #REF! | C38: =IF($A38="","",IF(COUNTIFS(#REF!,$A38,#REF!,"Yes")>0,1,0)) -> #REF!
A39: =IF(#REF!=1,#REF!,"") -> #REF! | B39: =IF(#REF!=1,#REF!,"") -> #REF! | C39: =IF($A39="","",IF(COUNTIFS(#REF!,$A39,#REF!,"Yes")>0,1,0)) -> #REF!
... A74: =IF(#REF!=1,#REF!,"") -> #REF! | B74: =IF(#REF!=1,#REF!,"") -> #REF! | C74: =IF($A74="","",IF(COUNTIFS(#REF!,$A74,#REF!,"Yes")>0,1,0)) -> #REF!

Sheet Calc_Forecast
A1: Calc: Workforce Planning Dashboard
C3: Headcount by Year & Department | L3: Headcount Trend (filtered) | O3: Budget Trend (filtered) | R3: Budget by Department, selected year | U3: Hiring Forecast by Year (filtered)
C4: Department | D4: 2025 | E4: 2026 | F4: 2027 | G4: 2028 | H4: 2029 | I4: 2030 | L4: Year | M4: Headcount | O4: Year | P4: TotalBudget | R4: Department | S4: Budget | U4: Year | V4: Hires
C5: Engineering | D5: =COUNTIFS(#REF!,C5,#REF!,1) -> #REF! | E5: =D5+#REF! -> #REF! | F5: =E5+#REF! -> #REF! | G5: =F5+#REF! -> #REF! | H5: =G5+#REF! -> #REF! | I5: =H5+#REF! -> #REF! | L5: 2025 | M5: =SUMIFS($D$5:$D$11,$C$5:$C$11,IF(#REF!="All","*",#REF!)) -> 0 | O5: 2025 | P5: =SUMIFS(#REF!,#REF!,"Total HR Budget",#REF!,IF(#REF!="All","*",#REF!)) -> #REF! | R5: Engineering | S5: =SUMPRODUCT((#REF!=R5)*(#REF!="Total HR Budget")*INDEX(#REF!,0,MATCH(VALUE(#REF!),{2025,2026,2027,2028,2029,2030},0))) -> #REF! | U5: 2026 | V5: =SUMIFS(#REF!,#REF!,IF(#REF!="All","*",#REF!)) -> #REF!
C6: HR | D6: =COUNTIFS(#REF!,C6,#REF!,1) -> #REF! | E6: =D6+#REF! -> #REF! | F6: =E6+#REF! -> #REF! | G6: =F6+#REF! -> #REF! | H6: =G6+#REF! -> #REF! | I6: =H6+#REF! -> #REF! | L6: 2026 | M6: =SUMIFS($E$5:$E$11,$C$5:$C$11,IF(#REF!="All","*",#REF!)) -> 0 | O6: 2026 | P6: =SUMIFS(#REF!,#REF!,"Total HR Budget",#REF!,IF(#REF!="All","*",#REF!)) -> #REF! | R6: HR | S6: =SUMPRODUCT((#REF!=R6)*(#REF!="Total HR Budget")*INDEX(#REF!,0,MATCH(VALUE(#REF!),{2025,2026,2027,2028,2029,2030},0))) -> #REF! | U6: 2027 | V6: =SUMIFS(#REF!,#REF!,IF(#REF!="All","*",#REF!)) -> #REF!
C7: Sales | D7: =COUNTIFS(#REF!,C7,#REF!,1) -> #REF! | E7: =D7+#REF! -> #REF! | F7: =E7+#REF! -> #REF! | G7: =F7+#REF! -> #REF! | H7: =G7+#REF! -> #REF! | I7: =H7+#REF! -> #REF! | L7: 2027 | M7: =SUMIFS($F$5:$F$11,$C$5:$C$11,IF(#REF!="All","*",#REF!)) -> 0 | O7: 2027 | P7: =SUMIFS(#REF!,#REF!,"Total HR Budget",#REF!,IF(#REF!="All","*",#REF!)) -> #REF! | R7: Sales | S7: =SUMPRODUCT((#REF!=R7)*(#REF!="Total HR Budget")*INDEX(#REF!,0,MATCH(VALUE(#REF!),{2025,2026,2027,2028,2029,2030},0))) -> #REF! | U7: 2028 | V7: =SUMIFS(#REF!,#REF!,IF(#REF!="All","*",#REF!)) -> #REF!
C8: Finance | D8: =COUNTIFS(#REF!,C8,#REF!,1) -> #REF! | E8: =D8+#REF! -> #REF! | F8: =E8+#REF! -> #REF! | G8: =F8+#REF! -> #REF! | H8: =G8+#REF! -> #REF! | I8: =H8+#REF! -> #REF! | L8: 2028 | M8: =SUMIFS($G$5:$G$11,$C$5:$C$11,IF(#REF!="All","*",#REF!)) -> 0 | O8: 2028 | P8: =SUMIFS(#REF!,#REF!,"Total HR Budget",#REF!,IF(#REF!="All","*",#REF!)) -> #REF! | R8: Finance | S8: =SUMPRODUCT((#REF!=R8)*(#REF!="Total HR Budget")*INDEX(#REF!,0,MATCH(VALUE(#REF!),{2025,2026,2027,2028,2029,2030},0))) -> #REF! | U8: 2029 | V8: =SUMIFS(#REF!,#REF!,IF(#REF!="All","*",#REF!)) -> #REF!
C9: Marketing | D9: =COUNTIFS(#REF!,C9,#REF!,1) -> #REF! | E9: =D9+#REF! -> #REF! | F9: =E9+#REF! -> #REF! | G9: =F9+#REF! -> #REF! | H9: =G9+#REF! -> #REF! | I9: =H9+#REF! -> #REF! | L9: 2029 | M9: =SUMIFS($H$5:$H$11,$C$5:$C$11,IF(#REF!="All","*",#REF!)) -> 0 | O9: 2029 | P9: =SUMIFS(#REF!,#REF!,"Total HR Budget",#REF!,IF(#REF!="All","*",#REF!)) -> #REF! | R9: Marketing | S9: =SUMPRODUCT((#REF!=R9)*(#REF!="Total HR Budget")*INDEX(#REF!,0,MATCH(VALUE(#REF!),{2025,2026,2027,2028,2029,2030},0))) -> #REF! | U9: 2030 | V9: =SUMIFS(#REF!,#REF!,IF(#REF!="All","*",#REF!)) -> #REF!
C10: IT | D10: =COUNTIFS(#REF!,C10,#REF!,1) -> #REF! | E10: =D10+#REF! -> #REF! | F10: =E10+#REF! -> #REF! | G10: =F10+#REF! -> #REF! | H10: =G10+#REF! -> #REF! | I10: =H10+#REF! -> #REF! | L10: 2030 | M10: =SUMIFS($I$5:$I$11,$C$5:$C$11,IF(#REF!="All","*",#REF!)) -> 0 | O10: 2030 | P10: =SUMIFS(#REF!,#REF!,"Total HR Budget",#REF!,IF(#REF!="All","*",#REF!)) -> #REF! | R10: IT | S10: =SUMPRODUCT((#REF!=R10)*(#REF!="Total HR Budget")*INDEX(#REF!,0,MATCH(VALUE(#REF!),{2025,2026,2027,2028,2029,2030},0))) -> #REF!
C11: Operations | D11: =COUNTIFS(#REF!,C11,#REF!,1) -> #REF! | E11: =D11+#REF! -> #REF! | F11: =E11+#REF! -> #REF! | G11: =F11+#REF! -> #REF! | H11: =G11+#REF! -> #REF! | I11: =H11+#REF! -> #REF! | R11: Operations | S11: =SUMPRODUCT((#REF!=R11)*(#REF!="Total HR Budget")*INDEX(#REF!,0,MATCH(VALUE(#REF!),{2025,2026,2027,2028,2029,2030},0))) -> #REF!

Sheet Calc_Attendance
A1: Calc: Attendance & Leave Dashboard
C3: Attendance Trend by Month (filtered) | F3: Leave Type Breakdown (filtered, approved) | I3: Absenteeism by Department (unfiltered, full-year)
C4: Month | D4: AttendanceRate | F4: LeaveType | G4: Days | I4: Department | J4: AbsenteeismRate
C5: =DATE(2025,1,1) -> 45658 | D5: =IFERROR((SUMIFS('Attendance Monthly'!$F:$F,'Attendance Monthly'!$A:$A,IF(#REF!="All","*",#REF!),'Attendance Monthly'!$B:$B,DATE(2025,1,1))+SUMIFS('Attendance Monthly'!$H:$H,'Attendance Monthly'!$A:$A,IF(#REF!="All","*",#REF!),'Attendance Monthly'!$B:$B,DATE(2025,1,1)))/SUMIFS('Attendance Monthly'!$K:$K,'Attendance Monthly'!$A:$A,IF(#REF!="All","*",#REF!),'Attendance Monthly'!$B:$B,DATE(2025,1,1)),"") | F5: Annual | G5: =SUMIFS(#REF!,#REF!,F5,#REF!,"Approved",#REF!,IF(#REF!="All","*",#REF!)) -> #REF! | I5: Engineering | J5: =IFERROR(SUMIFS('Attendance Monthly'!$G:$G,'Attendance Monthly'!$A:$A,I5)/SUMIFS('Attendance Monthly'!$K:$K,'Attendance Monthly'!$A:$A,I5),"")
C6: =DATE(2025,2,1) -> 45689 | D6: =IFERROR((SUMIFS('Attendance Monthly'!$F:$F,'Attendance Monthly'!$A:$A,IF(#REF!="All","*",#REF!),'Attendance Monthly'!$B:$B,DATE(2025,2,1))+SUMIFS('Attendance Monthly'!$H:$H,'Attendance Monthly'!$A:$A,IF(#REF!="All","*",#REF!),'Attendance Monthly'!$B:$B,DATE(2025,2,1)))/SUMIFS('Attendance Monthly'!$K:$K,'Attendance Monthly'!$A:$A,IF(#REF!="All","*",#REF!),'Attendance Monthly'!$B:$B,DATE(2025,2,1)),"") | F6: Sick | G6: =SUMIFS(#REF!,#REF!,F6,#REF!,"Approved",#REF!,IF(#REF!="All","*",#REF!)) -> #REF! | I6: HR | J6: =IFERROR(SUMIFS('Attendance Monthly'!$G:$G,'Attendance Monthly'!$A:$A,I6)/SUMIFS('Attendance Monthly'!$K:$K,'Attendance Monthly'!$A:$A,I6),"")
C7: =DATE(2025,3,1) -> 45717 | D7: =IFERROR((SUMIFS('Attendance Monthly'!$F:$F,'Attendance Monthly'!$A:$A,IF(#REF!="All","*",#REF!),'Attendance Monthly'!$B:$B,DATE(2025,3,1))+SUMIFS('Attendance Monthly'!$H:$H,'Attendance Monthly'!$A:$A,IF(#REF!="All","*",#REF!),'Attendance Monthly'!$B:$B,DATE(2025,3,1)))/SUMIFS('Attendance Monthly'!$K:$K,'Attendance Monthly'!$A:$A,IF(#REF!="All","*",#REF!),'Attendance Monthly'!$B:$B,DATE(2025,3,1)),"") | F7: Emergency | G7: =SUMIFS(#REF!,#REF!,F7,#REF!,"Approved",#REF!,IF(#REF!="All","*",#REF!)) -> #REF! | I7: Sales | J7: =IFERROR(SUMIFS('Attendance Monthly'!$G:$G,'Attendance Monthly'!$A:$A,I7)/SUMIFS('Attendance Monthly'!$K:$K,'Attendance Monthly'!$A:$A,I7),"")
C8: =DATE(2025,4,1) -> 45748 | D8: =IFERROR((SUMIFS('Attendance Monthly'!$F:$F,'Attendance Monthly'!$A:$A,IF(#REF!="All","*",#REF!),'Attendance Monthly'!$B:$B,DATE(2025,4,1))+SUMIFS('Attendance Monthly'!$H:$H,'Attendance Monthly'!$A:$A,IF(#REF!="All","*",#REF!),'Attendance Monthly'!$B:$B,DATE(2025,4,1)))/SUMIFS('Attendance Monthly'!$K:$K,'Attendance Monthly'!$A:$A,IF(#REF!="All","*",#REF!),'Attendance Monthly'!$B:$B,DATE(2025,4,1)),"") | F8: Unpaid | G8: =SUMIFS(#REF!,#REF!,F8,#REF!,"Approved",#REF!,IF(#REF!="All","*",#REF!)) -> #REF! | I8: Finance | J8: =IFERROR(SUMIFS('Attendance Monthly'!$G:$G,'Attendance Monthly'!$A:$A,I8)/SUMIFS('Attendance Monthly'!$K:$K,'Attendance Monthly'!$A:$A,I8),"")
C9: =DATE(2025,5,1) -> 45778 | D9: =IFERROR((SUMIFS('Attendance Monthly'!$F:$F,'Attendance Monthly'!$A:$A,IF(#REF!="All","*",#REF!),'Attendance Monthly'!$B:$B,DATE(2025,5,1))+SUMIFS('Attendance Monthly'!$H:$H,'Attendance Monthly'!$A:$A,IF(#REF!="All","*",#REF!),'Attendance Monthly'!$B:$B,DATE(2025,5,1)))/SUMIFS('Attendance Monthly'!$K:$K,'Attendance Monthly'!$A:$A,IF(#REF!="All","*",#REF!),'Attendance Monthly'!$B:$B,DATE(2025,5,1)),"") | F9: Study | G9: =SUMIFS(#REF!,#REF!,F9,#REF!,"Approved",#REF!,IF(#REF!="All","*",#REF!)) -> #REF! | I9: Marketing | J9: =IFERROR(SUMIFS('Attendance Monthly'!$G:$G,'Attendance Monthly'!$A:$A,I9)/SUMIFS('Attendance Monthly'!$K:$K,'Attendance Monthly'!$A:$A,I9),"")
C10: =DATE(2025,6,1) -> 45809 | D10: =IFERROR((SUMIFS('Attendance Monthly'!$F:$F,'Attendance Monthly'!$A:$A,IF(#REF!="All","*",#REF!),'Attendance Monthly'!$B:$B,DATE(2025,6,1))+SUMIFS('Attendance Monthly'!$H:$H,'Attendance Monthly'!$A:$A,IF(#REF!="All","*",#REF!),'Attendance Monthly'!$B:$B,DATE(2025,6,1)))/SUMIFS('Attendance Monthly'!$K:$K,'Attendance Monthly'!$A:$A,IF(#REF!="All","*",#REF!),'Attendance Monthly'!$B:$B,DATE(2025,6,1)),"") | F10: Other | G10: =SUMIFS(#REF!,#REF!,F10,#REF!,"Approved",#REF!,IF(#REF!="All","*",#REF!)) -> #REF! | I10: IT | J10: =IFERROR(SUMIFS('Attendance Monthly'!$G:$G,'Attendance Monthly'!$A:$A,I10)/SUMIFS('Attendance Monthly'!$K:$K,'Attendance Monthly'!$A:$A,I10),"")
C11: =DATE(2025,7,1) -> 45839 | D11: =IFERROR((SUMIFS('Attendance Monthly'!$F:$F,'Attendance Monthly'!$A:$A,IF(#REF!="All","*",#REF!),'Attendance Monthly'!$B:$B,DATE(2025,7,1))+SUMIFS('Attendance Monthly'!$H:$H,'Attendance Monthly'!$A:$A,IF(#REF!="All","*",#REF!),'Attendance Monthly'!$B:$B,DATE(2025,7,1)))/SUMIFS('Attendance Monthly'!$K:$K,'Attendance Monthly'!$A:$A,IF(#REF!="All","*",#REF!),'Attendance Monthly'!$B:$B,DATE(2025,7,1)),"") | F11: Maternity | G11: =SUMIFS(#REF!,#REF!,F11,#REF!,"Approved",#REF!,IF(#REF!="All","*",#REF!)) -> #REF! | I11: Operations | J11: =IFERROR(SUMIFS('Attendance Monthly'!$G:$G,'Attendance Monthly'!$A:$A,I11)/SUMIFS('Attendance Monthly'!$K:$K,'Attendance Monthly'!$A:$A,I11),"")
C12: =DATE(2025,8,1) -> 45870 | D12: =IFERROR((SUMIFS('Attendance Monthly'!$F:$F,'Attendance Monthly'!$A:$A,IF(#REF!="All","*",#REF!),'Attendance Monthly'!$B:$B,DATE(2025,8,1))+SUMIFS('Attendance Monthly'!$H:$H,'Attendance Monthly'!$A:$A,IF(#REF!="All","*",#REF!),'Attendance Monthly'!$B:$B,DATE(2025,8,1)))/SUMIFS('Attendance Monthly'!$K:$K,'Attendance Monthly'!$A:$A,IF(#REF!="All","*",#REF!),'Attendance Monthly'!$B:$B,DATE(2025,8,1)),"") | F12: Paternity | G12: =SUMIFS(#REF!,#REF!,F12,#REF!,"Approved",#REF!,IF(#REF!="All","*",#REF!)) -> #REF!
